Workbook
Name _Hlk254263107: Содержание!$A$12

Sheet Титульный лист
A2: Кыргыз Республикасынын Улуттук статистика комитети
A3: Национальный статистический комитет Кыргызской Республики
A18: КЫРГЫЗ РЕСПУБЛИКАСЫНЫН
A19: КЕРЕКТӨӨ РЫНОГУ
A21: 2021-2025
A24: ПОТРЕБИТЕЛЬСКИЙ РЫНОК
A25: КЫРГЫЗСКОЙ РЕСПУБЛИКИ
A36: Бишкек 2026

Sheet Содержание
B1: Мазмуну
B2: Содержание
B3: Кириш сөз
B4: Предисловие | C4: 10
B6: Кыргыз Республикасынын керектөө рыногунун 2021-2025жж. абалы жөнүндө О состоянии потребительского рынка в Кыргызской Республике в 2021-2025гг. | C6: 11
B7: Тиркемелер: статистикалык таблицалар Приложение: статистические таблицы
A8: Таблица 1.1 | B8: Дүң жана чекене сооданын, автоунааларды жана мотоциклдерди оңдоонун жүгүртүүсү
B9: Оборот оптовой и розничной торговли, ремонта автомобилей и мотоциклов | C9: 22
A10: Таблица 1.2 | B10: Дүң жана чекене сооданын, автоунааларды жана мотоциклдерди оңдоонун жүгүртүүсү (мурунку жылга карата пайыз менен)
B11: Оборот оптовой и розничной торговли, ремонта автомобилей и мотоциклов (в процентах к предыдущему году) | C11: 23
A12: Таблица 1.3 | B12: Мейманканалар жана ресторандардын жүгүртүүсү
B13: Оборот гостиниц и ресторанов | C13: 24
A14: Таблица 1.4 | B14: Тамактануу ишканаларын кошкондогу чекене соодасынын жүгүртүү
B15: Оборот розничной торговли включая предприятия питания | C15: 25
A16: Таблица 1.5 | B16: Тамактануу ишканаларын кошкондогу, чекене соода жүгүртүү, сатып өткөрү каналдары боюнча
B17: Оборот розничной торговли, включая предприятия питания по каналам реализации | C17: 26
A18: Таблица 1.6 | B18: Тамактануу ишканаларын кошкондогу, чекене соода жүгүртүү
B19: Оборот розничной торговли, включая предприятия питания | C19: 26
A20: Таблица 1.7 | B20: Тамактануу ишканаларын кошпогондогу, чекене соода жүгүртүү
B21: Оборот розничной торговли, исключая предприятия питания | C21: 27
A22: Таблица 1.8 | B22: Тамактануу ишканаларын кошкондогу, чекене соода жүгүртүүнүн товардык түзүмү
B23: Товарная структура оборота розничной торговли, включая предприятия питания | C23: 28
A24: Таблица 1.9 | B24: Тамактануу ишканаларын кошкондогу, чекене соода жүгүртүүнүн товардык түзүмү (мурунку жылга карата пайыз менен)
B25: Товарная структура оборота розничной торговли, включая предприятия питания (в процентах к предыдущему году) | C25: 29
A26: Таблица 1.10 | B26: Алкоголдук ичимдиктердин жана пивонун ресурстары
B27: Ресурсы алкогольных напитков и пива | C27: 30
A28: Таблица 1.11 | B28: Калктын адам башына чекене соода жүгүртүү
B29: Оборот розничной торговли на душу населения | C29: 31
A30: Таблица 1.12 | B30: Калктын адам башына эсептегенде негизги тамак-аш азыктарын керектөө (мурунку жылга карата пайыз менен)
B31: Потребление основных продуктов питания на душу населения
B32: (в процентах к предыдущему году) | C32: 31
A33: Таблица 1.13 | B33: Буюм-терим, аралаш жана азык-түлүк базарларынын саны
B34: Число вещевых, смешанных и продовольственных рынков | C34: 32
A35: Таблица 1.14 | B35: Тамак-аш азыктарынын айрым түрлөрүнүн орточо керектөө баалары
B36: Средние потребительские цены на отдельные виды продуктов | C36: 33
A37: Таблица 1.15 | B37: Тамак-аш азыктарынын жана азык-түлүк эмес товарлардын керектөө бааларынын индекстери
B38: Индекс потребительских цен на продукты питания и непродовольственные товары | C38: 34
A39: Таблица 1.16 | B39: Тамак-аш азыктарынын айрым топторунун бааларынын индекстери
B40: Индексы цен на отдельные группы продуктов питания | C40: 35
A41: Таблица 1.17 | B41: Азык-түлүк эмес товарлардын айрым топторунун бааларынын индекстери
B42: Индексы цен на отдельные группы непродовольственных товаров | C42: 35
B43: 2. Аймактар боюнча керектөө рыногу
B44: Потребительский рынок по территории
A45: Таблица 2.1 | B45: Экономикалык ишмердиктин түрлөрү боюнча соода жүгүртүү
B46: Оборот торговли по видам экономической деятельности | C46: 36-37
A47: Таблица 2.2 | B47: Экономикалык ишмердиктин түрлөрү боюнча соода жүгүртүүнүн физикалык көлөмүнүн индекси
B48: Индексы физического объема оборота торговли по видам экономической деятельности | C48: 38-39
A49: Таблица 2.3 | B49: Мейманканалар менен ресторандардын аймактар боюнча жүгүртүүсү
B50: Оборот гостиниц и ресторанов по территории | C50: 40
A51: Таблица 2.4 | B51: Мейманканалар менен ресторандардын жүгүртүүсүнүн физикалык көлөмүнүн индекстери
B52: Индексы физического объема оборота гостиниц и ресторанов | C52: 41
A53: Таблица 2,5 | B53: Тамактануу ишканаларын кошкондогу чекене соода жүгүртүү
B54: Оборот розничной торговли, включая предприятия питания | C54: 42
A55: Таблица 2.6 | B55: Тамактануу ишканаларын кошкондогу чекене соода жүгүртүү
B56: Оборот розничной торговли, включая предприятия питания | C56: 43-44
A57: Таблица 2.7 | B57: Тамактануу ишканаларын кошкондогу чекене сооданын физикалык көлөмүнүн индекстери
B58: Индексы физического объема оборота розничной торговли, включая предприятия питания | C58: 45-46
A59: Таблица 2.8 | B59: Тамактануу ишканаларын кошкондогу сатуучу ишканалардын чекене соода жүгүртүүсү
B60: Оборот розничной торговли торгующих предприятий, включая предприятия питания | C60: 47
A61: Таблица 2.9 | B61: Буюм-терим, аралаш жана азык-түлүк базарлардын чекене соода жүгүртүүсү
B62: Оборот розничной торговли вещевых, смешанных и продовольственных рынков | C62: 48
A63: Таблица 2,10 | B63: Тамактануу ишканаларын кошкондогу азык-түлүк товарларынын чекене соода жүгүртүүсү
B64: Оборот розничной торговли продовольственными товарами, включая предприятия питания | C64: 49
A65: Таблица 2.11 | B65: Азык-түлүк эмес товарларынын чекене соода жүгүртүүсү
B66: Оборот розничной торговли непродовольственными товарами | C66: 50
A67: Таблица 2.12 | B67: Калктын адам башына эсептегендеги тамактануу ишканаларын кошкондогу, чекене соода жүгүртүү
B68: Оборот розничной торговли, включая предприятия питания на душу населения | C68: 51
A69: Таблица 2.13 | B69: Буюм-терим, аралаш жана азык-түлүк базарлардын саны
B70: Число вещевых, смешанных и продовольственных рынков | C70: 51
A71: Таблица 2.14 | B71: Дүң жана чекене соода, автомобилдерди жана мотоциклдерди оңдоо боюнча чарбалык жүргүзүүчү субъекттердин саны
B72: Количество действующих субъектов оптовой и розничной торговли, ремонта автомобилей и мотоциклов | C72: 52
A73: Таблица 2.15 | B73: Мейманканалар жана ресторандардын кызмат көрсөтүү тармагында чарбалык жүргүзүүчү субъекттердин саны
B74: Количество действующих субъектов в сфере услуг гостиниц и ресторанов | C74: 52
A75: Таблица 2,16 | B75: Товарлардын керектөө бааларынын индекстери
B76: Индексы потребительских цен на товары | C76: 53
A77: Таблица 2.17 | B77: Азык-түлүк товарлардын жана алкоголдук ичимдиктердин керектөө бааларынын индекси
B78: Индексы потребительских цен на продовольственные товары и алкогольные напитки | C78: 53
A79: Таблица 2.18 | B79: Азык-түлүк эмес товарлардын керектөө бааларынын индекстери
B80: Индексы потребительских цен на непродовольственные товары | C80: 54
B81: 3. Соода, кызмат көрсөтүү чөйрөсүндөгү чакан жана орто ишкердик
B82: Малое и среднее предпринимательство в сфере торговли и услуг
A83: Таблица 3.1 | B83: Дүң жана чекене сооданын, автоунааларды жана мотоциклдерди оңдоонун жүгүртүүсү
B84: Оборот оптовой и розничной торговли, ремонта автомобилей и мотоциклов | C84: 55
A85: Таблица 3.2 | B85: Дүң жана чекене соода, автоунааларды жана мотоциклдерди оңдоонун жүгүртүүсү (жалпы көлөмгө карата пайыз)
B86: Оборот оптовой и розничной торговли, ремонта автомобилей и мотоциклов (в процентах к общему объему) | C86: 56
A87: Таблица 3. 3 | B87: Аймактар боюнча дүң жана чекене сооданын, автоунааларды жана мотоциклдерди оңдоонун жүгүртүүсү
B88: Оборот оптовой и розничной торговли, ремонта автомобилей и мотоциклов по территории | C88: 57
A89: Таблица 3. 4 | B89: Аймактар боюнча дүң жана чекене сооданын, автоунааларды жана мотоциклдерди оңдоонун жүгүртүүсү (республиканын, облустун жалпы көлөмүнө карата пайыз менен)
B90: Оборот оптовой и розничной торговли, ремонта автомобилей и мотоциклов по территории (в процентах к общему объему республики, области) | C90: 58
A91: Таблица 3.5 | B91: Аймактар боюнча мейманканалардын жана ресторандардын кызмат көрсөтүүлөрүнүн жүгүртүүсү
B92: Оборот гостиниц и ресторанов по территории | C92: 59
A93: Таблица 3.6 | B93: Аймактар боюнча мейманканалардын жана ресторандардын кызмат көрсөтүүлөрүнүн көлөмү (республиканын, облустун жалпы көлөмүнө карата пайыз менен)
B94: Объем услуг гостиниц и ресторанов по территории (в процентах к общему объему республики, области) | C94: 60
A95: Таблица 3.7 | B95: Аймактар боюнча мейманканалардын жана туристтик жашоо үчүн ошондой эле кыска мөөнөткө жашоо үчүн башка жайлардын жүгүртүүсү
B96: Оборот гостиниц и услуг для туристического проживания, а также прочих мест для краткосрочного проживания по территории | C96: 61
A97: Таблица 3.8 | B97: Аймактар боюнча мейманканалардын жана туристтик жашоо үчүн ошондой эле кыска мөөнөткө жашоо үчүн башка жайлардын жүгүртүүсү (республиканын, облустун жалпы көлөмүнө карата пайыз менен)
B98: Оборот гостиниц и услуг для туристического проживания,
B99: а также прочих мест для краткосрочного проживания по территории
B100: (в процентах к общему объему республики, области) | C100: 62
A101: Таблица 3.9 | B101: Аймактар боюнча ресторандын, барлардын, даяр тамак-аш менен камсыздоо боюнча мобилдүү жана башка кызмат көрсөтүүлөрүнүн жүгүртүүсү
...

Sheet 1.1.
A1: Мазмуну Содержание
A2: 1. Керектөө рыногу
A3: Потребительский рынок
A4: 1.1. Дүң жана чекене сооданын, автоунааларды жана мотоциклдерди оңдоонун жүгүртүүсү | E4: Оборот оптовой и розничной торговли, ремонта автомобилей и мотоциклов
B6: 2021 | C6: 2022 | D6: 2023 | E6: 2024 | F6: 2025
B7: Млн.сом - Млн. сомов
A8: Бардыгы | B8: 754902.1 | C8: 1000897.9 | D8: 1384371.4 | E8: 1778182.3 | F8: 2238489.8 | G8: Всего
A9: анын ичинде: | G9: в том числе:
A10: автоунааларды жана мотоциклдерди, автоунаа тетиктерин жана шаймандарын сатуунун | B10: 15557.5 | C10: 25126 | D10: 49957.1 | E10: 60132.6 | F10: 85833.1 | G10: торговли автомобилями и мотоциклами, узлами и принадлежностями
A11: автоунааларды техникалык жактан тейлөөнүн жана оңдоонун | B11: 2640 | C11: 3860.6 | D11: 5496.9 | E11: 6963.3 | F11: 10839.6 | G11: технического обслуживания и ремонта автомобилей
A12: дүң сооданын, буга автоунааларды жана мотоциклдерди сатуу кирбейт | B12: 300160.2 | C12: 414485.4 | D12: 642910.6 | E12: 892667.5 | F12: 1127410.1 | G12: оптовой торговли, кроме торговли автомобилями и мотоциклами
A13: мотор майын чекене сатуунун | B13: 77861.7 | C13: 114723.2 | D13: 132106.5 | E13: 158404.5 | F13: 205998.7 | G13: розничной торговли моторным топливом
A14: чекене сооданын, буга автоунааларды жана мотоциклдерди сатуу кирбейт | B14: 358682.7 | C14: 442702.7 | D14: 553900.2 | E14: 660014.4 | F14: 808408.3 | G14: розничной торговли, кроме торговли автомобилями и мотоциклами
A15: Жыйынтыкка карата пайыз менен - В процентах к итогу
A16: Бардыгы | B16: 100 | C16: 100 | D16: 100 | E16: 100 | F16: 100 | G16: Всего
A17: анын ичинде: | G17: в том числе:
A18: автоунааларды жана мотоциклдерди, автоунаа тетиктерин жана шаймандарын сатуунун | B18: 2.0608633 | C18: 2.510346 | D18: 3.6086487 | E18: 3.3816893 | F18: =F10/F8*100 -> 3.83442 | G18: торговли автомобилями и мотоциклами, узлами и принадлежностями
A19: автоунааларды техникалык жактан тейлөөнүн жана оңдоонун | B19: 0.34971422 | C19: 0.38571367 | D19: 0.3970683 | E19: 0.39159652 | F19: =F11/F8*100 -> 0.48423719 | G19: технического обслуживания и ремонта автомобилей
A20: дүң сооданын, буга автоунааларды жана мотоциклдерди сатуу кирбейт | B20: 39.761474 | C20: 41.411357 | D20: 46.440616 | E20: 50.201124 | F20: =F12/F8*100 -> 50.364764 | G20: оптовой торговли, кроме торговли автомобилями и мотоциклами
A21: мотор майын чекене сатуунун | B21: 10.314145 | C21: 11.462028 | D21: 9.5427065 | E21: 8.9082261 | F21: =F13/F8*100 -> 9.2025749 | G21: розничной торговли моторным топливом
A22: чекене сооданын, буга автоунааларды жана мотоциклдерди сатуу кирбейт | B22: 47.513803 | C22: 44.230555 | D22: 40.010954 | E22: 37.117364 | F22: =F14/F8*100 -> 36.114004 | G22: розничной торговли, кроме торговли автомобилями и мотоциклами

Sheet 1.2.  
A1: Мазмуну | G1: Содержание
A2: 1.2. Дүң жана чекене сооданын, автоунааларды жана мотоциклдерди оңдоонун жүгүртүүсү | E2: Оборот оптовой и розничной торговли, ремонта автомобилей и мотоциклов
A3: (мурунку жылга карата пайыз менен) | E3: (в процентах к предыдущему году)
B4: 2021 | C4: 2022 | D4: 2023 | E4: 2024 | F4: 2025
A6: Бардыгы | B6: 121.2 | C6: 113.9 | D6: 117.9 | E6: 123.4 | F6: 117.9 | G6: Всего
A7: анын ичинде: | G7: в том числе:
A8: автоунааларды жана мотоциклдерди, автоунаа тетиктерин жана шаймандарын сатуунун | B8: 111.6 | C8: 147.7 | D8: 164.9 | E8: 121.5 | F8: 143.9 | G8: торговли автомобилями и мотоциклами, узлами и принадлежностями
A9: автоунааларды техникалык жактан тейлөөнүн жана оңдоонун | B9: 106.1 | C9: 131.1 | D9: 132 | E9: 123.3 | F9: 151.4 | G9: технического обслуживания и ремонта автомобилей
A10: дүң сооданын, буга автоунааларды жана мотоциклдерди сатуу кирбейт | B10: 136.4 | C10: 119.3 | D10: 119.7 | E10: 134 | F10: 117.6 | G10: оптовой торговли, кроме торговли автомобилями и мотоциклами
A11: мотор майын чекене сатуунун | B11: 109.2 | C11: 115.2 | D11: 119.5 | E11: 109 | F11: 124.8 | G11: розничной торговли моторным топливом
A12: чекене сооданын, буга автоунааларды жана мотоциклдерди сатуу кирбейт | B12: 113.3 | C12: 107.6 | D12: 112.8 | E12: 114.7 | F12: 113.8 | G12: розничной торговли, кроме торговли автомобилями и мотоциклами

Sheet 1.3.
A1: Мазмуну | G1: Содержание
A2: 1.3. Мейманканалар жана ресторандардын жүгүртүүсү | E2: Оборот гостиниц и ресторанов
B4: 2021 | C4: 2022 | D4: 2023 | E4: 2024 | F4: 2025
B6: млн.сом - млн.сомов
A7: Бардыгы | B7: 21315.6 | C7: 29849.2 | D7: 42061.6 | E7: 59286.8 | F7: 79774 | G7: Всего
A8: анын ичинде: | G8: в том числе:
A9: мейманканалардын жана туристтик жашоо үчүн, ошондой эле кыска мөөнөткө жашоо үчүн башка жайлардын кызмат көрсөтүүлөрү | B9: 1812.5 | C9: 3968.6 | D9: 6053.2 | E9: 9684.1 | F9: 13866.4 | G9: гостиниц и услуг для туристического проживания, а также прочих мест для краткосрочного проживания
A10: ресторандардын, барлардын, даяр тамак-аш менен камсыздоо боюнча мобилдүү жана башка кызмат көрсөтүүлөрү | B10: 19503.1 | C10: 25880.6 | D10: 36008.4 | E10: 49602.7 | F10: 65907.6 | G10: ресторанов, баров, мобильных и прочих услуг по обеспечению пищей
A11: Жыйынтыкка карата пайыз менен - В процентах к итогу
A12: Бардыгы | B12: 100 | C12: 100 | D12: 100 | E12: 100 | F12: 100 | G12: Всего
A13: анын ичинде: | G13: в том числе:
A14: мейманканалардын жана туристтик жашоо үчүн, ошондой эле кыска мөөнөткө жашоо үчүн башка жайлардын кызмат көрсөтүүлөрү | B14: 8.503162 | C14: 13.295499 | D14: 14.391274 | E14: 16.334327 | F14: =F9/F7*100 -> 17.382104 | G14: гостиниц и услуг для туристического проживания, а также прочих мест для краткосрочного проживания
A15: ресторандардын, барлардын, даяр тамак-аш менен камсыздоо боюнча мобилдүү жана башка кызмат көрсөтүүлөрү | B15: 91.496838 | C15: 86.704501 | D15: 85.608726 | E15: 83.665673 | F15: =F10/F7*100 -> 82.617896 | G15: ресторанов, баров, мобильных и прочих услуг по обеспечению пищей
A16: Мурунку жылга карата пайыз менен - В процентах к предыдущему году
A17: Бардыгы | B17: 117 | C17: 120.5 | D17: 126 | E17: 137 | F17: 124.6 | G17: Всего
A18: анын ичинде: | G18: в том числе:
A19: мейманканалардын жана туристтик жашоо үчүн, ошондой эле кыска мөөнөткө жашоо үчүн башка жайлардын кызмат көрсөтүүлөрү | B19: 164 | C19: 184.5 | D19: 122.3 | E19: 155.4 | F19: 137.7 | G19: гостиниц и услуг для туристического проживания, а также прочих мест для краткосрочного проживания
A20: ресторандардын, барлардын, даяр тамак-аш менен камсыздоо боюнча мобилдүү жана башка кызмат көрсөтүүлөрү | B20: 113.3 | C20: 114.6 | D20: 126.6 | E20: 133.9 | F20: 122 | G20: ресторанов, баров, мобильных и прочих услуг по обеспечению пищей

Sheet 1.4.
A1: Мазмуну | G1: Содержание
A2: 1.4. Тамактануу ишканаларын кошкондогу, чекене соода жүгүртүү | E2: Оборот розничной торговли, включая предприятия питания
B4: 2021 | C4: 2022 | D4: 2023 | E4: 2024 | F4: 2025
B5: Млн. сом - Млн. сомов
A6: Бардыгы | B6: 471605 | C6: 608432.4 | D6: 771972.3 | E6: 927882.5 | F6: 1166147.7 | G6: Всего
A7: азык-түлүк товарлары | B7: 258439.5 | C7: 323077.6 | D7: 399881.7 | E7: 477419.3 | F7: 524605.2 | G7: продовольственные товары
A8: анын ичинде: | G8: в том числе:
A9: алкоголдук ичимдиктер | B9: 16521.7 | C9: 20996.3 | D9: 26987.6 | E9: 33221.1 | F9: 36504.5 | G9: алкогольные напитки
A10: тамак-аш азыктар | B10: 241917.8 | C10: 302081.3 | D10: 372894.1 | E10: 444198.2 | F10: 488100.7 | G10: продукты питания
A11: азык-түлүк эмес товарлар | B11: 213165.5 | C11: 285354.8 | D11: 372090.6 | E11: 450463.2 | F11: 641542.5 | G11: непродовольствен- ные товары
A12: Мурунку жылга карата пайыз менен - В процентах к предыдущему году
A13: Бардыгы | B13: 116.2 | C13: 112.4 | D13: 114.5 | E13: 115.9 | F13: 118.1 | G13: Всего
A14: азык-түлүк товарлары | B14: 111.7 | C14: 107.6 | D14: 112.7 | E14: 115.9 | F14: 100.7 | G14: продовольственные товары
A15: анын ичинде: | G15: в том числе:
A16: алкоголдук ичимдиктер | B16: 109.3 | C16: 106.8 | D16: 107.8 | E16: 112.5 | F16: 101.3 | G16: алкогольные напитки
A17: тамак-аш азыктар | B17: 118.3 | C17: 107.5 | D17: 116.3 | E17: 124 | F17: 100.9 | G17: продукты питания
A18: азык-түлүк эмес товарлар | B18: 122 | C18: 118.2 | D18: 116.6 | E18: 114 | F18: 134 | G18: непродовольствен- ные товары

Sheet 1.5., 1.6.
A1: Мазмуну | G1: Содержание
A2: 1.5. Тамактануу ишканаларын кошкондогу, чекене соода жүгүртүү, сатып өткөрүү каналдары боюнча | E2: Оборот розничной торговли, включая предприятия питания, по каналам реализации
B4: 2021 | C4: 2022 | D4: 2023 | E4: 2024 | F4: 2025
B5: Млн. сом - Млн. сомов
A6: Бардыгы | B6: 471605 | C6: 608432.4 | D6: 771972.3 | E6: 927882.5 | F6: 1166147.7 | G6: Всего
A7: анын ичинде: | G7: в том числе:
A8: сатуучу ишканалардын | B8: 293289.4 | C8: 384678.4 | D8: 499324.7 | E8: 645243 | F8: 783946.4 | G8: торгующих предприятий
A9: буюм-терим, аралаш жана азык-түлүк базарлардын | B9: 178315.6 | C9: 223754 | D9: 272647.6 | E9: 282639.5 | F9: 382201.3 | G9: вещевых, смешанных и продовольственных рынков
A10: Жыйынтыкка карата пайыз менен - В процентах к итогу
A11: Бардыгы | B11: 100 | C11: 100 | D11: 100 | E11: 100 | F11: 100 | G11: Всего
A12: анын ичинде: | G12: в том числе:
A13: сатуучу ишканалардын | B13: 62.2 | C13: 63.2 | D13: 64.681686 | E13: 69.539301 | F13: =F8/F6*100 -> 67.225309 | G13: торгующих предприятий
A14: буюм-терим, аралаш жана азык-түлүк базарлардын | B14: 37.8 | C14: 36.8 | D14: 35.318314 | E14: 30.460699 | F14: =F9/F6*100 -> 32.774691 | G14: вещевых, смешанных и продовольственных рынков
A15: Мурунку жылга карата пайыз менен - В процентах к предыдущему году
A16: Бардыгы | B16: 116.2 | C16: 112.4 | D16: 114.5 | E16: 115.9 | F16: 118.1 | G16: Всего
A17: анын ичинде: | G17: в том числе:
A18: сатуучу ишканалардын | B18: 118.1 | C18: 114 | D18: 117.2 | E18: 124.7 | F18: 114.4 | G18: торгующих предприятий
A19: буюм-терим, аралаш жана азык-түлүк базарлардын | B19: 113.2 | C19: 109.8 | D19: 109.9 | E19: 99.8 | F19: 122.2 | G19: вещевых, смешанных и продовольственных рынков
A22: 1.6. Тамактануу ишканаларын кошкондогу, чекене соода жүгүртүү | E22: Оборот розничной торговли, включая предприятия питания
B24: 2021 | C24: 2022 | D24: 2023 | E24: 2024 | F24: 2025
B25: Млн. сом - Млн. сомов
A26: Бардыгы | B26: 471605 | C26: 608432.4 | D26: 771972.3 | E26: 927882.5 | F26: 1166147.7 | G26: Всего
A27: анын ичинен: | G27: в том числе:
A28: чекене сооданын | B28: 452101.9 | C28: 582551.8 | D28: 735963.9 | E28: 878279.8 | F28: 1100240.1 | G28: розничной торговли
A29: тамактануу ишканаларынын | B29: 19503.1 | C29: 25880.6 | D29: 36008.4 | E29: 49602.7 | F29: 65907.6 | G29: предприятий питания
A30: жүгүртүүнун жалпы көлөмүнүн ичинен: | G30: из общего объема оборота:
A31: шаар жерлериндеги | B31: 376487.8 | C31: 429663.1 | D31: 554430.9 | E31: 666405.69 | F31: 837527.4 | G31: в городских поселениях
A32: айыл жерлериндеги | B32: 95117.2 | C32: 178769.3 | D32: 217541.4 | E32: 261476.81 | F32: 328620.3 | G32: в сельской местности

Sheet 1.7.
A2: Мазмуну | G2: Содержание
A3: 1.7. Тамактануу ишканаларын кошпогондогу, чекене соода жүгүртүү | E3: Оборот розничной торговли, исключая предприятия питания
A4: (млн.сом) | E4: (млн.сомов)
B5: 2021 | C5: 2022 | D5: 2023 | E5: 2024 | F5: 2025
B7: Млн. сом - Млн. сомов
A8: Бардыгы | B8: 452101.9 | C8: 582551.8 | D8: 735963.9 | E8: 878279.8 | F8: 1100240.1 | G8: Всего
A9: анын ичинен: | G9: в том числе:
A10: сатуучу ишканалардын | B10: 274977.1 | C10: 360480.1 | D10: 465127.2 | E10: 597535.4 | F10: 721330.4 | G10: торгующих предприятий
A11: буюм-терим, аралаш жана азык-түлүк базарлардын | B11: 177124.8 | C11: 222071.7 | D11: 270836.8 | E11: 280744.4 | F11: 378909.7 | G11: вещевых, смешанных и продовольственных рынков
A12: жүгүртүүнун жалпы көлөмүнүн ичинен: | G12: из общего объема оборота:
A13: шаар жерлериндеги | B13: 359492.7 | C13: 403782.5 | D13: 511045.66 | E13: 609868.3 | F13: 763995.21 | G13: в городских поселениях
A14: айыл жерлериндеги | B14: 92609.2 | C14: 178769.3 | D14: 224918.24 | E14: 268411.5 | F14: 336244.89 | G14: в сельской местности
A16: Жыйынтыкка карата пайыз менен - В процентах к итогу
A17: Бардыгы | B17: 100 | C17: 100 | D17: 100 | E17: 100 | F17: 100 | G17: Всего
A18: анын ичинен: | G18: в том числе:
A19: сатуучу ишканалардын | B19: 60.82193 | C19: 61.879493 | D19: 63.19973 | E19: 68.034742 | F19: =F10/F8*100 -> 65.561181 | G19: торгующих предприятий
A20: буюм-терим, аралаш жана азык-түлүк базарлардын | B20: 39.17807 | C20: 38.120507 | D20: 36.800283 | E20: 31.965258 | F20: =F11/F8*100 -> 34.438819 | G20: вещевых, смешанных и продовольственных рынков
A21: жүгүртүүнун жалпы көлөмүнүн ичинен: | G21: из общего объема оборота:
A22: шаар жерлериндеги | B22: 79.515857 | C22: 69.31272 | D22: 69.438958 | E22: 69.438953 | F22: 69.438953 | G22: в городских поселениях
A23: айыл жерлериндеги | B23: 20.484143 | C23: 30.68728 | D23: 30.561042 | E23: 30.561047 | F23: 30.561047 | G23: в сельской местности
A25: Мурунку жылга карата пайыз менен - В процентах к предыдущему году
A26: Бардыгы | B26: 116.2 | C26: 112.3 | D26: 114 | E26: 115.1 | F26: 117.9 | G26: Всего
A27: анын ичинен: | G27: в том числе:
A28: сатуучу ишканалардын | B28: 118.3 | C28: 113.9 | D28: 116.5 | E28: 124 | F28: 113.8 | G28: торгующих предприятий
A29: буюм-терим, аралаш жана азык-түлүк базарлардын | B29: 113.1 | C29: 109.7 | D29: 110 | E29: 100.1 | F29: 122 | G29: вещевых, смешанных и продовольственных рынков

Sheet 1.8.
A1: Мазмуну | G1: Содержание
A2: 1.8. Тамактануу ишканаларын кошкондогу, чекене соода жүгүртүүнүн товардык түзүмү | E2: Товарная структура оборота розничной торговли, включая предприятия питания
A3: (млн.сом) | E3: (млн.сомов)
B4: 2021 | C4: 2022 | D4: 2023 | E4: 2024 | F4: 2025
A6: Бардык товарлар | B6: 471605 | C6: 608432.4 | D6: 771972.3 | E6: 927882.5 | F6: 1166147.7 | G6: Все товары
A7: Азык-түлүк товарлары | B7: 258439.6 | C7: 323077.6 | D7: 399881.7 | E7: 477419.3 | F7: 524605.2 | G7: Продовольственные товары
A8: Эт жана эт азыктары | B8: 32049.2 | C8: 39147.2 | D8: 45453.5 | E8: 54267 | F8: 63180.5 | G8: Мясо и мясопродукты
A9: Балык жана балык азыктары | B9: 1110.1 | C9: 1490.7 | D9: 2045 | E9: 2441.6 | F9: 2782.9 | G9: Рыба и рыбопродукты
A10: Тоң май | B10: 3141.9 | C10: 3935.8 | D10: 4871.4 | E10: 5816 | F10: 6491 | G10: Масло животное
A11: Өсүмдүк майы | B11: 9890.6 | C11: 12389.7 | D11: 14335.1 | E11: 17114.7 | F11: 19806.3 | G11: Масло растительное
A12: Сүт жана сүт азыктары | B12: 10767.4 | C12: 15488 | D12: 19169.9 | E12: 22887 | F12: 25149 | G12: Молоко и молочные продукты
A13: Жумуртка жана жумуртка азыктары | B13: 2780.7 | C13: 3283.4 | D13: 4163.9 | E13: 4971.3 | F13: 4562.3 | G13: Яйца и яйцепродукты
A14: Кант | B14: 9381.5 | C14: 13951.9 | D14: 16268.7 | E14: 19423.2 | F14: 20015 | G14: Сахар
A15: Кондитердик азыктар | B15: 6499.8 | C15: 8042.1 | D15: 10153.9 | E15: 12122.8 | F15: 13320.9 | G15: Кондитерские изделия
A16: Ун, нан жана нан азыктары | B16: 63586.3 | C16: 82652.9 | D16: 95301.8 | E16: 113780.8 | F16: 120286.3 | G16: Мука, хлеб и хлебобулочные изделия
A17: Картошка | B17: 5565.9 | C17: 6972.3 | D17: 8029.8 | E17: 9586.7 | F17: 14899.1 | G17: Картофель
... A40: Курулуш материалдары | B40: 28884.1 | C40: 35340.7 | D40: 48082.8 | E40: 58210.3 | F40: 84470.7 | G40: Строительные материалы

Sheet 1.9.
A1: Мазмуну | G1: Содержание
A2: 1.9. Тамактануу ишканаларын кошкондогу, чекене соода жүгүртүүнүн товардык түзүмү | E2: Товарная структура оборота розничной торговли, включая предприятия питания
A3: (мурунку жылга карата пайыз менен) | E3: (в процентах к предыдущему году)
B4: 2021 | C4: 2022 | D4: 2023 | E4: 2024 | F4: 2025
A6: Бардык товарлар | B6: 116.2 | C6: 112.4 | D6: 114.5 | E6: 115.9 | F6: 118.1 | G6: Все товары
A7: Азык-түлүк товарлары | B7: 111.7 | C7: 107.6 | D7: 112.7 | E7: 115.9 | F7: 100.7 | G7: Продовольственные товары
A8: Эт жана эт азыктары | B8: 103.7 | C8: 110.6 | D8: 107 | E8: 114.8 | F8: 100.7 | G8: Мясо и мясопродукты
A9: Балык жана балык азыктары | B9: 119.5 | C9: 113.6 | D9: 116 | E9: 114.4 | F9: 101.1 | G9: Рыба и рыбопродукты
A10: Тоң май | B10: 102.7 | C10: 100 | D10: 112.4 | E10: 114.7 | F10: 100.5 | G10: Масло животное
A11: Өсүмдүк майы | B11: 101.7 | C11: 113.3 | D11: 128.9 | E11: 127.8 | F11: 101.4 | G11: Масло растительное
A12: Сүт жана сүт азыктары | B12: 111 | C12: 109.9 | D12: 112.1 | E12: 115.5 | F12: 104.4 | G12: Молоко и молочные продукты
A13: Жумуртка жана жумуртка азыктары | B13: 101.3 | C13: 115.9 | D13: 111.7 | E13: 113.9 | F13: 100.7 | G13: Яйца и яйцепродукты
A14: Кант | B14: 101.3 | C14: 107.5 | D14: 116.5 | E14: 128.7 | F14: 108.1 | G14: Сахар
A15: Кондитердик азыктар | B15: 108.5 | C15: 103.4 | D15: 109.5 | E15: 112.9 | F15: 103.8 | G15: Кондитерские изделия
A16: Ун, нан жана нан азыктары | B16: 114.5 | C16: 105.3 | D16: 107.7 | E16: 109.9 | F16: 102.9 | G16: Мука, хлеб и хлебобулочные изделия
A17: Картошка | B17: 105.6 | C17: 123.8 | D17: 109.4 | E17: 128.8 | F17: 100.4 | G17: Картофель
... A40: Курулуш материалдары | B40: 115.4 | C40: 107.9 | D40: 122.9 | E40: 112 | F40: 135.5 | G40: Строительные материалы

Sheet 1.10.
A1: Мазмуну | G1: Содержание
A2: 1.10. Алкоголдук ичимдиктердин жана пивонун ресурстары | F2: Ресурсы алкогольных напитков и пива
A3: (миң декалитр) | F3: (тыс.декалитров)
B4: 2021 | C4: 2022 | D4: 2023 | E4: 2024 | F4: 2025
A6: Арак жана ликер-арак ичимдиктери | G6: Водка и ликеро-водочные изделия
A7: Ички рынокто сатуу үчүн ресурстар | B7: 669.9 | C7: 717.4 | D7: 852.8 | E7: 1317.7 | F7: 1494.2 | G7: Ресурсы для продажи на внутреннем рынке
A8: Өндүрүш | B8: 558.7 | C8: 836.4 | D8: 1078.3 | E8: 1487.6 | F8: 1499.6 | G8: Производство
A9: Импорт | B9: 247.5 | C9: 251.9 | D9: 516.2 | E9: 589.5 | F9: 435.1 | G9: Импорт
A10: Экспорт | B10: 136.3 | C10: 370.9 | D10: 741.7 | E10: 143.4 | F10: 440.5 | G10: Экспорт
A11: Шарап | G11: Вино
A12: Ички рынокто сатуу үчүн ресурстар | B12: 372 | C12: 310 | D12: 205 | E12: 214 | F12: 506.2 | G12: Ресурсы для продажи на внутреннем рынке
A13: Өндүрүш | B13: 182.4 | C13: 133.1 | D13: 87.9 | E13: 81.3 | F13: 130.7 | G13: Производство
A14: Импорт | B14: 200 | C14: 180.4 | D14: 119.6 | E14: 134.4 | F14: 378 | G14: Импорт
A15: Экспорт | B15: 10.4 | C15: 3.7 | D15: 2.2 | E15: 1.7 | F15: 2.5 | G15: Экспорт
A16: Коньяк | G16: Коньяк
A17: Ички рынокто сатуу үчүн ресурстар | B17: 119.8 | C17: 147.3 | D17: 165.9 | E17: 138.7 | F17: 170.7 | G17: Ресурсы для продажи на внутреннем рынке
A18: Өндүрүш | B18: 142.8 | C18: 172.9 | D18: 169.9 | E18: 143.4 | F18: 170.5 | G18: Производство
A19: Импорт | B19: 4.6 | C19: 1.2 | D19: 7.9 | E19: 3.5 | F19: 0.3 | G19: Импорт
A20: Экспорт | B20: 27.6 | C20: 26.8 | D20: 11.9 | E20: 8.2 | F20: 0.1 | G20: Экспорт
A21: Шампан | G21: Шампанское
A22: Ички рынокто сатуу үчүн ресурстар | B22: 43.7 | C22: 57.2 | D22: 41.7 | E22: 20.4 | F22: 32.2 | G22: Ресурсы для продажи на внутреннем рынке
A23: Өндүрүш | B23: 37.8 | C23: 45.4 | D23: 40 | E23: 19.3 | F23: 29.3 | G23: Производство
A24: Импорт | B24: 8.8 | C24: 12 | D24: 1.8 | E24: 2.1 | F24: 3 | G24: Импорт
A25: Экспорт | B25: 2.9 | C25: 0.2 | D25: 0.1 | E25: 1 | F25: 0.1 | G25: Экспорт
A26: Пиво | G26: Пиво
A27: Ички рынокто сатуу үчүн ресурстар | B27: 3314.5 | C27: 3818.7 | D27: 5738.1 | E27: 6350.3 | F27: 5492.6 | G27: Ресурсы для продажи на внутреннем рынке
A28: Өндүрүш | B28: 2152.3 | C28: 2507.6 | D28: 5005.4 | E28: 5138.2 | F28: 5352.8 | G28: Производство
A29: Импорт | B29: 1169.1 | C29: 1331.1 | D29: 1073.7 | E29: 1517.5 | F29: 163.9 | G29: Импорт
A30: Экспорт | B30: 6.9 | C30: 20 | D30: 341 | E30: 305.4 | F30: 24.1 | G30: Экспорт
A32: ¹ Тамактануу ишканаларын кошкондо чекене соода жүгүртүүсү.
A33: ¹ Оборот розничной торговли, включая предприятия питания.

Sheet 1.11., 1.12
A1: Мазмуну | G1: Содержание
A2: 1.11. Калктын адам башына тамактануу ишканаларын кошкондогу чекене соода жүгүртүү т | E2: Оборот розничной торговли на душу населения, включая предприятия питания
B4: 2021 | C4: 2022 | D4: 2023 | E4: 2024 | F4: 2025
B5: Сом - Сомов
A6: Бардыгы | B6: 73266 | C6: 95623 | D6: 119181.2 | E6: 140596.8 | F6: 158809 | G6: Всего
A7: анын ичинде: | G7: в том числе:
A8: азык-түлүк товарлары | B8: 40150 | C8: 50776 | D8: 61736 | E8: 72341 | F8: 71442 | G8: продовольственные товары
A9: азык-түлүк эмес товарлар | B9: 33116 | C9: 44847 | D9: 57445 | E9: 68256 | F9: 87367 | G9: непродовольственные товары
A10: Мурунку жылга карата пайыз менен - В процентах к предыдущему году
A11: Бардыгы | B11: 115 | C11: 113.7 | D11: 112.5 | E11: 112.3 | F11: 110.4 | G11: Всего
A12: анын ичинде: | G12: в том числе:
A13: азык-түлүк товарлары | B13: 110.5 | C13: 108.9 | D13: 110.6 | E13: 113.8 | F13: 104.1 | G13: продовольственные товары
A14: азык-түлүк эмес товарлар | B14: 120.8 | C14: 119.6 | D14: 114.6 | E14: 110.8 | F14: 131.9 | G14: непродовольственные товары
A16: 1.12. Калктын адам башына эсепте- генде негизги тамак-аш азыктарын керектөө1 | E16: Потребление основных продуктов питания на душу населения1
B18: 2021 | C18: 2022 | D18: 2023 | E18: 2024 | F18: 2025
B19: Жылына килограмм - Килограммов в год
A20: Эт жана эт азыктары | B20: 44.7 | C20: 46.9 | D20: 46.4 | E20: 50.9 | F20: 53.6 | G20: Мясо и мясопродукты
A21: Сүт жана сүт азыктары | B21: 221.9 | C21: 220.3 | D21: 238.5 | E21: 230.5 | F21: 239.4 | G21: Молоко и молочные продукты
A22: Жумуртка, даана | B22: 103.7 | C22: 121.6 | D22: 132.5 | E22: 126 | F22: 139.1 | G22: Яйца, штук
A23: Балык жана балык азыктары | B23: 1.4 | C23: 3 | D23: 4.9 | E23: 3.7 | F23: 4.3 | G23: Рыба и рыбопродукты
A24: Кант | B24: 23.7 | C24: 29.3 | D24: 25 | E24: 21.6 | F24: 25.3 | G24: Сахар
A25: Өсүмдүк майы | B25: 13.6 | C25: 9.3 | D25: 10.6 | E25: 12.7 | F25: 13.5 | G25: Растительное масло
A26: Картошка | B26: 111.3 | C26: 105.7 | D26: 106.9 | E26: 101.7 | F26: 101.4 | G26: Картофель
A27: Жашылча жана бакча өсүмдүктөрү | B27: 173.9 | C27: 177.6 | D27: 189.6 | E27: 213.4 | F27: 191.7 | G27: Овощи и бахчевые культуры
A28: Буудай жана аны кайра иштетүү продуктылары (унга айландыргандагы ун) | B28: 69.6 | C28: 87.4 | D28: 83.3 | E28: 87.7 | F28: 91.2 | G28: Пшеница и продукты его переработки (в пересчете на муку)
A29: Мөмө-жемиш | B29: 32.5 | C29: 44.6 | D29: 69 | E29: 76 | F29: 78.8 | G29: Фрукты и ягоды
A31: 1 Айыл чарба продукциясы жана тамак-аш продуктуларынын айрым түрлөрүнүн эсептелген азык-түлүк теңдемдеринин (баланстарынын) маалыматтары боюнча.
A34: 1 По данным расчетных продовольственных балансов отдельных видов сельскохозяйственной продукции и продуктов питания.

Sheet 1.12, 1.13.
A1: Мазмуну | G1: Содержание
A2: уландысы | G2: продолжение
B3: 2021 | C3: 2022 | D3: 2023 | E3: 2024 | F3: 2025
A4: Мурунку жылга карата пайыз менен - В процентах к предыдущему году
A5: Эт жана эт азыктары | B5: 102.8 | C5: 104.9 | D5: 98.933902 | E5: 109.69828 | F5: 105.3 | G5: Мясо и мясопродукты
A6: Сүт жана сүт азыктары | B6: 101.5 | C6: 99.3 | D6: 108.26146 | E6: 96.645702 | F6: 103.8 | G6: Молоко и молочные продукты
A7: Жумуртка, даана | B7: 103 | C7: 117.3 | D7: 108.96382 | E7: 95.09434 | F7: 110.4 | G7: Яйца, штук
A8: Балык жана балык азыктары | B8: 140 | C8: 214.2 | D8: 163.33333 | E8: 75.510204 | F8: 116.2 | G8: Рыба и рыбопродукты
A9: Кант | B9: 147.2 | C9: 123.6 | D9: 70.422535 | E9: 87.6 | F9: 117.1 | G9: Сахар
A10: Өсүмдүк майы | B10: 100.7 | C10: 68.4 | D10: 68.831169 | E10: 119.81132 | F10: 106.3 | G10: Растительное масло
A11: Картошка | B11: 101.59925 | C11: 97.9 | D11: 101.13529 | E11: 95.135641 | F11: 99.7 | G11: Картофель
A12: Жашылча жана бакча өсүмдүктөрү | B12: 94.2 | C12: 102.1 | D12: 106.75676 | E12: 112.55274 | F12: 89.8 | G12: Овощи и бахчевые культуры
A13: Буудай жана аны кайра иштетүү продуктылары (унга айландыргандагы ун) | B13: 79.2 | C13: 125.6 | D13: 95.308924 | E13: 105.28211 | F13: 104 | G13: Пшеница и продукты его переработки (в пересчете на муку)
A14: Мөмө-жемиш | B14: 97.6 | C14: 137.2 | D14: 154.70852 | E14: 110.14493 | F14: 103.7 | G14: Фрукты и ягоды
A18: 1.13. Буюм-терим, аралаш жана азык-түлүк базарлардын саны | E18: Число вещевых, смешанных и продовольственных рынков
A19: (жылдын аягына карата) | E19: (на конец года)
B20: 2021 | C20: 2022 | D20: 2023 | E20: 2024 | F20: 2025
A22: Бардыгы | B22: 352 | C22: 337 | D22: 352 | E22: 332 | F22: 315 | G22: Всего
A23: анын ичинде: | G23: в том числе:
A24: азык-түлүк | B24: 92 | C24: 36 | D24: 38 | E24: 38 | F24: 35 | G24: продовольственные
A25: буюм-терим | B25: 81 | C25: 68 | D25: 80 | E25: 60 | F25: 63 | G25: вещевые
A26: аралаш | B26: 127 | C26: 189 | D26: 186 | E26: 187 | F26: 174 | G26: смешанные
A27: мал сатуу боюнча | B27: 42 | C27: 35 | D27: 38 | E27: 36 | F27: 33 | G27: по продаже скота
A28: автоунааларды жана автоунаалардын тетиктерин сатуу боюнча | B28: 10 | C28: 9 | D28: 10 | E28: 11 | F28: 10 | G28: по продаже автомобилей и автозапчастей

Sheet 1.14.
A1: Мазмуну | G1: Содержание
A2: 1.14. Тамак-аш азыктарынын айрым түрлөрүнүн орточо керектөө баалары | E2: Средние потребительские цены на отдельные виды продуктов питания
A3: (жылдын аягына карата, килограмм, литр сом менен) | E3: (на конец года, сомов за килограмм, литр)
B4: 2021 | C4: 2022 | D4: 2023 | E4: 2024 | F4: 2025
A6: Уй эти | B6: 483 | C6: 543.1988 | D6: 542.83079 | E6: 622.05332 | F6: 710.2 | G6: Говядина
A7: Чочко эти | B7: 396.6 | C7: 487.37322 | D7: 480.30825 | E7: 490.61164 | F7: 513.8 | G7: Свинина
A8: Канаттуулардын эти | B8: 319.2 | C8: 344.31902 | D8: 349.77014 | E8: 361.08864 | F8: 397.4 | G8: Мясо птицы
A9: Сууга бышырылган колбаса | B9: 421.1 | C9: 466.0351 | D9: 482.18739 | E9: 505.30413 | F9: 517.1 | G9: Колбаса вареная
A10: Сосискалар, сарделькалар | B10: 345.2 | C10: 387.6497 | D10: 409.16176 | E10: 440.35685 | F10: 452.9 | G10: Сосиски, сардельки
A11: Жарым жартылай ышталган колбасалар | B11: 434.7 | C11: 468.52748 | D11: 481.71127 | E11: 519.57079 | F11: 524 | G11: Колбаса полу копченая
A12: Бууга бышырылып консерваланган уйдун эти, 500 гр. | B12: 258.6 | C12: 307.05696 | D12: 330.10979 | E12: 341.59941 | F12: 378.2 | G12: Говядина тушеная консервированная, 500гр.
A13: Тирүү жана муздатылган балык | B13: 250.8 | C13: 332.54779 | D13: 363.68153 | E13: 378.52662 | F13: 476.9 | G13: Рыба живая и охлажденная
A14: Тоңдурулган балык (деликатестен башка) | B14: 225.5 | C14: 285.81011 | D14: 279.63815 | E14: 284.17006 | F14: 348.1 | G14: Рыба мороженая (без деликатесной)
A15: Май кошулган накта балык консервалары, 125 гр. | B15: 52.9 | C15: 67.126413 | D15: 73.587972 | E15: 77.910826 | F15: 85.2 | G15: Консервы рыбные натуральные с добавлением масла, 125 гр.
A16: Чалган май | B16: 386.4 | C16: 480.71861 | D16: 497.61713 | E16: 554.11116 | F16: 613 | G16: Масло сливочное
A17: Күнкарама майы | B17: 176.1 | C17: 179.5278 | D17: 151.99015 | E17: 158.35865 | F17: 187.4 | G17: Масло подсолнечное
... A19: Куюп сатылуучу накта сүт | B19: 50.1 | C19: 61.03496 | D19: 61.359375 | E19: 63.487507 | F19: 70 | G19: Молоко цельное разливное
A20: Каймак | B20: 250.4 | C20: 320.55144 | D20: 334.10973 | E20: 339.98527 | G20: Сметана
A21: Ачытылган сүт азыктары (кефир, айран) | B21: 56.6 | C21: 73.147042 | D21: 75.68151 | E21: 81.148551 | F21: 88.7 | G21: Кисломолочные продукты (кефир, айран)
A22: Майлуу быштак | B22: 379.2 | C22: 469.52931 | D22: 497.87323 | E22: 537.50197 | F22: 587.74997 | G22: Творог жирный
A23: Майлуулугу аз быштак | B23: 246.3 | C23: 303.96588 | D23: 330.63651 | E23: 343.52136 | F23: 371.80766 | G23: Творог нежирный
A24: Катуу сычуж сырлар | B24: 484.6 | C24: 569.94774 | D24: 607.71435 | E24: 637.50636 | F24: 668.94092 | G24: Сыры сычужные твердые
A25: Консерваланган жашыл буурчак, 420 гр. | B25: 83 | C25: 101.5104 | D25: 119.88841 | E25: 124.10993 | F25: 131.65999 | G25: Горошек зеленый консервированный, 420гр.
A26: Томат паста | B26: 135.5 | C26: 161.63511 | D26: 182.07312 | E26: 191.24305 | F26: 198.35998 | G26: Томатная паста
A27: Мөмө ширелери | B27: 85.4 | C27: 104.51599 | D27: 114.40212 | E27: 121.32069 | F27: 143.52922 | G27: Соки фруктовые
A28: Жумуртка, миң даана | B28: 104.1 | C28: 113.99758 | D28: 125.15649 | E28: 122.25021 | F28: 118.22527 | G28: Яйца, за десяток
A29: Кумшекер | B29: 70.8 | C29: 91.573276 | D29: 83.089314 | E29: 79.585252 | F29: 80.324713 | G29: Сахар-песок
A30: Печенье, 250 гр. | B30: 40.1 | C30: 49.889248 | D30: 53.983309 | E30: 57.060546 | F30: 59.709209 | G30: Печенье, 250 гр.
A31: Кара байха чай, 100гр. | B31: 83.1 | C31: 95.765992 | D31: 99.80678 | E31: 105.69857 | F31: 112.99833 | G31: Чай черный, байховый 100 гр.
A32: Эритилүүчү накта кофе, 100 гр. | B32: 216.3 | C32: 262.45226 | D32: 285.98607 | E32: 307.42797 | F32: 334.68487 | G32: Кофе натуральный растворимый, 100 гр.
... A41: Буурчак | B41: 55.5 | C41: 67.569469 | D41: 66.995893 | E41: 66.798165 | F41: 72.133634 | G41: Горох

Sheet 1.14., 1.15.
A1: Мазмуну | G1: Содержание
A2: уландысы | G2: продолжение
B3: 2021 | C3: 2022 | D3: 2023 | E3: 2024 | F3: 2025
A5: Макарон | B5: 109.1 | C5: 136.70548 | D5: 142.25208 | E5: 146.53976 | F5: 155.03 | G5: Макароны
A6: Картошка | B6: 40.1 | C6: 32.112707 | D6: 31.451059 | E6: 44.639205 | F6: 52.42 | G6: Картофель
A7: Жаңы үзүлгөн ак капуста | B7: 44.4 | C7: 32.048059 | D7: 41.824751 | E7: 36.763196 | F7: 38.95 | G7: Капуста свежая белокочанная
A8: Баш пияз | B8: 25.4 | C8: 34.100562 | D8: 31.467252 | E8: 33.114137 | F8: 40.01 | G8: Лук репчатый
A9: Кызылча | B9: 43.6 | C9: 45.4519 | D9: 48.541421 | E9: 51.123389 | F9: 57.42 | G9: Свекла
A10: Сабиз | B10: 36.9 | C10: 34.979016 | D10: 40.134308 | E10: 40.852089 | F10: 51.26 | G10: Морковь
A11: Алма | B11: 66.5 | C11: 58.788356 | D11: 84.403607 | E11: 68.811263 | F11: 86.37 | G11: Яблоки
A12: Мандарин, апельсин | B12: 157.1 | C12: 203.04797 | D12: 236.56775 | E12: 224.19487 | F12: 235.29 | G12: Мандарины, апельсины
A13: Арак, 0,5 л | B13: 220.8 | C13: 290.6642 | D13: 329.48495 | E13: 372.68362 | F13: 414.39 | G13: Водка, 0,5 л
A14: Мекенибизде чыгарылган коньяк, 0,5 л | B14: 478.5 | C14: 518.23904 | D14: 550.88907 | E14: 597.58152 | F14: 609.73 | G14: Коньяк отечественный, 0,5 л
A15: Шампан, 0,7 л | B15: 244 | C15: 290.32998 | D15: 303.45222 | E15: 332.14322 | F15: 363.46 | G15: Шампанское, 0,7 л
A16: Бөтөлкөдөгү пиво, 0,5 л | B16: 62.3 | C16: 79.289645 | D16: 86.204227 | E16: 96.446484 | F16: 102.24 | G16: Пиво в бутылках, 0,5 л
... A18: Коомдук тамактануу ишканаларында түштөнүү (адам башына) | B18: 358.2 | C18: 386.44961 | D18: 428.61003 | E18: 454.04664 | F18: 486.42444 | G18: Обед на предприятиях общественного питания (на человека)
A22: 1.15. Тамак-аш азыктарынын жана азык-түлүк эмес товарлардын керектөө бааларынын индекстери¹ | E22: Индексы потребительских цен на продукты питания и непродовольственные товары¹
A23: (декабрь мурунку жылдын декабрына карата, пайыз менен) | E23: (декабрь к декабрю предыдущего года, в процентах)
B24: 2021 | C24: 2022 | D24: 2023 | E24: 2024 | F24: 2025
A26: Бардык товарлар | B26: 111.2 | C26: 114.69769 | D26: 107.2749 | E26: 106.33304 | F26: 109.4 | G26: Все товары
A27: Тамак-аш азыктары | B27: 112.3 | C27: 116.9 | D27: 105.1 | E27: 106.35718 | F27: 109.5 | G27: Продукты питания
A28: азык-түлүк товарлары | B28: 113 | C28: 115.63145 | D28: 104.5 | E28: 105.67579 | F28: 109.8 | G28: продовольственные товары
A29: алкоголдук ичимдиктер | B29: 108.1 | C29: 128.986 | D29: 110.25632 | E29: 111.73363 | F29: 107.2 | G29: алкогольные напитки
A30: Азык-түлүк эмес товарлар (тамекини кошкондо) | B30: 112.5 | C30: 115.16303 | D30: 111.11694 | E30: 104.83063 | F30: 106.5 | G30: Непродовольственные товары (включая табачные изделия)
A34: 1 Бул жерде жана мындан ары соода классификациясы боюнча.
A35: 1 Здесь и далее - в соответствии с торговой классификацией.

Sheet 1.16. 1.17
A1: Мазмуну | G1: Содержание
A2: 1.16. Тамак-аш азыктарнын айрым топ- торунун керектөө бааларынын индекстери | F2: Индексы цен на отдельные группы продуктов питания
A3: (декабрь мурунку жылдын декабрына карата, пайыз менен) | F3: (декабрь к декабрю предыдущего года, в процентах)
B4: 2021 | C4: 2022 | D4: 2023 | E4: 2024 | F4: 2025
A6: Эт жана канаттулардын эти | B6: 112.1 | C6: 113.34441 | D6: 101.23358 | E6: 111.91595 | F6: 114.11429 | G6: Мясо и птица
A7: Колбаса азыктары жана ышталганы | B7: 114.2 | C7: 109.55337 | D7: 104.39749 | E7: 107.10245 | F7: 102.77346 | G7: Колбасные изделия и копчености
A8: Балык азыктары | B8: 111 | C8: 134.48194 | D8: 108.61545 | E8: 105.11202 | F8: 122.955 | G8: Рыбопродукты
A9: Тоѕ май | B9: 116.1 | C9: 122.3427 | D9: 103.14379 | E9: 109.99455 | F9: 108.89109 | G9: Масло животное
A10: Өсүмдүк майы | B10: 123.2 | C10: 102.51481 | D10: 87.310577 | E10: 103.27524 | F10: 118.43248 | G10: Масло растительное
A11: Сүт жана сүт азыктары | B11: 119.2 | C11: 123.53899 | D11: 104.19932 | E11: 103.78454 | F11: 109.16188 | G11: Молоко и молочные продукты
A12: Сыр | B12: 110.8 | C12: 122.57281 | D12: 104.87081 | E12: 103.97438 | F12: 104.60715 | G12: Сыр
A13: Жумуртка | B13: 112.3 | C13: 109.4493 | D13: 109.37876 | E13: 98.040275 | F13: 96.432114 | G13: Яйца
A14: Кант | B14: 131 | C14: 130.52215 | D14: 90.606795 | E14: 95.819607 | F14: 100.32798 | G14: Сахар
A15: Кондитердик азыктар | B15: 110.3 | C15: 125.66765 | D15: 107.74055 | E15: 106.09425 | F15: 105.62855 | G15: Кондитерские изделия
A16: Нан жана нан азыктары | B16: 115.2 | C16: 117.36272 | D16: 105.17209 | E16: 101.8594 | F16: 105.29997 | G16: Хлеб и хлебобулочные продукты
A17: Акшак жана буурчак | B17: 105.3 | C17: 116.72432 | D17: 124.40857 | E17: 103.15163 | F17: 99.411322 | G17: Крупа и бобовые
... A19: Алкоголдук ичимдиктер | B19: 108.1 | C19: 128.986 | D19: 110.25632 | E19: 111.73363 | F19: 107.23648 | G19: Алкогольные напитки
A21: 1.17. Азык-түлүк эмес товарлардын айрым топторунун керектөө бааларынын индекстери | F21: Индексы цен на отдельные группы непродовольствен- ных товаров
A22: (декабрь мурунку жылдын декабрына карата, пайыз менен) | F22: (декабрь к декабрю предыдущего года, в процентах)
B23: 2021 | C23: 2022 | D23: 2023 | E23: 2024 | F23: 2025
A25: Сырткы трикотаж кийимдер | B25: 101.1 | C25: 103.5 | D25: 113.39198 | E25: 103.34151 | F25: 103.36248 | G25: Верхний трикотаж
A26: Ички трикотаж кийимдер | B26: 105 | C26: 106 | D26: 117.01096 | E26: 107.44422 | F26: 102.44357 | G26: Бельевой трикотаж
A27: Байпак- тар | B27: 102.6 | C27: 106.3 | D27: 113.61125 | E27: 105.63266 | F27: 102.70695 | G27: Чулочно-носочные изделия
A28: Булгаарыдан, текстилден жасалган жана аралаш бут кийим | B28: 103.6 | C28: 107.3 | D28: 114.59202 | E28: 105.19786 | F28: 103.12859 | G28: Кожаная, текстильная и комбинированная обувь
A29: Жуугуч тазалагыч каражаттар | B29: 103 | C29: 113.3 | D29: 107.11354 | E29: 97.555981 | F29: 103.64 | G29: Моющие средства
A30: Парфюмериялык- косметикалык товарлар | B30: 101.8 | C30: 104.4 | D30: 114.64135 | E30: 103.21654 | F30: 103.2699 | G30: Парфюмерно-косметические товары
A31: Галантерея | B31: 115.7 | C31: 108.8 | D31: 106.99719 | E31: 95.916375 | F31: 110.84829 | G31: Галантерея
A32: Тамеки | B32: 110 | C32: 118.4 | D32: 113.58141 | E32: 110.7893 | F32: 109.76757 | G32: Табачные изделия
A33: Эмерек | B33: 106.2 | C33: 108.8 | D33: 107.18177 | E33: 104.90954 | F33: 104.84619 | G33: Мебель
A34: Саатар | B34: 106.9 | C34: 111.8 | D34: 107.57059 | E34: 109.99612 | F34: 114.50441 | G34: Часы
A35: Электр товарлары | B35: 103.7 | C35: 111.4 | D35: 111.54852 | E35: 101.56926 | F35: 103.96718 | G35: Электротовары
A36: Телерадио товарлар | B36: 103.3 | C36: 104.6 | D36: 105.18915 | E36: 101.80811 | F36: 103.73348 | G36: Теле радиотовары
... A38: Зергер буюмдары | B38: 122.9 | C38: 113.7 | D38: 110.52683 | E38: 118.74852 | F38: 134.8 | G38: Ювелирные изделия

Sheet 2.1.
A1: Мазмуну | G1: Содержание
A2: 2. Керектөө рыногу аймактар боюнча
A3: Потребительский рынок по территории
A5: 2.1. Экономикалык ишмердиктин түрлөрү боюнча соода жүгүртүү | E5: Оборот торговли по видам экономической деятельности
A6: (млн. сом) | E6: (млн. сомов)
B7: 2021 | C7: 2022 | D7: 2023 | E7: 2024 | F7: 2025
A9: Дүң жана чекене соода, автоунааларды жана мотоциклдерди оңдоо
A10: Оптовая и розничная торговля, ремонт автомобилей и мотоциклов
A12: Кыргыз Республикасы | B12: 754902.1 | C12: 1000897.9 | D12: 1384371.4 | E12: 1778182.3 | F12: 2238489.8 | G12: Кыргызская Республика
A13: Баткен облусу | B13: 16188.3 | C13: 20018.1 | D13: 23814.5 | E13: 25354.7 | F13: 31848.5 | G13: Баткенская область
A14: Жалал-Абад облусу | B14: 71697.8 | C14: 91276.7 | D14: 114685.4 | E14: 134098 | F14: 195575.8 | G14: Джалал-Абадская область
A15: Ысык-Көл облусу | B15: 25025.7 | C15: 33443.6 | D15: 39267.3 | E15: 47156.9 | F15: 51268.4 | G15: Иссык-Кульская область
A16: Нарын облусу | B16: 10140.4 | C16: 12639.6 | D16: 15831.5 | E16: 18931.8 | F16: 21337 | G16: Нарынская область
A17: Ош облусу | B17: 48279.8 | C17: 61984.7 | D17: 76071 | E17: 90039.7 | F17: 102740.5 | G17: Ошская область
A18: Талас облусу | B18: 19280.5 | C18: 24386.6 | D18: 30564.7 | E18: 34592.5 | F18: 40919.8 | G18: Таласская область
A19: Чүй облусу | B19: 99735.5 | C19: 129072.6 | D19: 160388.9 | E19: 265308.5 | F19: 280195 | G19: Чуйская область
A20: Бишкек ш. | B20: 404161.3 | C20: 554431.2 | D20: 830611.2 | E20: 1055822 | F20: 1380431 | G20: г.Бишкек
A21: Ош ш. | B21: 60392.8 | C21: 73644.8 | D21: 93136.9 | E21: 106878.2 | F21: 134173.8 | G21: г.Ош
A23: Автоунааларды жана мотоциклдерди, автоунаа бөлүктөрүн, тетиктерин жана шаймандарын сатуу
A24: Торговля автомобилями и мотоциклами, авто деталями, узлами и принадлежностями
A26: Кыргыз Республикасы | B26: 15557.5 | C26: 25126 | D26: 49957.1 | E26: 60132.6 | F26: 85833.1 | G26: Кыргызская Республика
A27: Баткен облусу | B27: 41.4 | C27: 45.2 | D27: 42.1 | E27: 45.6 | F27: 49.9 | G27: Баткенская область
A28: Жалал-Абад облусу | B28: 504.4 | C28: 625.7 | D28: 774.9 | E28: 951.9 | F28: 2068.9 | G28: Джалал-Абадская область
A29: Ысык-Көл облусу | B29: 225.1 | C29: 270.8 | D29: 311.6 | E29: 423.8 | F29: 459.8 | G29: Иссык-Кульская область
A30: Нарын облусу | B30: 11.5 | C30: 12.8 | D30: 24.9 | E30: 32.2 | F30: 50.5 | G30: Нарынская область
A31: Ош облусу | B31: 249 | C31: 266.2 | D31: 291.8 | E31: 309 | F31: 427.1 | G31: Ошская область
A32: Талас облусу | B32: 107.4 | C32: 99.4 | D32: 103.9 | E32: 109 | F32: 110.9 | G32: Таласская область
A33: Чүй облусу | B33: 1041.5 | C33: 1656.6 | D33: 2426.7 | E33: 4116.4 | F33: 10483.7 | G33: Чуйская область
A34: Бишкек ш. | B34: 12385.4 | C34: 21070.3 | D34: 44233.1 | E34: 52025.3 | F34: 66173.7 | G34: г.Бишкек
A35: Ош ш. | B35: 991.8 | C35: 1079 | D35: 1748.1 | E35: 2119.4 | F35: 6008.6 | G35: г.Ош
A37: Автоунааларды техникалык жактан тейлөө жана оңдоо
A38: Техническое обслуживание и ремонт автомобилей
A40: Кыргыз Республикасы | B40: 2640 | C40: 3860.6 | D40: 5496.9 | E40: 6963.3 | F40: 10839.6 | G40: Кыргызская Республика
A41: Баткен облусу | B41: 112.2 | C41: 153.6 | D41: 194 | E41: 212.9 | F41: 236.9 | G41: Баткенская область
A42: Жалал-Абад облусу | B42: 331.7 | C42: 422.7 | D42: 514.4 | E42: 664.8 | F42: 1077.1 | G42: Джалал-Абадская область
A43: Ысык-Көл облусу | B43: 22.8 | C43: 27.5 | D43: 38.7 | E43: 43.2 | F43: 67.5 | G43: Иссык-Кульская область
A44: Нарын облусу | B44: 11.3 | C44: 13 | D44: 22.8 | E44: 36.6 | F44: 43.3 | G44: Нарынская область
A45: Ош облусу | B45: 143.2 | C45: 184.3 | D45: 188.3 | E45: 208.7 | F45: 279.9 | G45: Ошская область
A46: Талас облусу | B46: 52.9 | C46: 61.4 | D46: 66.7 | E46: 73.9 | F46: 87.2 | G46: Таласская область
A47: Чүй облусу | B47: 809.4 | C47: 890.9 | D47: 1174 | E47: 1504.1 | F47: 3557.3 | G47: Чуйская область
A48: Бишкек ш. | B48: 818.8 | C48: 1738.6 | D48: 2803.2 | E48: 3688.5 | F48: 4384.4 | G48: г.Бишкек
A49: Ош ш. | B49: 337.7 | C49: 368.6 | D49: 494.8 | E49: 530.6 | F49: 1106 | G49: г.Ош

Sheet 2.1. (2)
A1: Мазмуну | G1: Содержание
A2: уландысы | G2: продолжение
B3: 2021 | C3: 2022 | D3: 2023 | E3: 2024 | F3: 2025
B5: Мотор майын чекене сатуу
B6: Розничная торговля моторным топливом
A8: Кыргыз Республикасы | B8: 77861.7 | C8: 114723.2 | D8: 132106.5 | E8: 158404.5 | F8: 205998.7 | G8: Кыргызская Республика
A9: Баткен облусу | B9: 6360.6 | C9: 7863.2 | D9: 9550.3 | E9: 9478.8 | F9: 11651.1 | G9: Баткенская область
A10: Жалал-Абад облусу | B10: 8536.1 | C10: 14829.7 | D10: 22309.9 | E10: 25277.2 | F10: 47244.2 | G10: Джалал-Абадская область
A11: Ысык-Көл облусу | B11: 5124.7 | C11: 7540.5 | D11: 8689.8 | E11: 11414.9 | F11: 14208.1 | G11: Иссык-Кульская область
A12: Нарын облусу | B12: 2242.8 | C12: 3191 | D12: 3823.4 | E12: 4883.3 | F12: 5422.6 | G12: Нарынская область
A13: Ош облусу | B13: 5707.9 | C13: 8144.7 | D13: 10356.8 | E13: 9632.2 | F13: 16015.6 | G13: Ошская область
A14: Талас облусу | B14: 2705.7 | C14: 3056.6 | D14: 3590.1 | E14: 3759.8 | F14: 3546.2 | G14: Таласская область
A15: Чүй облусу | B15: 19470.4 | C15: 31803.7 | D15: 34834.1 | E15: 42897.6 | F15: 54380.2 | G15: Чуйская область
A16: Бишкек ш. | B16: 23611 | C16: 32186.6 | D16: 31719 | E16: 43119.4 | F16: 40887.8 | G16: г.Бишкек
A17: Ош ш. | B17: 4102.5 | C17: 6107.2 | D17: 7233.1 | E17: 7941.3 | F17: 12642.9 | G17: г.Ош
A19: Дүң соода буга автоунааларды жана мотоциклдерди сатуу кирбейт
A20: Оптовая торговля, кроме торговли автомобилями и мотоциклами
A22: Кыргыз Республикасы | B22: 300160.2 | C22: 414485.4 | D22: 642910.6 | E22: 892667.5 | F22: 1127410.1 | G22: Кыргызская Республика
A23: Баткен облусу | B23: 656.1 | C23: 1037.9 | D23: 957.6 | E23: 1305.8 | F23: 3729.3 | G23: Баткенская область
A24: Жалал-Абад облусу | B24: 6684.6 | C24: 7537.8 | D24: 8690 | E24: 14405.2 | F24: 28880 | G24: Джалал-Абадская область
A25: Ысык-Көл облусу | B25: 3522 | C25: 6346.4 | D25: 6916 | E25: 8622.7 | F25: 6293.5 | G25: Иссык-Кульская область
A26: Нарын облусу | B26: 357.6 | C26: 322.8 | D26: 786 | E26: 1372 | F26: 1907 | G26: Нарынская область
A27: Ош облусу | B27: 6224.1 | C27: 10245.8 | D27: 12323.4 | E27: 13244.7 | F27: 11678.9 | G27: Ошская область
A28: Талас облусу | B28: 3505.7 | C28: 3748.6 | D28: 4262.2 | E28: 4506.9 | F28: 6719.3 | G28: Таласская область
A29: Чүй облусу | B29: 32421.8 | C29: 37888.7 | D29: 53783.7 | E29: 134237.4 | F29: 118332.2 | G29: Чуйская область
A30: Бишкек ш. | B30: 229815 | C30: 327117.8 | D30: 528284.4 | E30: 680867.2 | F30: 907059.4 | G30: г.Бишкек
A31: Ош ш. | B31: 16973.3 | C31: 20239.6 | D31: 26907.3 | E31: 34105.6 | F31: 42810.5 | G31: г.Ош
A33: Чекене соода, буга автоунааларды жана мотоциклдерди сатуу кирбейт
A34: Розничная торговля, кроме торговли автомобилями и мотоциклами
A36: Кыргыз Республикасы | B36: 358682.7 | C36: 442702.6 | D36: 553900.3 | E36: 660014.4 | F36: 808408.3 | G36: Кыргызская Республика
A37: Баткен облусу | B37: 9018 | C37: 10918.1 | D37: 13070.5 | E37: 14311.5 | F37: 16181.3 | G37: Баткенская область
A38: Жалал-Абад облусу | B38: 55641.1 | C38: 67860.7 | D38: 82396.1 | E38: 92798.8 | F38: 116305.6 | G38: Джалал-Абадская область
A39: Ысык-Көл облусу | B39: 16131.1 | C39: 19258.4 | D39: 23311.3 | E39: 26652.4 | F39: 30239.5 | G39: Иссык-Кульская область
A40: Нарын облусу | B40: 7517.2 | C40: 9100 | D40: 11174.5 | E40: 12607.8 | F40: 13913.5 | G40: Нарынская область
A41: Ош облусу | B41: 35955.6 | C41: 43143.7 | D41: 52910.7 | E41: 66645.1 | F41: 74338.9 | G41: Ошская область
A42: Талас облусу | B42: 12908.7 | C42: 17420.6 | D42: 22541.7 | E42: 26143 | F42: 30456.1 | G42: Таласская область
A43: Чүй облусу | B43: 45992.3 | C43: 56832.6 | D43: 68170.5 | E43: 82553 | F43: 93441.7 | G43: Чуйская область
A44: Бишкек ш. | B44: 137531.1 | C44: 172318.1 | D44: 223571.5 | E44: 276121.5 | F44: 361925.9 | G44: г.Бишкек
A45: Ош ш. | B45: 37987.6 | C45: 45850.4 | D45: 56753.5 | E45: 62181.3 | F45: 71605.8 | G45: г.Ош

Sheet 2.2.
A1: Мазмуну | G1: Содержание
A2: 2.2. Экономикалык ишмердиктин түрлөрү боюнча соода жүгүртүүнүн физикалык көлөмүнүн индекстери | E2: Индексы физического объема оборота торговли по видам экономической деятельности
A3: (мурунку жылга карата пайыз менен) | D3: (в процентах к предыдущему году)
B4: 2021 | C4: 2022 | D4: 2023 | E4: 2024 | F4: 2025
A6: Дүң жана чекене соода, автоунааларды жана мотоциклдерди оңдоо
A7: Оптовая розничная торговля, ремонт автомобилей и мотоциклов
A9: Кыргыз Республикасы | B9: 121.2 | C9: 113.9 | D9: 117.9 | E9: 123.4 | F9: 117.9 | G9: Кыргызская Республика
A10: Баткен облусу | B10: 90.9 | C10: 103.6 | D10: 112.7 | E10: 101.4 | F10: 118.2 | G10: Баткенская область
A11: Жалал-Абад облусу | B11: 110.6 | C11: 108 | D11: 115.9 | E11: 111.6 | F11: 136.1 | G11: Джалал-Абадская область
A12: Ысык-Көл облусу | B12: 113.9 | C12: 115.2 | D12: 110.7 | E12: 112.5 | F12: 101.4 | G12: Иссык-Кульская область
A13: Нарын облусу | B13: 105.9 | C13: 103.1 | D13: 111.6 | E13: 113 | F13: 106 | G13: Нарынская область
A14: Ош облусу | B14: 111.6 | C14: 114.4 | D14: 116 | E14: 112.5 | F14: 107 | G14: Ошская область
A15: Талас облусу | B15: 106.3 | C15: 109.9 | D15: 115.9 | E15: 109.3 | F15: 111.9 | G15: Таласская область
A16: Чүй облусу | B16: 107 | C16: 111 | D16: 117.1 | E16: 161.9 | F16: 99.6 | G16: Чуйская область
A17: Бишкек ш. | B17: 133.8 | C17: 117.6 | D17: 120.3 | E17: 122.3 | F17: 122.4 | G17: г.Бишкек
A18: Ош ш. | B18: 113.5 | C18: 105.6 | D18: 110.2 | E18: 107.3 | F18: 115.4 | G18: г.Ош
A20: Автоунааларды жана мотоциклдерди, автоунаа бөлүктөрүн, тетиктерин жана шаймандарын сатуу
A21: Торговля автомобилями и мотоциклами, автодеталями, узлами и принадлежностями
A23: Кыргыз Республикасы | B23: 111.6 | C23: 147.7 | D23: 164.9 | E23: 121.5 | F23: 143.9 | G23: Кыргызская Республика
A24: Баткен облусу | B24: 94.8 | C24: 101.2 | D24: 90.7 | E24: 106.7 | F24: 105.3 | G24: Баткенская область
A25: Жалал-Абад облусу | B25: 102.1 | C25: 112.2 | D25: 104.3 | E25: 114.6 | F25: 213.1 | G25: Джалал-Абадская область
A26: Ысык-Көл облусу | B26: 104.2 | C26: 105.2 | D26: 112 | E26: 120.5 | F26: 102.3 | G26: Иссык-Кульская область
A27: Нарын облусу | B27: 360.1 | C27: 93.1 | D27: 141.2 | E27: 128.6 | F27: 169.5 | G27: Нарынская область
A28: Ош облусу | B28: 136.1 | C28: 101.8 | D28: 104.1 | E28: 103.7 | F28: 135.8 | G28: Ошская область
A29: Талас облусу | B29: 122.9 | C29: 91 | D29: 102 | E29: 103.1 | F29: 100.8 | G29: Таласская область
A30: Чүй облусу | B30: 88.1 | C30: 134 | D30: 140.6 | E30: 166.3 | F30: 246.8 | G30: Чуйская область
A31: Бишкек ш. | B31: 117.7 | C31: 156.4 | D31: 173.7 | E31: 120 | F31: 129.1 | G31: г.Бишкек
A32: Ош ш. | B32: 85 | C32: 100.2 | D32: 102.8 | E32: 107.2 | F32: 287.5 | G32: г.Ош
A34: Автоунааларды техникалык жактан тейлөө жана оңдоо
A35: Техническое обслуживание и ремонт автомобилей
A37: Кыргыз Республикасы | B37: 106.1 | C37: 131.1 | D37: 132 | E37: 123.3 | F37: 151.4 | G37: Кыргызская Республика
A38: Баткен облусу | B38: 106.3 | C38: 104 | D38: 102.6 | E38: 107 | F38: 105.9 | G38: Баткенская область
A39: Жалал-Абад облусу | B39: 105.6 | C39: 99.7 | D39: 103.9 | E39: 114.2 | F39: 177.3 | G39: Джалал-Абадская область
A40: Ысык-Көл облусу | B40: 123.8 | C40: 115.4 | D40: 121.7 | E40: 106.5 | F40: 144.7 | G40: Иссык-Кульская область
A41: Нарын облусу | B41: 103.1 | C41: 93.6 | D41: 95.7 | E41: 114.2 | F41: 107.1 | G41: Нарынская область
A42: Ош облусу | B42: 108.6 | C42: 104.2 | D42: 103 | E42: 104.8 | F42: 131.8 | G42: Ошская область
A43: Талас облусу | B43: 116.9 | C43: 100 | D43: 106.8 | E43: 107.8 | F43: 104.5 | G43: Таласская область
A44: Чүй облусу | B44: 115.8 | C44: 100.4 | D44: 116.4 | E44: 122.9 | F44: 235.8 | G44: Чуйская область
A45: Бишкек ш. | B45: 100.1 | C45: 194.5 | D45: 160.1 | E45: 131.6 | F45: 118.9 | G45: г.Бишкек
A46: Ош ш. | B46: 98.5 | C46: 109.2 | D46: 102 | E46: 104.4 | F46: 135.5 | G46: г.Ош

Sheet 2.2. (2)
A1: Мазмуну | G1: Содержание
A2: уландысы | G2: продолжение
B3: 2021 | C3: 2022 | D3: 2023 | E3: 2024 | F3: 2025
B5: Мотор майын чекене сатуу
B6: Розничная торговля моторным топливом
A8: Кыргыз Республикасы | B8: 109.2 | C8: 115.2 | D8: 119.5 | E8: 109 | F8: 124.8 | G8: Кыргызская Республика
A9: Баткен облусу | B9: 72 | C9: 97.4 | D9: 124.9 | E9: 92.7 | F9: 117.6 | G9: Баткенская область
A10: Жалал-Абад облусу | B10: 107.6 | C10: 132.6 | D10: 163.3 | E10: 103.8 | F10: 179.4 | G10: Джалал-Абадская область
A11: Ысык-Көл облусу | B11: 125.4 | C11: 115.4 | D11: 116.1 | E11: 112.7 | F11: 120 | G11: Иссык-Кульская область
A12: Нарын облусу | B12: 129.6 | C12: 111 | D12: 118.7 | E12: 114.8 | F12: 106.7 | G12: Нарынская область
A13: Ош облусу | B13: 114.3 | C13: 109.3 | D13: 135.2 | E13: 86.1 | F13: 161.4 | G13: Ошская область
A14: Талас облусу | B14: 130.4 | C14: 86.9 | D14: 125.1 | E14: 96.5 | F14: 90.6 | G14: Таласская область
A15: Чүй облусу | B15: 98.1 | C15: 128.4 | D15: 111 | E15: 111.1 | F15: 121.2 | G15: Чуйская область
A16: Бишкек ш. | B16: 129.7 | C16: 108 | D16: 101.7 | E16: 122.6 | F16: 91.4 | G16: г.Бишкек
A17: Ош ш. | B17: 112.8 | C17: 113.4 | D17: 124.8 | E17: 102 | F17: 149.8 | G17: г.Ош
A19: Дүң соода буга автоунааларды жана мотоциклдерди сатуу кирбейт
A20: Оптовая торговля, кроме торговли автомобилями и мотоциклами
A22: Кыргыз Республикасы | B22: 136.4 | C22: 119.3 | D22: 119.7 | E22: 134 | F22: 117.6 | G22: Кыргызская Республика
A23: Баткен облусу | B23: 134.7 | C23: 137.8 | D23: 82.4 | E23: 131.2 | F23: 265.9 | G23: Баткенская область
A24: Жалал-Абад облусу | B24: 122.2 | C24: 97.5 | D24: 101.8 | E24: 161.5 | F24: 185.5 | G24: Джалал-Абадская область
A25: Ысык-Көл облусу | B25: 163.4 | C25: 159.5 | D25: 100.7 | E25: 118.5 | F25: 67.1 | G25: Иссык-Кульская область
A26: Нарын облусу | B26: 88 | C26: 76.1 | D26: 209.3 | E26: 167.8 | F26: 129.8 | G26: Нарынская область
A27: Ош облусу | B27: 88.8 | C27: 149.9 | D27: 111.5 | E27: 102.4 | F27: 82.1 | G27: Ошская область
A28: Талас облусу | B28: 97.5 | C28: 94.4 | D28: 103 | E28: 100.4 | F28: 140.8 | G28: Таласская область
A29: Чүй облусу | B29: 122 | C29: 103.1 | D29: 130.9 | E29: 248 | F29: 82.6 | G29: Чуйская область
A30: Бишкек ш. | B30: 145 | C30: 122.3 | D30: 120 | E30: 123.9 | F30: 124 | G30: г.Бишкек
A31: Ош ш. | B31: 106.9 | C31: 104.3 | D31: 114.5 | E31: 118.7 | F31: 114.8 | G31: г.Ош
A33: Чекене соода, буга автоунааларды жана мотоциклдерди сатуу кирбейт
A34: Розничная торговля, кроме торговли автомобилями и мотоциклами
A36: Кыргыз Республикасы | B36: 113.3 | C36: 107.6 | D36: 112.8 | E36: 114.7 | F36: 113.8 | G36: Кыргызская Республика
A37: Баткен облусу | B37: 104.5 | C37: 105.5 | D37: 107 | E37: 105.4 | F37: 105.3 | G37: Баткенская область
A38: Жалал-Абад облусу | B38: 109.8 | C38: 105.4 | D38: 107.3 | E38: 108.4 | F38: 115.9 | G38: Джалал-Абадская область
A39: Ысык-Көл облусу | B39: 104.6 | C39: 105.7 | D39: 111.8 | E39: 108.7 | F39: 104.4 | G39: Иссык-Кульская область
A40: Нарын облусу | B40: 102.2 | C40: 102 | D40: 105.6 | E40: 108.4 | F40: 103 | G40: Нарынская область
A41: Ош облусу | B41: 116.3 | C41: 109.2 | D41: 113.6 | E41: 120 | F41: 103.9 | G41: Ошская область
A42: Талас облусу | B42: 105.4 | C42: 119.1 | D42: 117.2 | E42: 113.1 | F42: 110 | G42: Таласская область
A43: Чүй облусу | B43: 101.6 | C43: 109 | D43: 110.6 | E43: 120.4 | F43: 106.1 | G43: Чуйская область
A44: Бишкек ш. | B44: 120.6 | C44: 107.6 | D44: 117.6 | E44: 118.7 | F44: 122 | G44: г.Бишкек
A45: Ош ш. | B45: 118.2 | C45: 105.5 | D45: 106.6 | E45: 102.6 | F45: 105.3 | G45: г.Ош

Sheet 2.3.
A1: Мазмуну | G1: Содержание
A2: 2.3. Мейманканалар менен ресторан- дардын аймактар боюнча жүгүртүүсү | F2: Оборот гостиниц и ресторанов по территории
A3: (млн. сом) | F3: (млн. сомов)
B4: 2021 | C4: 2022 | D4: 2023 | E4: 2024 | F4: 2025
B6: Бардыгы - Всего
A8: Кыргыз Республикасы | B8: 21315.6 | C8: 29849.2 | D8: 42061.6 | E8: 59286.8 | F8: 79774 | G8: Кыргызская Республика
A9: Баткен облусу | B9: 1064.3 | C9: 1240.2 | D9: 1499.9 | E9: 1736.3 | F9: 1900.7 | G9: Баткенская область
A10: Жалал-Абад облусу | B10: 2715.6 | C10: 3366.6 | D10: 4197.9 | E10: 4748.9 | F10: 6765 | G10: Джалал-Абадская область
A11: Ысык-Көл облусу | B11: 796.1 | C11: 1219 | D11: 1400.3 | E11: 2520.3 | F11: 3941.2 | G11: Иссык-Кульская область
A12: Нарын облусу | B12: 74.2 | C12: 88 | D12: 112.8 | E12: 257.1 | F12: 371.2 | G12: Нарынская область
A13: Ош облусу | B13: 1196.5 | C13: 1435.7 | D13: 1699.3 | E13: 2087.3 | F13: 2854.7 | G13: Ошская область
A14: Талас облусу | B14: 263.9 | C14: 448.3 | D14: 526.3 | E14: 610.6 | F14: 730.4 | G14: Таласская область
A15: Чүй облусу | B15: 2676 | C15: 4129.4 | D15: 5607.8 | E15: 3442.2 | F15: 3912.3 | G15: Чуйская область
A16: Бишкек ш. | B16: 10242.8 | C16: 15119.5 | D16: 23743.9 | E16: 40428.3 | F16: 54779.2 | G16: г.Бишкек
A17: Ош ш. | B17: 2286.2 | C17: 2802.5 | D17: 3273.4 | E17: 3455.8 | F17: 4519.3 | G17: г.Ош
A19: Мейманканалардын жана туристтик жашоо үчүн, ошондой эле кыска мөөнөткө жашоо үчүн башка жайлардын кызмат көрсөтүүсү
A20: Гостиниц и услуг для туристского проживания, а также прочих мест для краткосрочного проживания
A22: Кыргыз Республикасы | B22: 1812.5 | C22: 3968.6 | D22: 6053.2 | E22: 9684.1 | F22: 13866.4 | G22: Кыргызская Республика
A23: Баткен облусу | B23: 8 | C23: 9.9 | D23: 18 | E23: 25.4 | F23: 20.6 | G23: Баткенская область
A24: Жалал-Абад облусу | B24: 56.9 | C24: 64.2 | D24: 90.2 | E24: 134.4 | F24: 256.8 | G24: Джалал-Абадская область
A25: Ысык-Көл облусу | B25: 525.7 | C25: 822.1 | D25: 893 | E25: 1705.4 | F25: 3013.8 | G25: Иссык-Кульская область
A26: Нарын облусу | B26: 7.9 | C26: 8.7 | D26: 12.5 | E26: 79.8 | F26: 237.6 | G26: Нарынская область
A27: Ош облусу | B27: 13 | C27: 14.7 | D27: 65.6 | E27: 64.4 | F27: 74 | G27: Ошская область
A28: Талас облусу | B28: 18.5 | C28: 19.1 | D28: 19.2 | E28: 17.8 | F28: 13.9 | G28: Таласская область
A29: Чүй облусу | B29: 26.8 | C29: 56.1 | D29: 61.4 | E29: 205.3 | F29: 199.6 | G29: Чуйская область
A30: Бишкек ш. | B30: 1070.6 | C30: 2872.1 | D30: 4724.6 | E30: 7137.8 | F30: 9441.1 | G30: г.Бишкек
A31: Ош ш. | B31: 85.1 | C31: 101.7 | D31: 168.7 | E31: 313.8 | F31: 609 | G31: г.Ош
A33: Ресторандардын, барлардын, даяр тамак-аш менен камсыздоо боюнча мобилдүү жана башка кызмат көрсөтүүлөр
A34: Ресторанов, баров, мобильных и прочих услуг по обеспечению пищей
A36: Кыргыз Республикасы | B36: 19503.1 | C36: 25880.6 | D36: 36008.4 | E36: 49602.7 | F36: 65907.6 | G36: Кыргызская Республика
A37: Баткен облусу | B37: 1056.4 | C37: 1230.3 | D37: 1481.9 | E37: 1710.9 | F37: 1880.1 | G37: Баткенская область
A38: Жалал-Абад облусу | B38: 2658.7 | C38: 3302.4 | D38: 4107.7 | E38: 4614.5 | F38: 6508.2 | G38: Джалал-Абадская область
A39: Ысык-Көл облусу | B39: 270.3 | C39: 396.9 | D39: 507.3 | E39: 814.8 | F39: 927.4 | G39: Иссык-Кульская область
A40: Нарын облусу | B40: 66.3 | C40: 79.3 | D40: 100.3 | E40: 177.3 | F40: 133.7 | G40: Нарынская область
A41: Ош облусу | B41: 1183.5 | C41: 1420.9 | D41: 1633.6 | E41: 2023 | F41: 2780.7 | G41: Ошская область
A42: Талас облусу | B42: 245.4 | C42: 429.3 | D42: 507.1 | E42: 592.9 | F42: 716.5 | G42: Таласская область
A43: Чүй облусу | B43: 2649.3 | C43: 4073.3 | D43: 5546.4 | E43: 3236.9 | F43: 3712.6 | G43: Чуйская область
A44: Бишкек ш. | B44: 9172.1 | C44: 12247.4 | D44: 19019.3 | E44: 33290.4 | F44: 45338.1 | G44: г.Бишкек
A45: Ош ш. | B45: 2201.1 | C45: 2700.8 | D45: 3104.8 | E45: 3142 | F45: 3910.3 | G45: г.Ош

Sheet 2.4.
A1: Мазмуну | G1: Содержание
A2: 2.4. Мейманканалар менен ресторандардын жүгүртүүсүнүн физикалык көлөмүнүн индекстери | F2: Индексы физического объема оборота гостиниц и ресторанов
A3: (мурунку жылга карата пайыз менен) | D3: (в процентах к предыдущему году)
B4: 2021 | C4: 2022 | D4: 2023 | E4: 2024 | F4: 2025
B6: Бардыгы - Всего
A8: Кыргыз Республикасы | B8: 117 | C8: 120.5 | D8: 126 | E8: 137 | F8: 124.6 | G8: Кыргызская Республика
A9: Баткен облусу | B9: 102.2 | C9: 101.4 | D9: 108.6 | E9: 111.9 | F9: 102 | G9: Баткенская область
A10: Жалал-Абад облусу | B10: 107.1 | C10: 107.5 | D10: 108.6 | E10: 111.2 | F10: 130.3 | G10: Джалал-Абадская область
A11: Ысык-Көл облусу | B11: 249.7 | C11: 149.6 | D11: 111.3 | E11: 176.7 | F11: 154.8 | G11: Иссык-Кульская область
A12: Нарын облусу | B12: 107.5 | C12: 100.4 | D12: 113.2 | E12: 220.2 | F12: 138.1 | G12: Нарынская область
A13: Ош облусу | B13: 107.7 | C13: 109 | D13: 110.2 | E13: 117.9 | F13: 125.2 | G13: Ошская область
A14: Талас облусу | B14: 135.1 | C14: 150.2 | D14: 107 | E14: 111.5 | F14: 112.3 | G14: Таласская область
A15: Чүй облусу | B15: 219.2 | C15: 135 | D15: 124.7 | E15: 60.4 | F15: 105 | G15: Чуйская область
A16: Бишкек ш. | B16: 106.9 | C16: 123.7 | D16: 139.1 | E16: 165.3 | F16: 125.6 | G16: г.Бишкек
A17: Ош ш. | B17: 104.7 | C17: 106.8 | D17: 103.9 | E17: 101.7 | F17: 115.9 | G17: г.Ош
A19: Мейманканалардын жана туристтик жашоо үчүн, ошондой эле кыска мөөнөткө жашоо үчүн башка жайлардын кызмат көрсөтүүсү
A20: Гостиниц и услуг для туристического проживания, а также прочих мест для краткосрочного проживания
A22: Кыргыз Республикасы | B22: 164 | C22: 184.5 | D22: 122.3 | E22: 155.4 | F22: 137.7 | G22: Кыргызская Республика
A23: Баткен облусу | B23: 122.1 | C23: 116.9 | D23: 121.8 | E23: 116.2 | F23: 70.5 | G23: Баткенская область
A24: Жалал-Абад облусу | B24: 131 | C24: 99 | D24: 101.5 | E24: 124 | F24: 172 | G24: Джалал-Абадская область
A25: Ысык-Көл облусу | B25: 490 | C25: 160.1 | D25: 107.9 | E25: 189.7 | F25: 179.2 | G25: Иссык-Кульская область
A26: Нарын облусу | B26: 209.6 | C26: 104.9 | D26: 137.3 | E26: 601.1 | F26: 290.2 | G26: Нарынская область
A27: Ош облусу | B27: 175.1 | C27: 113.4 | D27: 445.7 | E27: 98 | F27: 115 | G27: Ошская область
A28: Талас облусу | B28: 100.2 | C28: 102.3 | D28: 103.1 | E28: 90.4 | F28: 77.7 | G28: Таласская область
A29: Чүй облусу | B29: 110.2 | C29: 192.4 | D29: 100.9 | E29: 326.8 | F29: 87.3 | G29: Чуйская область
A30: Бишкек ш. | B30: 130 | C30: 209.7 | D30: 126.5 | E30: 146.5 | F30: 127.4 | G30: г.Бишкек
A31: Ош ш. | B31: 132.1 | C31: 116.1 | D31: 100.3 | E31: 176.6 | F31: 155.5 | G31: г.Ош
A33: Ресторандардын, барлардын, даяр тамак-аш менен камсыздоо боюнча мобилдүү жана башка кызмат көрсөтүүлөр
A34: Ресторанов, баров, мобильных и прочих услуг по обеспечению пищей
A36: Кыргыз Республикасы | B36: 113.3 | C36: 114.6 | D36: 126.6 | E36: 133.9 | F36: 122 | G36: Кыргызская Республика
A37: Баткен облусу | B37: 102.1 | C37: 101.2 | D37: 108.5 | E37: 111.9 | F37: 102.5 | G37: Баткенская область
A38: Жалал-Абад облусу | B38: 106.7 | C38: 107.7 | D38: 108.7 | E38: 111 | F38: 129 | G38: Джалал-Абадская область
A39: Ысык-Көл облусу | B39: 117.2 | C39: 129.2 | D39: 118.5 | E39: 153.9 | F39: 103.8 | G39: Иссык-Кульская область
A40: Нарын облусу | B40: 100.8 | C40: 99.8 | D40: 110.6 | E40: 172.7 | F40: 69.6 | G40: Нарынская область
A41: Ош облусу | B41: 107.2 | C41: 109 | D41: 106.7 | E41: 118.7 | F41: 125.5 | G41: Ошская область
A42: Талас облусу | B42: 139.3 | C42: 153.8 | D42: 107.1 | E42: 112.3 | F42: 113.4 | G42: Таласская область
A43: Чүй облусу | B43: 221.8 | C43: 134.4 | D43: 125.1 | E43: 57.5 | F43: 106.1 | G43: Чуйская область
A44: Бишкек ш. | B44: 104.3 | C44: 113.7 | D44: 142 | E44: 169.9 | F44: 125.2 | G44: г.Бишкек
A45: Ош ш. | B45: 103.7 | C45: 106.4 | D45: 104.1 | E45: 97.6 | F45: 111.9 | G45: г.Ош

Sheet 2.5.
A1: Мазмуну | G1: Содержание
A2: 2.5. Тамактануу ишканаларын кошкондогу чекене соода жүгүртүү | F2: Оборот розничной торговли, включая предприятия питания
B4: 2021 | C4: 2022 | D4: 2023 | E4: 2024 | F4: 2025
B6: Млн.сом - Млн.сомов
A8: Кыргыз Республикасы | B8: 471605 | C8: 608432.4 | D8: 771972.3 | E8: 927882.5 | F8: 1166147.7 | G8: Кыргызская Республика
A9: Баткен облусу | B9: 16476.3 | C9: 20056.9 | D9: 24144.8 | E9: 25546.8 | F9: 29762.4 | G9: Баткенская область
A10: Жалал-Абад облусу | B10: 67340.3 | C10: 86618.5 | D10: 109588.6 | E10: 123642.4 | F10: 172126.8 | G10: Джалал-Абадская область
A11: Ысык-Көл облусу | B11: 21751.2 | C11: 27466.6 | D11: 32819.9 | E11: 39299.7 | F11: 45834.8 | G11: Иссык-Кульская область
A12: Нарын облусу | B12: 9837.8 | C12: 12383.1 | D12: 15123.1 | E12: 17700.6 | F12: 19520.3 | G12: Нарынская область
A13: Ош облусу | B13: 43096 | C13: 52975.5 | D13: 65192.9 | E13: 78609.3 | F13: 93562.4 | G13: Ошская область
A14: Талас облусу | B14: 15967.2 | C14: 21005.8 | D14: 26742.8 | E14: 30604.6 | F14: 34829.7 | G14: Таласская область
A15: Чүй облусу | B15: 69153.4 | C15: 94366.3 | D15: 110977.7 | E15: 132532.4 | F15: 162018.2 | G15: Чуйская область
A16: Бишкек ш. | B16: 182699.7 | C16: 237822.3 | D16: 318542.9 | E16: 404562.7 | F16: 514325.5 | G16: г.Бишкек
A17: Ош ш. | B17: 45283.1 | C17: 55737.3 | D17: 68839.6 | E17: 75384 | F17: 94167.6 | G17: г.Ош
A19: Жыйынтыкка карата пайыз менен - В процентах к итогу
A21: Кыргыз Республикасы | B21: 100 | C21: 100 | D21: 100 | E21: 100 | F21: 100 | G21: Кыргызская Республика
A22: Баткен облусу | B22: 3.4936652 | C22: 3.2964878 | D22: 3.127677 | E22: 2.7532365 | F22: 2.5521981 | G22: Баткенская область
A23: Жалал-Абад облусу | B23: 14.278962 | C23: 14.236339 | D23: 14.195924 | E23: 13.325222 | F23: 14.760292 | G23: Джалал-Абадская область
A24: Ысык-Көл облусу | B24: 4.6121648 | C24: 4.5143224 | D24: 4.2514349 | E24: 4.2354177 | F24: 3.9304455 | G24: Иссык-Кульская область
A25: Нарын облусу | B25: 2.0860254 | C25: 2.0352466 | D25: 1.9590211 | E25: 1.9076338 | F25: 1.6739132 | G25: Нарынская область
A26: Ош облусу | B26: 9.1381559 | C26: 8.7068835 | D26: 8.4449792 | E26: 8.4719024 | F26: 8.0232032 | G26: Ошская область
A27: Талас облусу | B27: 3.3857147 | C27: 3.452446 | D27: 3.4642176 | E27: 3.2983271 | F27: 2.9867314 | G27: Таласская область
A28: Чүй облусу | B28: 14.663415 | C28: 15.509743 | D28: 14.375866 | E28: 14.283317 | F28: 13.893454 | G28: Чуйская область
A29: Бишкек ш. | B29: 38.739984 | C29: 39.087711 | D29: 41.263514 | E29: 43.600639 | F29: 44.104662 | G29: г.Бишкек
A30: Ош ш. | B30: 9.6019126 | C30: 9.1608041 | D30: 8.9173666 | E30: 8.1243045 | F30: 8.0751006 | G30: г.Ош
A32: Мурунку жылга карата пайыз менен - В процентах к предыдущему году
A34: Кыргыз Республикасы | B34: 116.2 | C34: 112.4 | D34: 114.5 | E34: 115.9 | F34: 118.1 | G34: Кыргызская Республика
A35: Баткен облусу | B35: 95.9 | C35: 106 | D35: 107.6 | E35: 101.8 | F35: 108.5 | G35: Баткенская область
A36: Жалал-Абад облусу | B36: 111.9 | C36: 111.2 | D36: 111.8 | E36: 109.9 | F36: 128.8 | G36: Джалал-Абадская область
A37: Ысык-Көл облусу | B37: 113.2 | C37: 111.7 | D37: 110.4 | E37: 113.8 | F37: 107.3 | G37: Иссык-Кульская область
A38: Нарын облусу | B38: 111.4 | C38: 106.1 | D38: 105 | E38: 112.5 | F38: 103 | G38: Нарынская область
A39: Ош облусу | B39: 119.4 | C39: 111.9 | D39: 114 | E39: 114.9 | F39: 110.8 | G39: Ошская область
A40: Талас облусу | B40: 112.7 | C40: 116.1 | D40: 115.3 | E40: 108.7 | F40: 107.5 | G40: Таласская область
A41: Чүй облусу | B41: 108.7 | C41: 120.3 | D41: 108.4 | E41: 118.7 | F41: 114.6 | G41: Чуйская область
A42: Бишкек ш. | B42: 123 | C42: 111.8 | D42: 121.4 | E42: 122.1 | F42: 118.4 | G42: г.Бишкек
A43: Ош ш. | B43: 118 | C43: 107.6 | D43: 106.4 | E43: 102.6 | F43: 114.2 | G43: г.Ош

Sheet 2.6.
A1: Мазмуну | G1: Содержание
A2: 2.6. Тамактануу ишканаларын кошкондогу чекене соода жүгүртүү | E2: Оборот розничной торговли, включая предприятия питания
A3: (млн.сом) | E3: (млн.сомов)
B4: 2021 | C4: 2022 | D4: 2023 | E4: 2024 | F4: 2025
A6: Кыргыз Республикасы | B6: 471605 | C6: 608432.4 | D6: 771972.3 | E6: 928154.2 | F6: 1166147.7 | G6: Кыргызская Республика
A7: Баткен облусу | B7: 16476.3 | C7: 20056.9 | D7: 24144.8 | E7: 25546.8 | F7: 29762.4 | G7: Баткенская область
A8: анын ичинде райондор: | G8: в том числе районы:
A9: Баткен | B9: 1845.5 | C9: 2022 | D9: 2271.6 | E9: 2131.7 | F9: 2764.2 | G9: Баткенский
A10: Баткен ш. | B10: 1335 | C10: 1815.5 | D10: 2328.3 | E10: 2543.1 | F10: 3029.8 | G10: г.Баткен
A11: Кадамжай | B11: 3088.6 | C11: 3756.7 | D11: 4988.5 | E11: 6271 | F11: 7030.4 | G11: Кадамжайский
A12: Лейлек | B12: 3510.1 | C12: 4038.9 | D12: 5073.1 | E12: 4810.4 | F12: 6037.9 | G12: Лейлекский
A13: Сүлүктү ш. | B13: 497.2 | C13: 690.3 | D13: 800 | E13: 904.8 | F13: 778.9 | G13: г.Сулюкта
A14: Кызыл-Кыя ш. | B14: 6199.9 | C14: 7733.5 | D14: 8683.3 | E14: 8885.8 | F14: 10121.2 | G14: г.Кызыл-Кия
A15: Жалал-Абад облусу | B15: 67340.3 | C15: 86618.5 | D15: 109588.6 | E15: 123642.4 | F15: 172126.8 | G15: Джалал-Абадская область
A16: анын ичинде райондор: | G16: в том числе районы:
A17: Аксы | B17: 6300.4 | C17: 7607.3 | D17: 9139.9 | E17: 13184.8 | F17: 16123.9 | G17: Аксыйский
A18: Ала-Бука | B18: 6027.4 | C18: 7361.2 | D18: 9078.4 | E18: 15427.8 | F18: 15559.4 | G18: Ала-Букинский
A19: Базар-Коргон | B19: 4184.4 | C19: 5345.3 | D19: 6445.9 | E19: 12788.6 | F19: 13287.2 | G19: Базар-Коргонский
A20: Ноокен | B20: 11195.2 | C20: 14160.8 | D20: 17002.3 | E20: 18955.2 | F20: 20587.7 | G20: Ноокенский
A21: Кочкор-Ата ш. | B21: 5114.5 | C21: 6151.7 | D21: 7097.7 | E21: 2086.6 | F21: 2282 | G21: г.Кочкор-Ата
A22: Сузак | B22: 9659.9 | C22: 13309.8 | D22: 16811.9 | E22: 16974.1 | F22: 35171 | G22: Сузакский
A23: Көк-Жаңгак ш. | B23: 127.5 | C23: 151 | D23: 177 | E23: 177 | F23: 204.5 | G23: г.Кок-Жангак
A24: Тогуз-Торо | B24: 1039.4 | C24: 1253 | D24: 1499.9 | E24: 2247.6 | F24: 2324 | G24: Тогуз-Тороуский
A25: Токтогул | B25: 3842.6 | C25: 4705 | D25: 5621.2 | E25: 6733.2 | F25: 7551.4 | G25: Токтогульский
A26: Чаткал | B26: 655.2 | C26: 762 | D26: 910.2 | E26: 1024.2 | F26: 1067 | G26: Чаткальский
A27: Манас ш. | B27: 19920.5 | C27: 26741 | D27: 36741.2 | E27: 23152.1 | F27: 43316.7 | G27: г.Манас
A28: Кара-Көл ш. | B28: 1227.3 | C28: 1455.2 | D28: 1721.2 | E28: 1946.9 | F28: 2759.8 | G28: г.Кара-Куль
... A31: Ысык-Көл облусу | B31: 21751.2 | C31: 27466.6 | D31: 32819.9 | E31: 39305.9 | F31: 45834.8 | G31: Иссык-Кульская область
A32: анын ичинде райондор: | G32: в том числе районы:
A33: Ак-Суу | B33: 856.7 | C33: 1234.4 | D33: 1391.1 | E33: 1755.6 | F33: 2559.3 | G33: Ак-Суйский
A34: Каракол ш. | B34: 8325.7 | C34: 10287 | D34: 13079 | E34: 13859 | F34: 15935.2 | G34: г.Каракол
A35: Жети-өгүз | B35: 1886.5 | C35: 2282.8 | D35: 2508.4 | E35: 3931.1 | F35: 3430.2 | G35: Жети-Огузский
A36: Ысык-Көл | B36: 6590.2 | C36: 8650.5 | D36: 10026.9 | E36: 11897.3 | F36: 13118 | G36: Иссык-Кульский
A37: Чолпон-Ата ш. | B37: 2319.7 | C37: 2870.5 | D37: 3765.9 | E37: 4956.9 | F37: 6456.3 | G37: г.Чолпон-Ата
A38: Тоң | B38: 793.6 | C38: 944.5 | D38: 1146.2 | E38: 1203 | F38: 1365.2 | G38: Тонский
A39: Түп | B39: 698.8 | C39: 871.1 | D39: 989.8 | E39: 1209.1 | F39: 1336.2 | G39: Тюпский
A40: Балыкчы ш. | B40: 2599.7 | C40: 3196.3 | D40: 3678.5 | E40: 5450.8 | F40: 8090.6 | G40: г.Балыкчы
A41: Нарын облусу | B41: 9837.8 | C41: 12383.1 | D41: 15123.1 | E41: 17700.6 | F41: 19520.3 | G41: Нарынская область
A42: анын ичинде райондор: | G42: в том числе районы:
A43: Ак-Талаа | B43: 476.8 | C43: 562.9 | D43: 671 | E43: 772.1 | F43: 934 | G43: Ак-Талинский
A44: Ат-Башы | B44: 1619 | C44: 1940.8 | D44: 2417.1 | E44: 2808.1 | F44: 2997.9 | G44: Ат-Башынский
A45: Жумгал | B45: 1544.7 | C45: 1886.6 | D45: 2369.6 | E45: 2577.3 | F45: 3004.6 | G45: Жумгальский
A46: Кочкор | B46: 2553.3 | C46: 3175.3 | D46: 3812.2 | E46: 4386.9 | F46: 4697.5 | G46: Кочкорский
A47: Нарын | B47: 165.5 | C47: 218.2 | D47: 183.4 | E47: 232.9 | F47: 238.4 | G47: Нарынский
A48: Нарын ш. | B48: 3478.5 | C48: 4599.3 | D48: 5669.8 | E48: 6923.3 | F48: 7647.9 | G48: г.Нарын
A49: Ош облусу | B49: 43096 | C49: 52975.5 | D49: 65192.9 | E49: 78609.3 | F49: 93562.4 | G49: Ошская область
A50: анын ичинде райондор: | G50: в том числе районы:
A51: Алай | B51: 1442.4 | C51: 1751.8 | D51: 2072.7 | E51: 2498.3 | F51: 2790.9 | G51: Алайский
A52: Араван | B52: 1603.7 | C52: 1870.8 | D52: 2280.9 | E52: 2591.3 | F52: 3093.9 | G52: Араванский

Sheet 2.6. (2)
A1: Мазмуну | G1: Содержание
A2: уландысы | G2: продолжение
B3: 2021 | C3: 2022 | D3: 2023 | E3: 2024 | F3: 2025
A5: Кара-Кулжа | B5: 1179.8 | C5: 1368.6 | D5: 1538.3 | E5: 1825.3 | F5: 3312.6 | G5: Кара-Кулжинский
A6: Кара-Суу | B6: 24160.5 | C6: 30070.2 | D6: 38402.2 | E6: 47226.5 | F6: 52183 | G6: Кара-Сууский
A7: Кара-Суу ш. | B7: 14024.1 | C7: 15859.4 | D7: 18015.8 | E7: 20915.8 | F7: 39858.3 | G7: г.Кара-Суу
A8: Ноокат | B8: 5724.8 | C8: 6844.7 | D8: 7910.2 | E8: 10430.8 | F8: 13926.1 | G8: Ноокатский
A9: Өзгөн | B9: 7949.3 | C9: 9852 | D9: 11588.1 | E9: 12506.8 | F9: 16339.4 | G9: Узгенский
A10: Өзгөн ш. | B10: 5193.6 | C10: 5448.3 | D10: 6534.4 | E10: 7162.1 | F10: 11499 | G10: г.Узген
A11: Чоң-Алай | B11: 1035.5 | C11: 1217.4 | D11: 1400.5 | E11: 1530.2 | F11: 1916.5 | G11: Чон-Алайский
A12: Талас облусу | B12: 15967.2 | C12: 21005.8 | D12: 26742.8 | E12: 30604.6 | F12: 34829.7 | G12: Таласская область
A13: анын ичинде райондор: | G13: в том числе районы:
A14: Бакай-Ата | B14: 923 | C14: 1111.6 | D14: 1460.5 | E14: 1637.7 | F14: 1839.5 | G14: Бакай-Атинский
A15: Айтматов | B15: 2317 | C15: 3139.2 | D15: 4059.6 | E15: 4638.1 | F15: 5590.5 | G15: Айтматовский
A16: Манас | B16: 948.5 | C16: 1152.3 | D16: 1292.6 | E16: 1592.2 | F16: 1705.6 | G16: Манасский
A17: Талас | B17: 1462 | C17: 1816.2 | D17: 2225.9 | E17: 2715.7 | F17: 3226 | G17: Таласский
A18: Талас ш. | B18: 10316.7 | C18: 13786.5 | D18: 17704.2 | E18: 20020.9 | F18: 22468.1 | G18: г.Талас
A19: Чүй облусу | B19: 69153.4 | C19: 94366.3 | D19: 110977.7 | E19: 132803.9 | F19: 162018.2 | G19: Чуйская область
A20: анын ичинде райондор: | G20: в том числе районы:
A21: Аламүдүн | B21: 8731 | C21: 13513.5 | D21: 15324.5 | E21: 12407.5 | F21: 12235.9 | G21: Аламудунский
A22: Жайыл | B22: 10984.4 | C22: 14041 | D22: 18400.9 | E22: 21086 | F22: 4562.8 | G22: Жайылский
A23: Кара-Балта ш. | B23: 10946.6 | C23: 13842.4 | D23: 18368.8 | E23: 16310.5 | F23: 19817.9 | G23: г.Кара-Балта
A24: Кемин | B24: 3461 | C24: 6133.9 | D24: 6739.7 | E24: 5562.1 | F24: 7252.4 | G24: Кеминский
A25: Москва | B25: 6506.2 | C25: 8153.2 | D25: 10281.4 | E25: 16699 | F25: 24776.6 | G25: Московский
A26: Панфилов | B26: 3152.8 | C26: 4386.4 | D26: 5412.4 | E26: 5526.6 | F26: 8281.9 | G26: Панфиловский
A27: Сокулук | B27: 8815.3 | C27: 11724.5 | D27: 13360.3 | E27: 21742.9 | F27: 22442.1 | G27: Сокулукский
A28: Шопоков ш. | B28: 452 | C28: 948.6 | D28: 711.5 | E28: 1068.5 | F28: 803.8 | G28: г.Шопоков
A29: Ысык-Ата | B29: 21279.8 | C29: 26799.1 | D29: 29108.2 | E29: 34759.9 | F29: 10998.9 | G29: Ысык-Атинский
A30: Кант ш. | B30: 9520.9 | C30: 9586.8 | D30: 7234.2 | E30: 7824.9 | F30: 32674.3 | G30: г.Кант
A31: Чүй | B31: 1442.6 | C31: 1985.4 | D31: 2229.2 | E31: 2468.5 | F31: 2666.9 | G31: Чуйский
A32: Токмок ш. | B32: 4780.3 | C32: 7629.3 | D32: 10121.1 | E32: 12551.4 | F32: 16308.5 | G32: г.Токмок
A33: Бишкек ш. | B33: 182699.7 | C33: 237822.3 | D33: 318542.9 | E33: 404556.7 | F33: 514325.5 | G33: г.Бишкек
A34: анын ичинде райондор: | G34: в том числе районы:
A35: Ленин | B35: 48843.8 | C35: 62637.1 | D35: 84631.3 | E35: 99303.5 | F35: 103241.8 | G35: Ленинский
A36: Октябрь | B36: 29721.9 | C36: 41398.5 | D36: 67036 | E36: 102258.6 | F36: 122306.3 | G36: Октябрьский
A37: Биринчи Май | B37: 37425.9 | C37: 48333.7 | D37: 69186.8 | E37: 83516 | F37: 139716.6 | G37: Первомайский
A38: Свердлов | B38: 66708.1 | C38: 85453 | D38: 97688.8 | E38: 119478.6 | F38: 149060.8 | G38: Свердловский
A39: Ош ш. | B39: 45283.1 | C39: 55737.3 | D39: 68839.6 | E39: 75384 | F39: 94167.6 | G39: г.Ош

Sheet 2.7.
A1: Мазмуну | G1: Содержание
A2: 2.7. Тамактануу ишканаларын кошкондогу чекене соода жүгүртүүнүн физикалык көлөмүнүн индекстери | E2: Индексы физического объема оборота розничной торговли, включая предприятия питания
A3: (мурунку жылга карата пайыз менен) | D3: (в процентах к предыдущему году)
B4: 2021 | C4: 2022 | D4: 2023 | E4: 2024 | F4: 2025
A6: Кыргыз Республикасы | B6: 116.2 | C6: 112.4 | D6: 114.5 | E6: 115.9 | F6: 118.1 | G6: Кыргызская Республика
A7: Баткен облусу | B7: 95.9 | C7: 106 | D7: 107.6 | E7: 100.7 | F7: 109.7 | G7: Баткенская область
A8: анын ичинде райондор: | G8: в том числе районы:
A9: Баткен | B9: 89.7 | C9: 95.4 | D9: 106 | E9: 98.2 | F9: 119.5 | G9: Баткенский
A10: Баткен ш. | B10: 104.4 | C10: 118.5 | D10: 128.7 | E10: 104 | F10: 113.2 | G10: г.Баткен
A11: Кадамжай | B11: 129.4 | C11: 106 | D11: 123.6 | E11: 119.6 | F11: 106.1 | G11: Кадамжайский
A12: Лейлек | B12: 68.3 | C12: 100.2 | D12: 113.6 | E12: 100.6 | F12: 116.8 | G12: Лейлекский
A13: Сүлүктү ш. | B13: 111.4 | C13: 120.9 | D13: 109.9 | E13: 107.6 | F13: 100.8 | G13: г.Сулюкта
A14: Кызыл-Кыя ш. | B14: 105.5 | C14: 108.7 | D14: 108.1 | E14: 101.9 | F14: 107.4 | G14: г.Кызыл-Кия
A15: Жалал-Абад облусу | B15: 111.9 | C15: 111.2 | D15: 111.8 | E15: 104 | F15: 129.9 | G15: Джалал-Абадская область
A16: анын ичинде райондор: | G16: в том числе районы:
A17: Аксы | B17: 112.5 | C17: 104.4 | D17: 106.1 | E17: 134 | F17: 136.1 | G17: Аксыйский
A18: Ала-Бука | B18: 111.7 | C18: 105.6 | D18: 108.9 | E18: 160 | F18: 100.2 | G18: Ала-Букинский
A19: Базар-Коргон | B19: 118.2 | C19: 110.4 | D19: 106.5 | E19: 182 | F19: 100.1 | G19: Базар-Коргонский
A20: Ноокен | B20: 119.1 | C20: 109.4 | D20: 106.1 | E20: 102 | F20: 114.1 | G20: Ноокенский
A21: Кочкор-Ата ш. | B21: 108.8 | C21: 104 | D21: 101.9 | E21: 101.2 | F21: 105.2 | G21: г.Кочкор-Ата
A22: Сузак | B22: 116.8 | C22: 119.1 | D22: 111.6 | E22: 93 | F22: 183.5 | G22: Сузакский
A23: Көк-Жаңгак ш. | B23: 103.7 | C23: 102.4 | D23: 103.6 | E23: 103.5 | F23: 111.1 | G23: г.Кок-Жангак
A24: Тогуз-Торо | B24: 105.3 | C24: 104.2 | D24: 105.7 | E24: 138 | F24: 103.5 | G24: Тогуз-Тороуский
A25: Токтогул | B25: 116.1 | C25: 105.9 | D25: 105.5 | E25: 110 | F25: 118.9 | G25: Токтогульский
A26: Чаткал | B26: 107.6 | C26: 100.6 | D26: 105.5 | E26: 103 | F26: 106.9 | G26: Чаткальский
A27: Жалал-Абад ш. | B27: 105.8 | C27: 116.1 | D27: 121.4 | E27: 58 | F27: 181.3 | G27: г.Джалал-Абад
A28: Кара-Көл ш. | B28: 106.6 | C28: 102.5 | D28: 104.5 | E28: 104 | F28: 135.2 | G28: г.Кара-Куль
... A31: Ысык-Көл облусу | B31: 113.2 | C31: 111.7 | D31: 110.4 | E31: 113.8 | F31: 108.9 | G31: Иссык-Кульская область
A32: анын ичинде райондор: | G32: в том числе районы:
A33: Ак-Суу | B33: 120.2 | C33: 127.5 | D33: 104.1 | E33: 119.9 | F33: 149.7 | G33: Ак-Суйский
A34: Каракол ш. | B34: 108.4 | C34: 109.3 | D34: 117.5 | E34: 100.7 | F34: 101.2 | G34: г.Каракол
A35: Жети-өгүз | B35: 131.6 | C35: 107.1 | D35: 101.5 | E35: 148.9 | F35: 104.4 | G35: Жети-Огузский
A36: Ысык-Көл | B36: 114.1 | C36: 116.2 | D36: 107.1 | E36: 112.8 | F36: 104.9 | G36: Иссык-Кульский
A37: Чолпон-Ата ш. | B37: 90.2 | C37: 109.5 | D37: 166.4 | E37: 125.1 | F37: 105.9 | G37: г.Чолпон-Ата
A38: Тоң | B38: 103.4 | C38: 105.3 | D38: 121.4 | E38: 99.7 | F38: 102.4 | G38: Тонский
A39: Түп | B39: 121.7 | C39: 110.3 | D39: 113.6 | E39: 116.1 | F39: 101.4 | G39: Тюпский
A40: Балыкчы ш. | B40: 114.4 | C40: 108.8 | D40: 115.1 | E40: 140.8 | F40: 134.9 | G40: г.Балыкчы
A41: Нарын облусу | B41: 111.4 | C41: 106.1 | D41: 105 | E41: 112.4 | F41: 103.8 | G41: Нарынская область
A42: анын ичинде райондор: | G42: в том числе районы:
A43: Ак-Талаа | B43: 108.7 | C43: 99.5 | D43: 102.5 | E43: 110.5 | F43: 114.4 | G43: Ак-Талинский
A44: Ат-Башы | B44: 102.2 | C44: 101 | D44: 107.1 | E44: 111.6 | F44: 100.6 | G44: Ат-Башынский
A45: Жумгал | B45: 106.9 | C45: 102.9 | D45: 108 | E45: 104.5 | F45: 109.6 | G45: Жумгальский
A46: Кочкор | B46: 116.6 | C46: 104.8 | D46: 103.2 | E46: 110.5 | F46: 104.3 | G46: Кочкорский
A47: Нарын | B47: 109.2 | C47: 111.1 | D47: 72.3 | E47: 122.1 | F47: 103.2 | G47: Нарынский
A48: Нарын ш. | B48: 115.2 | C48: 111.4 | D48: 106 | E48: 117.3 | F48: 105.5 | G48: г.Нарын
A49: Ош облусу | B49: 119.4 | C49: 111.9 | D49: 114 | E49: 114.9 | F49: 111.6 | G49: Ошская область
A50: анын ичинде райондор: | G50: в том числе районы:
A51: Алай | B51: 112.5 | C51: 110.6 | D51: 109.6 | E51: 114.9 | F51: 132.2 | G51: Алайский
A52: Араван | B52: 118.1 | C52: 106.2 | D52: 113 | E52: 108.3 | F52: 113.7 | G52: Араванский

Sheet 2.7. (2)
A1: Мазмуну | G1: Содержание
A2: уландысы | G2: продолжение
B3: 2021 | C3: 2022 | D3: 2023 | E3: 2024 | F3: 2025
A5: Кара-Кулжа | B5: 118.5 | C5: 105.6 | D5: 104.2 | E5: 113.1 | F5: 124.5 | G5: Кара-Кулжинский
A6: Кара-Суу | B6: 117.5 | C6: 113.3 | D6: 118.3 | E6: 117.2 | F6: 104.7 | G6: Кара-Сууский
A7: Кара-Суу ш. | B7: 105.8 | C7: 103 | D7: 105.2 | E7: 110.7 | F7: 175.8 | G7: г.Кара-Суу
A8: Ноокат | B8: 122.2 | C8: 108.9 | D8: 107.1 | E8: 125.7 | F8: 118.2 | G8: Ноокатский
A9: Өзгөн | B9: 125.1 | C9: 112.8 | D9: 109 | E9: 102.9 | F9: 127.3 | G9: Узгенский
A10: Өзгөн ш. | B10: 124.4 | C10: 100.8 | D10: 105.4 | E10: 104.8 | F10: 149.5 | G10: г.Узген
A11: Чоң-Алай | B11: 120.2 | C11: 107 | D11: 106.6 | E11: 104.2 | F11: 129.2 | G11: Чон-Алайский
A12: Талас облусу | B12: 112.7 | C12: 116.1 | D12: 115.3 | E12: 111.5 | F12: 107.6 | G12: Таласская область
A13: анын ичинде райондор: | G13: в том числе районы:
A14: Бакай-Ата | B14: 100.7 | C14: 106.3 | D14: 119 | E14: 109.3 | F14: 106.3 | G14: Бакай-Атинский
A15: Айтматов | B15: 118.5 | C15: 119.6 | D15: 117.1 | E15: 111.4 | F15: 114.3 | G15: Айтматовский
A16: Манас | B16: 100.5 | C16: 107.2 | D16: 101.6 | E16: 120.1 | F16: 101.4 | G16: Манасский
A17: Талас | B17: 116.4 | C17: 109.6 | D17: 112.6 | E17: 118.9 | F17: 112.7 | G17: Таласский
A18: Талас ш. | B18: 113.4 | C18: 117.9 | D18: 116.1 | E18: 110.2 | F18: 104.1 | G18: г.Талас
A19: Чүй облусу | B19: 108.7 | C19: 120.3 | D19: 108.4 | E19: 119 | F19: 115.3 | G19: Чуйская область
A20: анын ичинде райондор: | G20: в том числе районы:
A21: Аламүдүн | B21: 168.5 | C21: 136.5 | D21: 104.5 | E21: 80.5 | F21: 100.1 | G21: Аламудунский
A22: Жайыл | B22: 116.2 | C22: 112.7 | D22: 120.8 | E22: 129 | F22: 100.2 | G22: Жайылский
A23: Кара-Балта ш. | B23: 116.3 | C23: 111.5 | D23: 122.3 | E23: 110.1 | F23: 114.6 | G23: г.Кара-Балта
A24: Кемин | B24: 67.4 | C24: 156.3 | D24: 101.3 | E24: 99.8 | F24: 123.1 | G24: Кеминский
A25: Москва | B25: 109.3 | C25: 110.5 | D25: 116.2 | E25: 161.5 | F25: 139.5 | G25: Московский
A26: Панфилов | B26: 106.8 | C26: 122.7 | D26: 113.7 | E26: 101.5 | F26: 141.2 | G26: Панфиловский
A27: Сокулук | B27: 103.2 | C27: 117.3 | D27: 105 | E27: 161.8 | F27: 100.5 | G27: Сокулукский
A28: Шопоков ш. | B28: 101.2 | C28: 185.1 | D28: 69.1 | E28: 149.3 | F28: 165 | G28: г.Шопоков
A29: Ысык-Ата | B29: 103.9 | C29: 111.1 | D29: 100.1 | E29: 107.5 | F29: 132.5 | G29: Ысык-Атинский
A30: Кант ш. | B30: 84.3 | C30: 88.8 | D30: 69.5 | E30: 122.4 | F30: 114.6 | G30: г.Кант
A31: Чүй | B31: 99.9 | C31: 121.4 | D31: 103.5 | E31: 110.1 | F31: 101.4 | G31: Чуйский
A32: Токмок ш. | B32: 107 | C32: 140.8 | D32: 122.3 | E32: 123.3 | F32: 123.2 | G32: г.Токмок
A33: Бишкек ш. | B33: 123 | C33: 111.8 | D33: 121.4 | E33: 123.5 | F33: 120.1 | G33: г.Бишкек
A34: анын ичинде райондор: | G34: в том числе районы:
A35: Ленин | B35: 127.4 | C35: 110.1 | D35: 122.5 | E35: 114.3 | F35: 123.1 | G35: Ленинский
A36: Октябрь | B36: 126.6 | C36: 119.6 | D36: 146.8 | E36: 147.6 | F36: 111.1 | G36: Октябрьский
A37: Биринчи Май | B37: 137.8 | C37: 110.9 | D37: 129.8 | E37: 116.9 | F37: 153 | G37: Первомайский
A38: Свердлов | B38: 112 | C38: 110 | D38: 103.6 | E38: 119.6 | F38: 117.7 | G38: Свердловский
A39: Ош ш. | B39: 118 | C39: 107.6 | D39: 106.4 | E39: 102.6 | F39: 118.4 | G39: г.Ош

Sheet 2.8.
A2: Мазмуну | G2: Содержание
A3: 2.8. Тамактануу ишканаларын кошкондогу сатуучу ишканалардын чекене соода жүгүртүүсү | E3: Оборот розничной торговли торгующих предприятий, включая предприятия питания
B5: 2021 | C5: 2022 | D5: 2023 | E5: 2024 | F5: 2025
B7: Млн.сом - Млн.сомов
A9: Кыргыз Республикасы | B9: 293289.4 | C9: 384678.4 | D9: 499324.7 | E9: 645243 | F9: 783946.4 | G9: Кыргызская Республика
A10: Баткен облусу | B10: 12696.9 | C10: 14974.4 | D10: 17925.2 | E10: 19278.8 | F10: 22553.3 | G10: Баткенская область
A11: Жалал-Абад облусу | B11: 34571.4 | C11: 46725.2 | D11: 61108.3 | E11: 86240.3 | F11: 113772.1 | G11: Джалал-Абадская область
A12: Ысык-Көл облусу | B12: 11511.1 | C12: 15049.2 | D12: 17295.1 | E12: 33697.6 | F12: 39177.3 | G12: Иссык-Кульская область
A13: Нарын облусу | B13: 3363.6 | C13: 6147 | D13: 5416 | E13: 6928.3 | F13: 7895.9 | G13: Нарынская область
A14: Ош облусу | B14: 10199.1 | C14: 13133.9 | D14: 16479.6 | E14: 23372.9 | F14: 22700.9 | G14: Ошская область
A15: Талас облусу | B15: 11884.7 | C15: 13174.5 | D15: 17581.2 | E15: 21215.5 | F15: 24788.4 | G15: Таласская область
A16: Чүй облусу | B16: 53904.6 | C16: 72916.1 | D16: 83962.4 | E16: 93261 | F16: 102842.4 | G16: Чуйская область
A17: Бишкек ш. | B17: 128396.7 | C17: 171060.2 | D17: 239032.3 | E17: 313382.7 | F17: 393467.5 | G17: г.Бишкек
A18: Ош ш. | B18: 26761.3 | C18: 31497.9 | D18: 40524.6 | E18: 47865.9 | F18: 56748.6 | G18: г.Ош
A20: Чөлкөмдүн чекене соодасынын жалпы жүгүртүүсүнө карата пайыз менен - В процентах к общему обороту розничной торговли региона
A22: Кыргыз Республикасы | B22: 61.2 | C22: 62.2 | D22: 64.681686 | E22: 69.539301 | F22: 67.225309 | G22: Кыргызская Республика
A23: Баткен облусу | B23: 78.9 | C23: 77.1 | D23: 74.240109 | E23: 75.464637 | F23: 75.777827 | G23: Баткенская область
A24: Жалал-Абад облусу | B24: 51.2 | C24: 51.3 | D24: 55.761548 | E24: 69.749778 | F24: 66.097842 | G24: Джалал-Абадская область
A25: Ысык-Көл облусу | B25: 48.3 | C25: 52.9 | D25: 52.696992 | E25: 85.745184 | F25: 85.47501 | G25: Иссык-Кульская область
A26: Нарын облусу | B26: 29.7 | C26: 34.2 | D26: 35.812763 | E26: 39.141611 | F26: 40.449686 | G26: Нарынская область
A27: Ош облусу | B27: 22.2 | C27: 23.7 | D27: 25.278213 | E27: 29.732996 | F27: 24.262845 | G27: Ошская область
A28: Талас облусу | B28: 70.7 | C28: 74.4 | D28: 65.741807 | E28: 69.321279 | F28: 71.170294 | G28: Таласская область
A29: Чүй облусу | B29: 76.6 | C29: 77.9 | D29: 75.657001 | E29: 70.368453 | F29: 63.475832 | G29: Чуйская область
A30: Бишкек ш. | B30: 71 | C30: 70.3 | D30: 75.03928 | E30: 77.462084 | F30: 76.501651 | G30: г.Бишкек
A31: Ош ш. | B31: 52.7 | C31: 59.1 | D31: 58.868237 | E31: 63.4961 | F31: 60.263403 | G31: г.Ош
A33: Мурунку жылга карата пайыз менен - В процентах к предыдущему году
A35: Кыргыз Республикасы | B35: 118.1 | C35: 114 | D35: 117.2 | E35: 124.7 | F35: 114.4 | G35: Кыргызская Республика
A36: Баткен облусу | B36: 93.7 | C36: 102.7 | D36: 107 | E36: 103.5 | F36: 108.9 | G36: Баткенская область
A37: Жалал-Абад облусу | B37: 112.2 | C37: 116.9 | D37: 115.5 | E37: 137.5 | F37: 125.9 | G37: Джалал-Абадская область
A38: Ысык-Көл облусу | B38: 124.1 | C38: 115.7 | D38: 106.2 | E38: 185.2 | F38: 111.5 | G38: Иссык-Кульская область
A39: Нарын облусу | B39: 128.4 | C39: 154 | D39: 105.9 | E39: 122.9 | F39: 106.5 | G39: Нарынская область
A40: Ош облусу | B40: 127.5 | C40: 117.2 | D40: 116.3 | E40: 135.2 | F40: 94.2 | G40: Ошская область
A41: Талас облусу | B41: 118.6 | C41: 97.8 | D41: 120.7 | E41: 114.6 | F41: 110.4 | G41: Таласская область
A42: Чүй облусу | B42: 110.7 | C42: 119.3 | D42: 106.1 | E42: 110.4 | F42: 95.6 | G42: Чуйская область
A43: Бишкек ш. | B43: 121.8 | C43: 114.4 | D43: 125.4 | E43: 126 | F43: 119.7 | G43: г.Бишкек
A44: Ош ш. | B44: 132.4 | C44: 102.9 | D44: 110.9 | E44: 110.7 | F44: 117.4 | G44: г.Ош

Sheet 2.9.
A2: Мазмуну | G2: Содержание
A3: 2.9. Буюм-терим, аралаш жана азык-түлүк базарлардын чекене соода жүгүртүүсү | E3: Оборот розничной торговли вещевых, смешанных и продовольственных рынков
B5: 2021 | C5: 2022 | D5: 2023 | E5: 2024 | F5: 2025
B7: Млн.сом - Млн.сомов
A9: Кыргыз Республикасы | B9: 178315.6 | C9: 223754 | D9: 272647.6 | E9: 282639.5 | F9: 382201.3 | G9: Кыргызская Республика
A10: Баткен облусу | B10: 3779.4 | C10: 5082.5 | D10: 6219.6 | E10: 6268.1 | F10: 7209.1 | G10: Баткенская область
A11: Жалал-Абад облусу | B11: 32768.9 | C11: 39893.3 | D11: 48480.3 | E11: 37402.1 | F11: 58354.7 | G11: Джалал-Абадская область
A12: Ысык-Көл облусу | B12: 10240.1 | C12: 12417.4 | D12: 15524.8 | E12: 5602.2 | F12: 6657.5 | G12: Иссык-Кульская область
A13: Нарын облусу | B13: 6474.2 | C13: 6236.1 | D13: 9707.1 | E13: 10772.3 | F13: 11624.5 | G13: Нарынская область
A14: Ош облусу | B14: 32896.9 | C14: 39841.6 | D14: 48713.3 | E14: 55236.3 | F14: 70861.4 | G14: Ошская область
A15: Талас облусу | B15: 4082.5 | C15: 7831.3 | D15: 9161.6 | E15: 9389.1 | F15: 10041.4 | G15: Таласская область
A16: Чүй облусу | B16: 15248.9 | C16: 21450.2 | D16: 27015.3 | E16: 39271.4 | F16: 59175.8 | G16: Чуйская область
A17: Бишкек ш. | B17: 54302.9 | C17: 66762.1 | D17: 79510.6 | E17: 91179.9 | F17: 120857.9 | G17: г.Бишкек
A18: Ош ш. | B18: 18521.8 | C18: 24239.5 | D18: 28315 | E18: 27518.1 | F18: 37419 | G18: г.Ош
A20: Чөлкөмдүн чекене соодасынын жалпы жүгүртүүсүнө карата пайыз менен - В процентах к общему обороту розничной торговли региона
A22: Кыргыз Республикасы | B22: 38.832262 | C22: 37.8 | D22: 35.318314 | E22: 30.460699 | F22: =F9/'2.6.'!F6*100 -> 32.774691 | G22: Кыргызская Республика
A23: Баткен облусу | B23: 21.117371 | C23: 22.9 | D23: 25.759477 | E23: 24.535754 | F23: =F10/'2.6.'!F7*100 -> 24.222173 | G23: Баткенская область
A24: Жалал-Абад облусу | B24: 48.783678 | C24: 48.7 | D24: 44.238452 | E24: 30.250222 | F24: =F11/'2.6.'!F15*100 -> 33.902158 | G24: Джалал-Абадская область
A25: Ысык-Көл облусу | B25: 51.749136 | C25: 47.1 | D25: 47.303008 | E25: 14.255071 | F25: =F12/'2.6.'!F31*100 -> 14.52499 | G25: Иссык-Кульская область
A26: Нарын облусу | B26: 70.33602 | C26: 65.8 | D26: 64.187237 | E26: 60.858389 | F26: =F13/'2.6.'!F41*100 -> 59.550827 | G26: Нарынская область
A27: Ош облусу | B27: 77.835941 | C27: 76.3 | D27: 74.721787 | E27: 70.266877 | F27: =F14/'2.6.'!F49*100 -> 75.737048 | G27: Ошская область
A28: Талас облусу | B28: 29.300812 | C28: 25.6 | D28: 34.258193 | E28: 30.678721 | F28: =F15/'2.6. (2)'!F12*100 -> 28.829993 | G28: Таласская область
A29: Чүй облусу | B29: 23.425821 | C29: 22.1 | D29: 24.342999 | E29: 29.631547 | F29: ='2.9.'!F16/'2.6. (2)'!F19*100 -> 36.524168 | G29: Чуйская область
A30: Бишкек ш. | B30: 29.045706 | C30: 29.7 | D30: 24.96072 | E30: 22.537891 | F30: =F17/'2.6. (2)'!F33*100 -> 23.498329 | G30: г.Бишкек
A31: Ош ш. | B31: 47.339998 | C31: 40.9 | D31: 41.131908 | E31: 36.5039 | F31: =F18/'2.6. (2)'!F39*100 -> 39.736597 | G31: г.Ош
A33: Мурунку жылга карата пайыз менен - В процентах к предыдущему году
A35: Кыргыз Республикасы | B35: 113.2 | C35: 109.8 | D35: 109.9 | E35: 99.8 | F35: 122.2 | G35: Кыргызская Республика
A36: Баткен облусу | B36: 104.2 | C36: 117.1 | D36: 109.4 | E36: 97 | F36: 107.1 | G36: Баткенская область
A37: Жалал-Абад облусу | B37: 111.6 | C37: 105.3 | D37: 107.4 | E37: 75.2 | F37: 135.1 | G37: Джалал-Абадская область
A38: Ысык-Көл облусу | B38: 103 | C38: 107.3 | D38: 115.5 | E38: 34.3 | F38: 87.8 | G38: Иссык-Кульская область
A39: Нарын облусу | B39: 104.3 | C39: 81.2 | D39: 104.5 | E39: 106.7 | F39: 100.8 | G39: Нарынская область
A40: Ош облусу | B40: 117.1 | C40: 110.3 | D40: 113.3 | E40: 108.1 | F40: 117.4 | G40: Ошская область
A41: Талас облусу | B41: 98.3 | C41: 169.3 | D41: 106.1 | E41: 97.4 | F41: 101.1 | G41: Таласская область
A42: Чүй облусу | B42: 102.3 | C42: 124.1 | D42: 116.1 | E42: 144.5 | F42: 174.7 | G42: Чуйская область
A43: Бишкек ш. | B43: 125.9 | C43: 105.6 | D43: 110.9 | E43: 110.2 | F43: 114.5 | G43: г.Бишкек
A44: Ош ш. | B44: 102 | C44: 114.4 | D44: 100.6 | E44: 91 | F44: 109.6 | G44: г.Ош

Sheet 2.10. 
A2: Мазмуну | G2: Содержание
A3: 2.10. Тамактануу ишканаларын кошкондогу азык-түлүк товарларынын чекене соода жүгүртүүсү | E3: Оборот розничной торговли продовольственными товарами, включая предприятия питания
B5: 2021 | C5: 2022 | D5: 2023 | E5: 2024 | F5: 2025
B7: Млн.сом - Млн.сомов
A9: Кыргыз Республикасы | B9: 258439.5 | C9: 323077.6 | D9: 399881.7 | E9: 477419.3 | F9: 524605.2 | G9: Кыргызская Республика
A10: Баткен облусу | B10: 9688.1 | C10: 11693.5 | D10: 13158.916 | E10: 15710.448 | F10: 17263.195 | G10: Баткенская область
A11: Жалал-Абад облусу | B11: 39124.7 | C11: 49325.3 | D11: 59177.844 | E11: 70652.508 | F11: 77635.472 | G11: Джалал-Абадская область
A12: Ысык-Көл облусу | B12: 12158.9 | C12: 15153.8 | D12: 17131.988 | E12: 20453.903 | F12: 22475.472 | G12: Иссык-Кульская область
A13: Нарын облусу | B13: 5794.4 | C13: 7293.6 | D13: 8196.7202 | E13: 9786.0753 | F13: 10753.285 | G13: Нарынская область
A14: Ош облусу | B14: 24004.5 | C14: 29507.4 | D14: 34291.465 | E14: 40940.627 | F14: 44987.008 | G14: Ошская область
A15: Талас облусу | B15: 8957.6 | C15: 11684.3 | D15: 14173.684 | E15: 16921.98 | F15: 18594.47 | G15: Таласская область
A16: Чүй облусу | B16: 40454.8 | C16: 54204.3 | D16: 60259.781 | E16: 71944.234 | F16: 79054.867 | G16: Чуйская область
A17: Бишкек ш. | B17: 93532 | C17: 114382.8 | D17: 158314.2 | E17: 189011.6 | F17: 207692.63 | G17: г.Бишкек
A18: Ош ш. | B18: 24724.5 | C18: 29832.6 | D18: 35177.036 | E18: 41997.91 | F18: 46148.788 | G18: г.Ош
A20: Чөлкөмдүн чекене соодасынын жалпы жүгүртүүсүнө карата пайыз менен - В процентах к общему обороту розничной торговли региона
A22: Кыргыз Республикасы | B22: 56.2 | C22: 54.8 | D22: 51.800006 | E22: 51.45256 | F22: 44.986171 | G22: Кыргызская Республика
A23: Баткен облусу | B23: 55 | C23: 58.8 | D23: 54.5 | E23: 61.496493 | F23: 58.00337 | G23: Баткенская область
A24: Жалал-Абад облусу | B24: 55.8 | C24: 58.1 | D24: 54 | E24: 57.142621 | F24: 45.103652 | G24: Джалал-Абадская область
A25: Ысык-Көл облусу | B25: 54.9 | C25: 55.9 | D25: 52.2 | E25: 52.045953 | F25: 49.035824 | G25: Иссык-Кульская область
A26: Нарын облусу | B26: 62.1 | C26: 58.9 | D26: 54.2 | E26: 55.286687 | F26: 55.087706 | G26: Нарынская область
A27: Ош облусу | B27: 55.8 | C27: 55.7 | D27: 52.6 | E27: 52.081149 | F27: 48.082357 | G27: Ошская область
A28: Талас облусу | B28: 55.5 | C28: 56.1 | D28: 53 | E28: 55.292278 | F28: 53.386823 | G28: Таласская область
A29: Чүй облусу | B29: 59.2 | C29: 58.5 | D29: 54.299 | E29: 54.284302 | F29: 48.793819 | G29: Чуйская область
A30: Бишкек ш. | B30: 53.3 | C30: 51.2 | D30: 49.699491 | E30: 46.719977 | F30: 40.381553 | G30: г.Бишкек
A31: Ош ш. | B31: 59.5 | C31: 54.6 | D31: 51.1 | E31: 55.711968 | F31: 49.007077 | G31: г.Ош
A33: Мурунку жылга карата пайыз менен - В процентах к предыдущему году
A35: Кыргыз Республикасы | B35: 111.7 | C35: 107.6 | D35: 112.62297 | E35: 112.42009 | F35: 100.62595 | G35: Кыргызская Республика
A36: Баткен облусу | B36: 101.4 | C36: 103.6 | D36: 101.34356 | E36: 113.5967 | F36: 102.5033 | G36: Баткенская область
A37: Жалал-Абад облусу | B37: 110.9 | C37: 107.4 | D37: 104.84543 | E37: 112.95188 | F37: 100.53388 | G37: Джалал-Абадская область
A38: Ысык-Көл облусу | B38: 112.4 | C38: 107.5 | D38: 104.83501 | E38: 111.2676 | F38: 100.16731 | G38: Иссык-Кульская область
A39: Нарын облусу | B39: 103 | C39: 106.5 | D39: 98.279288 | E39: 111.164 | F39: 101.46217 | G39: Нарынская область
A40: Ош облусу | B40: 115.9 | C40: 106.3 | D40: 107.88443 | E40: 113.5967 | F40: 100.35026 | G40: Ошская область
A41: Талас облусу | B41: 111.4 | C41: 112 | D41: 110.02755 | E41: 110.2402 | F41: 103.08024 | G41: Таласская область
A42: Чүй облусу | B42: 105.9 | C42: 114.4 | D42: 102.11407 | E42: 123.59227 | F42: 101.64989 | G42: Чуйская область
A43: Бишкек ш. | B43: 116.2 | C43: 106.3 | D43: 126.58437 | E43: 113.05888 | F43: 100.9959 | G43: г.Бишкек
A44: Ош ш. | B44: 104.7 | C44: 104.1 | D44: 106.75849 | E44: 105.37523 | F44: 98.816128 | G44: г.Ош

Sheet 2.11.
A2: Мазмуну | G2: Содержание
A3: 2.11. Азык-түлүк эмес товарларынын чекене соода жүгүртүүсү | F3: Оборот розничной торговли непродовольственными товарами
B5: 2021 | C5: 2022 | D5: 2023 | E5: 2024 | F5: 2025
B7: Млн.сом - Млн.сомов
A9: Кыргыз Республикасы | B9: 213165.5 | C9: 285354.8 | D9: 372090.6 | E9: 450463.2 | F9: 641542.5 | G9: Кыргызская Республика
A10: Баткен облусу | B10: 6788.2 | C10: 8363.4 | D10: 10985.884 | E10: 12612.97 | F10: 17963.19 | G10: Баткенская область
A11: Жалал-Абад облусу | B11: 28215.6 | C11: 37293.1 | D11: 50410.756 | E11: 64866.701 | F11: 92382.12 | G11: Джалал-Абадская область
A12: Ысык-Көл облусу | B12: 9592.3 | C12: 12312.8 | D12: 15687.912 | E12: 19820.381 | F12: 28227.87 | G12: Иссык-Кульская область
A13: Нарын облусу | B13: 4043.3 | C13: 5089.4 | D13: 6926.3798 | E13: 9459.7272 | F13: 13472.392 | G13: Нарынская область
A14: Ош облусу | B14: 19091.5 | C14: 23468.2 | D14: 30901.435 | E14: 38289.372 | F14: 54531.113 | G14: Ошская область
A15: Талас облусу | B15: 7009.6 | C15: 9321.6 | D15: 12569.116 | E15: 15766.212 | F15: 22453.987 | G15: Таласская область
A16: Чүй облусу | B16: 28698.7 | C16: 40162 | D16: 50717.919 | E16: 62614.385 | F16: 89174.408 | G16: Чуйская область
A17: Бишкек ш. | B17: 89167.7 | C17: 123439.5 | D17: 160228.7 | E17: 190996.4 | F17: 272014.02 | G17: г.Бишкек
A18: Ош ш. | B18: 20558.5 | C18: 25904.8 | D18: 33662.5 | E18: 36037.056 | F18: 51323.4 | G18: г.Ош
A20: Чөлкөмдүн чекене соодасынын жалпы жүгүртүүсүнө карата пайыз менен - В процентах к общему обороту розничной торговли региона
A22: Кыргыз Республикасы | B22: 43.8 | C22: 45.2 | D22: 61.155619 | E22: 48.54744 | F22: 55.013829 | G22: Кыргызская Республика
A23: Баткен облусу | B23: 45 | C23: 41.2 | D23: 54.773589 | E23: 49.37182 | F23: 60.355314 | G23: Баткенская область
A24: Жалал-Абад облусу | B24: 41.5 | C24: 41.9 | D24: 58.198602 | E24: 52.463152 | F24: 53.670968 | G24: Джалал-Абадская область
A25: Ысык-Көл облусу | B25: 45.1 | C25: 44.1 | D25: 57.116324 | E25: 50.433924 | F25: 61.586109 | G25: Иссык-Кульская область
A26: Нарын облусу | B26: 37.9 | C26: 41.1 | D26: 55.934134 | E26: 53.442975 | F26: 69.017343 | G26: Нарынская область
A27: Ош облусу | B27: 44.2 | C27: 44.3 | D27: 58.331558 | E27: 48.708451 | F27: 58.283148 | G27: Ошская область
A28: Талас облусу | B28: 44.5 | C28: 43.9 | D28: 59.836407 | E28: 51.515824 | F28: 64.467933 | G28: Таласская область
A29: Чүй облусу | B29: 40.8 | C29: 41.5 | D29: 53.745796 | E29: 47.244622 | F29: 256.02979 | G29: Чуйская область
A30: Бишкек ш. | B30: 46.7 | C30: 48.8 | D30: 67.373287 | E30: 47.21058 | F30: 52.887524 | G30: г.Бишкек
A31: Ош ш. | B31: 40.5 | C31: 45.4 | D31: 60.394924 | E31: 47.804648 | F31: 54.502185 | G31: г.Ош
A33: Мурунку жылга карата пайыз менен - В процентах к предыдущему году
A35: Кыргыз Республикасы | B35: 122 | C35: 118.2 | D35: 116.82357 | E35: 117.53667 | F35: 137.04368 | G35: Кыргызская Республика
A36: Баткен облусу | B36: 89.2 | C36: 109.6 | D36: 116.29949 | E36: 111.25067 | F36: 136.57516 | G36: Баткенская область
A37: Жалал-Абад облусу | B37: 113.3 | C37: 116.5 | D37: 120.91882 | E37: 127.1505 | F37: 138.50079 | G37: Джалал-Абадская область
A38: Ысык-Көл облусу | B38: 114.1 | C38: 117.1 | D38: 117.21227 | E38: 121.01699 | F38: 137.78312 | G38: Иссык-Кульская область
A39: Нарын облусу | B39: 125.2 | C39: 105.4 | D39: 114.65795 | E39: 133.37436 | F39: 140.47129 | G39: Нарынская область
A40: Ош облусу | B40: 123.8 | C40: 119 | D40: 121.75928 | E40: 118.79969 | F40: 140.32995 | G40: Ошская область
A41: Талас облусу | B41: 114.3 | C41: 121.4 | D41: 121.85516 | E41: 123.46075 | F41: 137.45043 | G41: Таласская область
A42: Чүй облусу | B42: 112.9 | C42: 128.7 | D42: 116.90723 | E42: 121.51195 | F42: 140.24044 | G42: Чуйская область
A43: Бишкек ш. | B43: 130.7 | C43: 117.6 | D43: 116.59765 | E43: 115.73045 | F43: 137.79599 | G43: г.Бишкек
A44: Ош ш. | B44: 137.5 | C44: 111.9 | D44: 106.00262 | E44: 103.33399 | F44: 133.28757 | G44: г.Ош

Sheet 2.12.,2.13.
A2: Мазмуну | G2: Содержание
A3: 2.12. Калктын адам башына эсептегендеги тамактануу ишканаларын кошкондогу, чекене соода жүгүртүү | F3: Оборот розничной торговли, включая предприятия питания, на душу населения
A4: (сом) | F4: (сомов)
B5: 2021 | C5: 2022 | D5: 2023 | E5: 2024 | F5: 2025
A8: Кыргыз Республикасы | B8: 73266 | C8: 95623 | D8: 119181 | E8: 140596.8 | F8: 158808.6 | G8: Кыргызская Республика
A9: Баткен облусу | B9: 32626 | C9: 43394 | D9: 50981 | E9: 52630.5 | F9: 49603.9 | G9: Баткенская область
A10: Жалал-Абад облусу | B10: 56112 | C10: 79818 | D10: 98898 | E10: 109263.3 | F10: 125713.4 | G10: Джалал-Абадская область
A11: Ысык-Көл облусу | B11: 44336 | C11: 54154 | D11: 64014 | E11: 75824.3 | F11: 83019.1 | G11: Иссык-Кульская область
A12: Нарын облусу | B12: 35035 | C12: 45914 | D12: 55375 | E12: 64109.5 | F12: 61871.1 | G12: Нарынская область
A13: Ош облусу | B13: 33189 | C13: 42242 | D13: 50880 | E13: 60135.6 | F13: 65519.9 | G13: Ошская область
A14: Талас облусу | B14: 60186 | C14: 92618 | D14: 116223 | E14: 130956.9 | F14: 123641.3 | G14: Таласская область
A15: Чүй облусу | B15: 71476 | C15: 92218 | D15: 106720 | E15: 125527.9 | F15: 165747.5 | G15: Чуйская область
A16: Бишкек ш. | B16: 163695 | C16: 204649 | D16: 269677 | E16: 335513.9 | F16: 383739.1 | G16: г.Бишкек
A17: Ош ш. | B17: 144674 | C17: 149751 | D17: 182453 | E17: 195447.3 | F17: 196674.1 | G17: г.Ош
A21: 2.13. Буюм-терим, аралаш жана азык-түлүк базарлардын саны | F21: Число вещевых, смешанных и продовольственных рынков
B23: 2021 | C23: 2022 | D23: 2023 | E23: 2024 | F23: 2025
A25: Кыргыз Республикасы | B25: 352 | C25: 337 | D25: 352 | E25: 332 | F25: 315 | G25: Кыргызская Республика
A26: Баткен облусу | B26: 24 | C26: 25 | D26: 26 | E26: 28 | F26: 29 | G26: Баткенская область
A27: Жалал-Абад облусу | B27: 74 | C27: 64 | D27: 62 | E27: 57 | F27: 62 | G27: Джалал-Абадская область
A28: Ысык-Көл облусу | B28: 12 | C28: 11 | D28: 12 | E28: 12 | F28: 13 | G28: Иссык-Кульская область
A29: Нарын облусу | B29: 14 | C29: 15 | D29: 18 | E29: 19 | F29: 20 | G29: Нарынская область
A30: Ош облусу | B30: 81 | C30: 84 | D30: 93 | E30: 76 | F30: 71 | G30: Ошская область
A31: Талас облусу | B31: 14 | C31: 12 | D31: 14 | E31: 14 | F31: 12 | G31: Таласская область
A32: Чүй облусу | B32: 38 | C32: 36 | D32: 35 | E32: 36 | F32: 31 | G32: Чуйская область
A33: Бишкек ш. | B33: 72 | C33: 66 | D33: 66 | E33: 65 | F33: 64 | G33: г.Бишкек
A34: Ош ш. | B34: 23 | C34: 24 | D34: 26 | E34: 25 | F34: 13 | G34: г.Ош

Sheet 2.14. 2.15.
A2: Мазмуну | G2: Содержание
A3: 2.14. Дүң жана чекене соода, автомобилдерди жана мотоциклдерди оңдоо боюнча чарбалык жүргүзүүчү субъекттердин саны¹ | E3: Количество действующих субъектов оптовой и розничной торговли, ремонта автомобилей и мотоциклов¹
A4: (жылдын башына карата) | E4: (на начало года)
B6: 2022 | C6: 2023 | D6: 2024 | E6: 2025 | F6: 2026
A8: Кыргыз Республикасы | B8: 125682 | C8: 125338 | D8: 131947 | E8: 155785 | F8: 164844 | G8: Кыргызская Республика
A9: Баткен облусу | B9: 11865 | C9: 12190 | D9: 12455 | E9: 14605 | F9: 15445 | G9: Баткенская область
A10: Жалал-Абад облусу | B10: 12436 | C10: 11223 | D10: 13145 | E10: 17139 | F10: 17989 | G10: Джалал-Абадская область
A11: Ысык-Көл облусу | B11: 10695 | C11: 10975 | D11: 11820 | E11: 14694 | F11: 15587 | G11: Иссык-Кульская область
A12: Нарын облусу | B12: 4894 | C12: 5106 | D12: 5625 | E12: 6248 | F12: 6417 | G12: Нарынская область
A13: Ош облусу | B13: 27402 | C13: 27565 | D13: 29450 | E13: 31913 | F13: 30296 | G13: Ошская область
A14: Талас облусу | B14: 4260 | C14: 4209 | D14: 4463 | E14: 5996 | F14: 6553 | G14: Таласская область
A15: Чүй облусу | B15: 25942 | C15: 27171 | D15: 28957 | E15: 31667 | F15: 28089 | G15: Чуйская область
A16: Бишкек ш. | B16: 16152 | C16: 14878 | D16: 18006 | E16: 24174 | F16: 31071 | G16: г.Бишкек
A17: Ош ш. | B17: 12036 | C17: 12021 | D17: 8026 | E17: 9349 | F17: 13397 | G17: г.Ош
A21: 2.15. Мейманканалар жана ресторандардын кызмат көрсөтүү тармагында чарбалык жүргүзүүчү субъекттердин саны¹ | F21: Количество действующих субъектов в сфере услуг гостиниц и ресторанов¹
A22: (жылдын башына карата) | E22: (на начало года)
B24: 2022 | C24: 2023 | D24: 2024 | E24: 2025 | F24: 2026
A26: Кыргыз Республикасы | B26: 15570 | C26: 15549 | D26: 15268 | E26: 16248 | F26: 17340 | G26: Кыргызская Республика
A27: Баткен облусу | B27: 1493 | C27: 1583 | D27: 1600 | E27: 1757 | F27: 1864 | G27: Баткенская область
A28: Жалал-Абад облусу | B28: 1552 | C28: 1528 | D28: 1639 | E28: 1766 | F28: 1883 | G28: Джалал-Абадская область
A29: Ысык-Көл облусу | B29: 1981 | C29: 2056 | D29: 2144 | E29: 2286 | F29: 2457 | G29: Иссык-Кульская область
A30: Нарын облусу | B30: 486 | C30: 521 | D30: 502 | E30: 284 | F30: 342 | G30: Нарынская область
A31: Ош облусу | B31: 2617 | C31: 2767 | D31: 2900 | E31: 3060 | F31: 2945 | G31: Ошская область
A32: Талас облусу | B32: 417 | C32: 391 | D32: 390 | E32: 445 | F32: 484 | G32: Таласская область
A33: Чүй облусу | B33: 2316 | C33: 2447 | D33: 2561 | E33: 2706 | F33: 2332 | G33: Чуйская область
A34: Бишкек ш. | B34: 3032 | C34: 2605 | D34: 2750 | E34: 3070 | F34: 3751 | G34: г.Бишкек
A35: Ош ш. | B35: 1676 | C35: 1651 | D35: 782 | E35: 874 | F35: 1282 | G35: г.Ош
A37: 1 Статистикалык бирдиктердин бирдиктүү регистринин (СББМР ) маалыматы боюнча.
A38: 1 По данным Единого государственного регистра статистических единиц (ЕГРСЕ).

Sheet 2.16.,2.17.
A1: Мазмуну | G1: Содержание
A2: 2.16. Товарлардын керектөө бааларынын индекстери | E2: Индексы потребительских цен на товары
A3: декабрь мурунку жылдын декабрына карата, пайыз менен) | E3: (декабрь к декабрю предыдущего года, в процентах)
B5: 2021 | C5: 2022 | D5: 2023 | E5: 2024 | F5: 2025
A7: Кыргыз Республикасы | B7: 112.32716 | C7: 116.45731 | D7: 106.94464 | E7: 105.71599 | F7: 109 | G7: Кыргызская Республика
A8: Баткен облусу | B8: 114.8435 | C8: 115.69057 | D8: 107.56121 | E8: 106.18187 | F8: 107.6 | G8: Баткенская область
A9: Жалал-Абад облусу | B9: 116.62338 | C9: 117.17572 | D9: 107.38276 | E9: 103.80745 | F9: 108.3 | G9: Джалал-Абадская область
A10: Ысык-Көл облусу | B10: 112.45415 | C10: 112.63104 | D10: 106.44484 | E10: 106.73735 | F10: 110.7 | G10: Иссык-Кульская область
A11: Нарын облусу | B11: 114.00939 | C11: 119.90084 | D11: 112.13978 | E11: 104.64299 | F11: 107.2 | G11: Нарынская область
A12: Ош облусу | B12: 111.85134 | C12: 108.81872 | D12: 107.77335 | E12: 104.07308 | F12: 108 | G12: Ошская область
A13: Талас облусу | B13: 112.78461 | C13: 113.20001 | D13: 108.64899 | E13: 103.23453 | F13: 107.8 | G13: Таласская область
A14: Чүй облусу | B14: 110.93103 | C14: 114.99157 | D14: 103.75929 | E14: 102.03801 | F14: 109.7 | G14: Чуйская область
A15: Бишкек ш. | B15: 111.85955 | C15: 117.47453 | D15: 106.1028 | E15: 106.21305 | F15: 108.3 | G15: г.Бишкек
A16: Ош ш. | B16: 111.56455 | C16: 117.58962 | D16: 111.02138 | E16: 107.34138 | F16: 111.3 | G16: г.Ош
A19: 2.17. Азык-түлүк товарлардын жана алкоголдук ичимдиктердин керектөө бааларынын индекси | E19: Индекс потребительских цен на продовольственные товары и алкогольные напитки
A20: (декабрь мурунку жылдын декабрына карата, пайыз менен) | E20: (декабрь к декабрю предыдущего года, в процентах)
B22: 2021 | C22: 2022 | D22: 2023 | E22: 2024 | F22: 2025
B24: Азык-түлүк товарлар - Продовольственные товары
A26: Кыргыз Республикасы | B26: 113.3 | C26: 115.82025 | D26: 105.08291 | E26: 105.67579 | F26: 109.6 | G26: Кыргызская Республика
A27: Баткен облусу | B27: 115.1 | C27: 115.15219 | D27: 106.81366 | E27: 104.81245 | F27: 108.1 | G27: Баткенская область
A28: Жалал-Абад облусу | B28: 114.3 | C28: 115.41999 | D28: 107.3999 | E28: 103.66201 | F28: 108.7 | G28: Джалал-Абадская область
A29: Ысык-Көл облусу | B29: 113.8 | C29: 111.84963 | D29: 106.21791 | E29: 105.24715 | F29: 112.1 | G29: Иссык-Кульская область
A30: Нарын облусу | B30: 114 | C30: 116.77635 | D30: 109.21411 | E30: 104.84385 | F30: 108.2 | G30: Нарынская область
A31: Ош облусу | B31: 113.9 | C31: 108.20753 | D31: 107.84809 | E31: 104.3357 | F31: 109.3 | G31: Ошская область
A32: Талас облусу | B32: 114.2 | C32: 110.97965 | D32: 108.71313 | E32: 100.6304 | F32: 108.1 | G32: Таласская область
A33: Чүй облусу | B33: 114.5 | C33: 115.79632 | D33: 103.59715 | E33: 103.76362 | F33: 111.3 | G33: Чуйская область
A34: Бишкек ш. | B34: 112.7 | C34: 117.85135 | D34: 104.0122 | E34: 106.54667 | F34: 109 | G34: г.Бишкек
A35: Ош ш. | B35: 114 | C35: 112.36304 | D35: 105.66561 | E35: 106.27909 | F35: 110.9 | G35: г.Ош
B36: Алкоголдук ичимдиктер - Алкогольные напитки
A38: Кыргыз Республикасы | B38: 108.1 | C38: 128.986 | D38: 110.25632 | E38: 111.73363 | F38: 107.2 | G38: Кыргызская Республика
A39: Баткен облусу | B39: 119.8 | C39: 122.05773 | D39: 118.14588 | E39: 112.93988 | F39: 102.4 | G39: Баткенская область
A40: Жалал-Абад облусу | B40: 115.1 | C40: 144.99719 | D40: 112.19375 | E40: 106.01428 | F40: 105.8 | G40: Джалал-Абадская область
A41: Ысык-Көл облусу | B41: 107.4 | C41: 119.61872 | D41: 120.10134 | E41: 116.50199 | F41: 115.4 | G41: Иссык-Кульская область
A42: Нарын облусу | B42: 113.1 | C42: 155.0992 | D42: 118.9697 | E42: 106.63244 | F42: 105.1 | G42: Нарынская область
A43: Ош облусу | B43: 105.8 | C43: 109.27341 | D43: 113.68071 | E43: 106.40745 | F43: 108.7 | G43: Ошская область
A44: Талас облусу | B44: 103.6 | C44: 133.88338 | D44: 106.00525 | E44: 114.01151 | F44: 100.7 | G44: Таласская область
A45: Чүй облусу | B45: 109 | C45: 112.72763 | D45: 115.1479 | E45: 104.76579 | F45: 101.8 | G45: Чуйская область
A46: Бишкек ш. | B46: 105.9 | C46: 130.72359 | D46: 106.14652 | E46: 112.99352 | F46: 104.1 | G46: г.Бишкек
A47: Ош ш. | B47: 109.6 | C47: 131.15678 | D47: 111.47402 | E47: 114.92809 | F47: 115.5 | G47: г.Ош

Sheet 2.18.
A1: Мазмуну | G1: Содержание
A2: 2.18. Азык-түлүк эмес товарлардын керектөө бааларынын индекси | E2: Индексы потребительских цен на непродовольственные товары
A3: декабрь мурунку жылдын декабрына карата, пайыз менен) | E3: (декабрь к декабрю предыдущего года, в процентах)
B5: 2021 | C5: 2022 | D5: 2023 | E5: 2024 | F5: 2025
A7: Кыргыз Республикасы | B7: 112.50083 | C7: 115.16303 | D7: 110.78137 | E7: 103.99567 | F7: 106 | G7: Кыргызская Республика
A8: Баткен облусу | B8: 114.42672 | C8: 115.22751 | D8: 110.17637 | E8: 107.29066 | F8: 105.2 | G8: Баткенская область
A9: Жалал-Абад облусу | B9: 122.6582 | C9: 113.03058 | D9: 107.67447 | E9: 103.33903 | F9: 106.1 | G9: Джалал-Абадская область
A10: Ысык-Көл облусу | B10: 111.7 | C10: 111.9652 | D10: 106.39793 | E10: 107.28041 | F10: 106.2 | G10: Иссык-Кульская область
A11: Нарын облусу | B11: 113.24439 | C11: 115.23347 | D11: 120.55665 | E11: 103.22831 | F11: 102.6 | G11: Нарынская область
A12: Ош облусу | B12: 109.49246 | C12: 109.44731 | D12: 105.48831 | E12: 102.84827 | F12: 103.3 | G12: Ошская область
A13: Талас облусу | B13: 111.58519 | C13: 114.77738 | D13: 106.62176 | E13: 106.92662 | F13: 105.3 | G13: Таласская область
A14: Чүй облусу | B14: 106.95208 | C14: 113.08968 | D14: 101.7166 | E14: 96.548383 | F14: 103.7 | G14: Чуйская область
A15: Бишкек ш. | B15: 112.99626 | C15: 114.85488 | D15: 109.94635 | E15: 103.44981 | F15: 104.7 | G15: г.Бишкек
A16: Ош ш. | B16: 108.58072 | C16: 123.36775 | D16: 124.82737 | E16: 107.24545 | F16: 110.2 | G16: г.Ош

Sheet 3.1.
A1: Мазмуну | G1: Содержание
A2: 3. Соода, кызмат көрсөтүү чөйрөсүндөгү чакан жана орто ишкерлик
A3: Малое и среднее предпринимательство в сфере торговли и услуг
A5: 3.1. Дүң жана чекене соода; автоунааларды жана мотоциклдерди оңдоонун жүгүртүүсү | E5: Оборот оптовой и розничной торговли, ремонта автомобилей и мотоциклов
A6: (млн.сом) | E6: (млн.сомов)
B7: 2021 | C7: 2022 | D7: 2023 | E7: 2024 | F7: 2025
A9: Бардыгы | B9: 633070.1 | C9: 807115 | D9: 1108645.7 | E9: 1259565.6 | F9: 1714920.9 | G9: Всего
A10: чакан ишканалар | B10: 185052.6 | C10: 272001.7 | D10: 471273.1 | E10: 590562 | F10: 713277.4 | G10: малые предприятия
A11: орто ишканалар | B11: 126615.3 | C11: 145888.4 | D11: 157573.8 | E11: 102618.1 | F11: 260579.2 | G11: средние предприятия
A12: жеке ишкерлер | B12: 321502.2 | C12: 389224.9 | D12: 479798.8 | E12: 566385.5 | F12: 741064.3 | G12: индивидуальные предприниматели
A13: Автоунааларды жана мотоциклдерди, автоунаа тетиктерин жана шаймандарын сатуу | B13: 15495.9 | C13: 23750.8 | D13: 44290.1 | E13: 24300.8 | F13: 70768.6 | G13: Торговля авто- мобилями и мото- циклами, узлами и принадлежностями
A14: чакан ишканалар | B14: 1813.5 | C14: 5042.1 | D14: 16217.2 | E14: 11242.3 | F14: 12117.3 | G14: малые предприятия
A15: орто ишканалар | B15: 8120.1 | C15: 13150.1 | D15: 20846.4 | E15: 3657.3 | F15: 4488.2 | G15: средние предприятия
A16: жеке ишкерлер | B16: 5562.3 | C16: 5558.6 | D16: 7226.5 | E16: 9401.2 | F16: 54163.1 | G16: индивидуальные предприниматели
A17: Автоунааларды техникалык жактан тейлөө жана оңдоо | B17: 2637.4 | C17: 3855.6 | D17: 5417 | E17: 6108.5 | F17: 9996.7 | G17: Техническое обслуживание и ремонт автомобилей
A18: чакан ишканалар | B18: 78.8 | C18: 87.7 | D18: 386 | E18: 688.1 | F18: 511.6 | G18: малые предприятия
A19: орто ишканалар | B19: 68.1 | C19: 870.3 | D19: 1146 | E19: 29.7 | F19: 96.2 | G19: средние предприятия
A20: жеке ишкерлер | B20: 2490.5 | C20: 2897.6 | D20: 3885 | E20: 5390.7 | F20: 9388.9 | G20: индивидуальные предприниматели
... A32: жеке ишкерлер | B32: 287068.2 | C32: 347753 | D32: 399495.5 | E32: 503562.8 | F32: 605515.1 | G32: индивидуальные предприниматели

Sheet 3.2.
A1: Мазмуну | G1: Содержание
A2: 3.2. Дүң жана чекене соода, автоунааларды жана мотоциклдерди оңдоонун жүгүртүүсү | E2: Оборот оптовой и розничной торговли, ремонта автомобилей и мотоциклов
A3: (жалпы көлөмгө карата пайыз менен) | E3: (в процентах к общему объему)
B4: 2021 | C4: 2022 | D4: 2023 | E4: 2024 | F4: 2025
B6: Млн.сом - Млн сомов
A7: Бардыгы | B7: 83.9 | C7: 80.6 | D7: 80.1 | E7: 70.8 | F7: 76.610619 | G7: Всего
A8: чакан ишканалар | B8: 24.5 | C8: 27.2 | D8: 34 | E8: 33.2 | F8: 31.864224 | G8: малые предприятия
A9: орто ишканалар | B9: 16.8 | C9: 14.6 | D9: 11.4 | E9: 5.8 | F9: 11.640848 | G9: средние предприятия
A10: жеке ишкерлер | B10: 42.6 | C10: 38.9 | D10: 34.7 | E10: 31.9 | F10: 33.105547 | G10: индивидуальные предприниматели
A11: Автоунааларды жана мотоциклдерди, автоунаа тетиктерин жана шаймандарын сатуу | B11: 99.6 | C11: 94.5 | D11: 88.7 | E11: 40.4 | F11: 82.449079 | G11: Торговля авто- мобилями и мото- циклами, узлами и принадлежностями
A12: чакан ишканалар | B12: 11.7 | C12: 20.1 | D12: 32.5 | E12: 18.7 | F12: 14.117281 | G12: малые предприятия
A13: орто ишканалар | B13: 52.2 | C13: 52.3 | D13: 41.7 | E13: 6.1 | F13: 5.2289851 | G13: средние предприятия
A14: жеке ишкерлер | B14: 35.7 | C14: 22.1 | D14: 14.5 | E14: 15.6 | F14: 63.102812 | G14: индивидуальные предприниматели
A15: Автоунааларды техникалык жактан тейлөө жана оңдоо | B15: 99.9 | C15: 99.9 | D15: 98.5 | E15: 87.7 | F15: 92.223883 | G15: Техническое обслуживание и ремонт автомобилей
A16: чакан ишканалар | B16: 3 | C16: 2.3 | D16: 7 | E16: 9.9 | F16: 4.7197314 | G16: малые предприятия
A17: орто ишканалар | B17: 2.6 | C17: 22.5 | D17: 20.8 | E17: 0.4 | F17: 0.88748662 | G17: средние предприятия
A18: жеке ишкерлер | B18: 94.3 | C18: 75.1 | D18: 70.7 | E18: 77.4 | F18: 86.616665 | G18: индивидуальные предприниматели
... A30: жеке ишкерлер | B30: 80 | C30: 78.6 | D30: 72.2 | E30: 76.2 | F30: 74.902138 | G30: индивидуальные предприниматели

Sheet 3.3.
A1: Мазмуну | G1: Содержание
A2: 3.3. Аймактар боюнча дүң жана чекене сооданын, автоунааларды жана мотоциклдерди оңдоонун жүгүртүүсү | E2: Оборот оптовой и розничной торговли, ремонта автомобилей и мотоциклов, по территории
A3: (млн.сом) | E3: (млн.сомов)
B4: 2021 | C4: 2022 | D4: 2023 | E4: 2024 | F4: 2025
A5: Кыргыз Республикасы | B5: 633070.1 | C5: 807115 | D5: 1108645.7 | E5: 1259565.6 | F5: 1714920.9 | G5: Кыргызская Республика
A6: чакан ишканалар | B6: 185052.6 | C6: 272001.7 | D6: 471273.1 | E6: 590562 | F6: 713277.4 | G6: малые предприятия
A7: орто ишканалар | B7: 126515.3 | C7: 145888.4 | D7: 157573.8 | E7: 102618.1 | F7: 260579.2 | G7: средние предприятия
A8: жеке ишкерлер | B8: 321502.2 | C8: 389224.9 | D8: 479798.8 | E8: 566385.5 | F8: 741064.3 | G8: индивидуальные предприниматели
A9: Баткен облусу | B9: 16188.3 | C9: 20018.1 | D9: 23814.5 | E9: 22409.8 | F9: 26845.9 | G9: Баткенская область
A10: чакан ишканалар | B10: 2575.5 | C10: 4392.4 | D10: 5169.8 | E10: 1398.4 | F10: 3701.3 | G10: малые предприятия
A11: орто ишканалар | B11: - | C11: - | D11: - | E11: 287.9 | F11: 421.5 | G11: средние предприятия
A12: жеке ишкерлер | B12: 13612.8 | C12: 15625.7 | D12: 18644.7 | E12: 20723.5 | F12: 22723.1 | G12: индивидуальные предприниматели
A13: Жалал-Абад облусу | B13: 67503.3 | C13: 86385.2 | D13: 109595 | E13: 115255.6 | F13: 154288.4 | G13: Джалал-Абадская область
A14: чакан ишканалар | B14: 2012.4 | C14: 2901 | D14: 3012.1 | E14: 7115.7 | F14: 10341 | G14: малые предприятия
A15: орто ишканалар | B15: 2738.7 | C15: 3781.9 | D15: 4045.2 | E15: 2500.2 | F15: 6750.1 | G15: средние предприятия
A16: жеке ишкерлер | B16: 62752.2 | C16: 79702.3 | D16: 102537.7 | E16: 105639.7 | F16: 137197.3 | G16: индивидуальные предприниматели
A17: Ысык-Көл облусу | B17: 25025.7 | C17: 33443.6 | D17: 39267.3 | E17: 26784.1 | F17: 32611.3 | G17: Иссык-Кульская область
A18: чакан ишканалар | B18: 8793.7 | C18: 14152.9 | D18: 15656.1 | E18: 1402.7 | F18: 2603.5 | G18: малые предприятия
A19: орто ишканалар | B19: 636.9 | C19: 743.5 | D19: 1676.6 | E19: 1598.2 | F19: 3138.8 | G19: средние предприятия
A20: жеке ишкерлер | B20: 15595.1 | C20: 18547.2 | D20: 21934.6 | E20: 23783.2 | F20: 26869 | G20: индивидуальные предприниматели
A21: Нарын облусу | B21: 10140.4 | C21: 12639.6 | D21: 15831.5 | E21: 13734.5 | F21: 15616 | G21: Нарынская область
A22: чакан ишканалар | B22: 2064.2 | C22: 4865.5 | D22: 4376.7 | E22: 1205.9 | F22: 454.9 | G22: малые предприятия
A23: орто ишканалар | B23: 340.5 | C23: 308.9 | D23: 501.8 | E23: - | F23: 1130.5 | G23: средние предприятия
A24: жеке ишкерлер | B24: 7735.7 | C24: 7465.2 | D24: 10953 | E24: 12528.6 | F24: 14030.6 | G24: индивидуальные предприниматели
A25: Ош облусу | B25: 48256.7 | C25: 61805.1 | D25: 75873.8 | E25: 80500.6 | F25: 87646.9 | G25: Ошская область
A26: чакан ишканалар | B26: 10072.3 | C26: 11109.5 | D26: 12173.2 | E26: 11550.3 | F26: 11776.5 | G26: малые предприятия
A27: орто ишканалар | B27: 2083.3 | C27: 14484.4 | D27: 14500.4 | E27: 1859.9 | F27: 279.3 | G27: средние предприятия
A28: жеке ишкерлер | B28: 36101.1 | C28: 36211.2 | D28: 49200.2 | E28: 67090.4 | F28: 75591.1 | G28: индивидуальные предприниматели
A29: Талас облусу | B29: 19280.5 | C29: 24386.6 | D29: 30564.7 | E29: 32387.2 | F29: 38533.2 | G29: Таласская область
A30: чакан ишканалар | B30: 5505 | C30: 5566.6 | D30: 5600.6 | E30: 4737.7 | F30: 7465.4 | G30: малые предприятия
A31: орто ишканалар | B31: - | C31: - | D31: - | E31: - | F31: 0 | G31: средние предприятия
A32: жеке ишкерлер | B32: 13775.5 | C32: 18820 | D32: 24964.1 | E32: 27649.5 | F32: 31067.8 | G32: индивидуальные предприниматели
A33: Чүй облусу | B33: 90818.3 | C33: 121696.5 | D33: 149628.6 | E33: 126737.6 | F33: 223523.6 | G33: Чуйская область
A34: чакан ишканалар | B34: 25387.2 | C34: 40692.6 | D34: 53701.6 | E34: 24526.3 | F34: 23836.3 | G34: малые предприятия
A35: орто ишканалар | B35: 5843.9 | C35: 11042.5 | D35: 17976.5 | E35: 1822.8 | F35: 66941 | G35: средние предприятия
A36: жеке ишкерлер | B36: 59587.2 | C36: 69961.4 | D36: 77950.5 | E36: 100388.5 | F36: 132746.3 | G36: индивидуальные предприниматели
A37: Бишкек ш. | B37: 304253.2 | C37: 384271.8 | D37: 589426.6 | E37: 749268.2 | F37: 1014598.9 | G37: г.Бишкек
A38: чакан ишканалар | B38: 118505 | C38: 177845.5 | D38: 354474.7 | E38: 514303.3 | F38: 623453.8 | G38: малые предприятия
A39: орто ишканалар | B39: 106308.7 | C39: 105459.9 | D39: 109345.5 | E39: 82927.7 | F39: 162975.2 | G39: средние предприятия
A40: жеке ишкерлер | B40: 79439.5 | C40: 100966.4 | D40: 125606.4 | E40: 152037.2 | F40: 228169.9 | G40: индивидуальные предприниматели
A41: Ош ш. | B41: 51603.7 | C41: 62468.5 | D41: 74643.7 | E41: 92488 | F41: 121256.7 | G41: г.Ош
A42: чакан ишканалар | B42: 10137.3 | C42: 10475.7 | D42: 17108.3 | E42: 24321.7 | F42: 29644.7 | G42: малые предприятия
A43: орто ишканалар | B43: 8563.3 | C43: 10067.3 | D43: 9527.8 | E43: 11621.4 | F43: 18942.8 | G43: средние предприятия
A44: жеке ишкерлер | B44: 32903.1 | C44: 41925.5 | D44: 48007.6 | E44: 56544.9 | F44: 72669.2 | G44: индивидуальные предприниматели

Sheet 3.4.
A1: Мазмуну | G1: Содержание
A2: 3.4. Аймактар боюнча дүң жана чекене сооданын, автоунааларды жана мотоциклдерди оңдоонун жүгүртүүсү | E2: Оборот оптовой и розничной торговли, ремонта автомобилей и мотоциклов, по территории
A3: (республиканын, облустун жалпы көлөмүнө карата пайыз менен) | E3: (в процентах к общему объему республики, области)
B4: 2021 | C4: 2022 | D4: 2023 | E4: 2024 | F4: 2025
A5: Кыргыз Республикасы | B5: 83.9 | C5: 80.6 | D5: 80.1 | E5: 70.8 | F5: 76.6 | G5: Кыргызская Республика
A6: чакан ишканалар | B6: 24.5 | C6: 27.2 | D6: 34 | E6: 33.2 | F6: 31.864224 | G6: малые предприятия
A7: орто ишканалар | B7: 16.8 | C7: 14.6 | D7: 11.4 | E7: 5.8 | F7: 11.640848 | G7: средние предприятия
A8: жеке ишкерлер | B8: 42.6 | C8: 38.8 | D8: 34.7 | E8: 31.8 | F8: 33.105547 | G8: индивидуальные предприниматели
A9: Баткен облусу | B9: 100 | C9: 100 | D9: 100 | E9: 88.4 | F9: 84.3 | G9: Баткенская область
A10: чакан ишканалар | B10: 15.9 | C10: 21.9 | D10: 21.7 | E10: 5.5 | F10: 11.621583 | G10: малые предприятия
A11: орто ишканалар | B11: - | C11: - | D11: - | E11: 1.1 | F11: 1.3234532 | G11: средние предприятия
A12: жеке ишкерлер | B12: 84.1 | C12: 78.1 | D12: 78.3 | E12: 81.8 | F12: 71.347473 | G12: индивидуальные предприниматели
A13: Жалал-Абад облусу | B13: 94.1 | C13: 95.4 | D13: 95.6 | E13: 85.9 | F13: 78.88931 | G13: Джалал-Абадская область
A14: чакан ишканалар | B14: 2.8 | C14: 3 | D14: 2.6 | E14: 5.3 | F14: 5.287464 | G14: малые предприятия
A15: орто ишканалар | B15: 3.8 | C15: 3.5 | D15: 3.5 | E15: 1.9 | F15: 3.4513984 | G15: средние предприятия
A16: жеке ишкерлер | B16: 87.5 | C16: 88.9 | D16: 89.5 | E16: 78.8 | F16: 70.150448 | G16: индивидуальные предприниматели
A17: Ысык-Көл облусу | B17: 100 | C17: 100 | D17: 100 | E17: 56.7 | F17: 61.7 | G17: Иссык-Кульская область
A18: чакан ишканалар | B18: 35.1 | C18: 42.3 | D18: 39.9 | E18: 3 | F18: 5.0781768 | G18: малые предприятия
A19: орто ишканалар | B19: 2.5 | C19: 2.2 | D19: 4.3 | E19: 3.4 | F19: 6.1222898 | G19: средние предприятия
A20: жеке ишкерлер | B20: 62.4 | C20: 55.5 | D20: 55.8 | E20: 50.3 | F20: 52.408501 | G20: индивидуальные предприниматели
A21: Нарын облусу | B21: 100 | C21: 100 | D21: 100 | E21: 72.5 | F21: 73.2 | G21: Нарынская область
A22: чакан ишканалар | B22: 20.4 | C22: 38.5 | D22: 27.6 | E22: 6.4 | F22: 2.1319773 | G22: малые предприятия
A23: орто ишканалар | B23: 3.4 | C23: 2.4 | D23: 3.2 | E23: - | F23: 5.2983081 | G23: средние предприятия
A24: жеке ишкерлер | B24: 76.2 | C24: 59.1 | D24: 69.2 | E24: 66.2 | F24: 65.757135 | G24: индивидуальные предприниматели
A25: Ош облусу | B25: 100 | C25: 99.7 | D25: 99.8 | E25: 89.4 | F25: 85.309007 | G25: Ошская область
A26: чакан ишканалар | B26: 20.9 | C26: 17.9 | D26: 16 | E26: 12.8 | F26: 11.462374 | G26: малые предприятия
A27: орто ишканалар | B27: 4.3 | C27: 23.4 | D27: 19.1 | E27: 2.1 | F27: 0.27184995 | G27: средние предприятия
A28: жеке ишкерлер | B28: 74.8 | C28: 58.4 | D28: 64.7 | E28: 74.5 | F28: 73.574783 | G28: индивидуальные предприниматели
A29: Талас облусу | B29: 100 | C29: 100 | D29: 100 | E29: 93.6 | F29: 94.167616 | G29: Таласская область
A30: чакан ишканалар | B30: 28.6 | C30: 22.8 | D30: 18.3 | E30: 13.7 | F30: 18.24398 | G30: малые предприятия
A31: орто ишканалар | B31: - | C31: - | D31: - | E31: - | F31: 0 | G31: средние предприятия
A32: жеке ишкерлер | B32: 71.4 | C32: 77.2 | D32: 81.7 | E32: 79.9 | F32: 75.923636 | G32: индивидуальные предприниматели
A33: Чүй облусу | B33: 91.1 | C33: 94.3 | D33: 93.3 | E33: 47.8 | F33: 79.8 | G33: Чуйская область
A34: чакан ишканалар | B34: 25.5 | C34: 31.5 | D34: 33.5 | E34: 9.3 | F34: 8.5070397 | G34: малые предприятия
A35: орто ишканалар | B35: 5.9 | C35: 8.6 | D35: 11.2 | E35: 0.7 | F35: 23.890862 | G35: средние предприятия
A36: жеке ишкерлер | B36: 59.7 | C36: 54.2 | D36: 48.6 | E36: 37.8 | F36: 47.376399 | G36: индивидуальные предприниматели
A37: Бишкек ш. | B37: 75.3 | C37: 69.3 | D37: 71 | E37: 71 | F37: 73.498704 | G37: г.Бишкек
A38: чакан ишканалар | B38: 29.3 | C38: 32.1 | D38: 42.7 | E38: 48.7 | F38: 45.163706 | G38: малые предприятия
A39: орто ишканалар | B39: 26.3 | C39: 19 | D39: 13.2 | E39: 7.9 | F39: 11.80611 | G39: средние предприятия
A40: жеке ишкерлер | B40: 19.7 | C40: 18.2 | D40: 15.1 | E40: 14.4 | F40: 16.528888 | G40: индивидуальные предприниматели
A41: Ош ш. | B41: 85.4 | C41: 84.8 | D41: 80.1 | E41: 86.5 | F41: 90.4 | G41: г.Ош
A42: чакан ишканалар | B42: 16.8 | C42: 14.2 | D42: 18.4 | E42: 22.8 | F42: 22.094254 | G42: малые предприятия
A43: орто ишканалар | B43: 14.2 | C43: 13.7 | D43: 10.2 | E43: 10.9 | F43: 14.118107 | G43: средние предприятия
A44: жеке ишкерлер | B44: 54.4 | C44: 56.9 | D44: 51.5 | E44: 52.9 | F44: 54.160499 | G44: индивидуальные предприниматели

Sheet 3.5.
A1: Мазмуну | G1: Содержание
A2: 3.5. Аймактар боюнча мейманканалардын жана ресторандардын жүгүртүүсү | E2: Оборот гостиниц и ресторанов, по территории
A3: (млн.сом) | E3: (млн.сомов)
B4: 2021 | C4: 2022 | D4: 2023 | E4: 2024 | F4: 2025
A5: Кыргыз Республикасы | B5: 19352 | C5: 28134.6 | D5: 38019.5 | E5: 48136.3 | F5: 63446.3 | G5: Кыргызская Республика
A6: чакан ишканалар | B6: 908.4 | C6: 4052.7 | D6: 5931.5 | E6: 3591.4 | F6: 5011.1 | G6: малые предприятия
A7: орто ишканалар | B7: 939 | C7: 1699.6 | D7: 2582.3 | E7: 5069.6 | F7: 10213.4 | G7: средние предприятия
A8: жеке ишкерлер | B8: 17504.6 | C8: 22382.3 | D8: 29505.7 | E8: 39475.3 | F8: 48221.8 | G8: индивидуальные предприниматели
A9: Баткен облусу | B9: 1064.3 | C9: 1240.2 | D9: 1499.9 | E9: 1726 | F9: 1900.7 | G9: Баткенская область
A10: чакан ишканалар | B10: 3.9 | C10: 0.7 | D10: 15 | E10: 10.9 | F10: 12.2 | G10: малые предприятия
A11: орто ишканалар | B11: - | C11: - | D11: - | E11: 0.2 | F11: 0 | G11: средние предприятия
A12: жеке ишкерлер | B12: 1060.4 | C12: 1239.5 | D12: 1484.9 | E12: 1714.9 | F12: 1888.5 | G12: индивидуальные предприниматели
A13: Жалал-Абад облусу | B13: 2715.6 | C13: 3366.6 | D13: 4197.9 | E13: 4736 | F13: 6765 | G13: Джалал-Абадская область
A14: чакан ишканалар | B14: - | C14: - | D14: 92 | E14: 76.9 | F14: 26.2 | G14: малые предприятия
A15: орто ишканалар | B15: 4.7 | C15: 5 | D15: 8.2 | F15: 99.4 | G15: средние предприятия
A16: жеке ишкерлер | B16: 2710.9 | C16: 3361.6 | D16: 4097.7 | E16: 4659.1 | F16: 6639.4 | G16: индивидуальные предприниматели
A17: Ысык-Көл облусу | B17: 796.1 | C17: 1219 | D17: 1400.3 | E17: 1948.8 | F17: 3168.7 | G17: Иссык-Кульская область
A18: чакан ишканалар | B18: 121.7 | C18: 224.6 | D18: 166.3 | E18: 192.2 | F18: 425.7 | G18: малые предприятия
A19: орто ишканалар | B19: 20.9 | C19: 66.9 | D19: 49 | E19: 382.9 | F19: 669.5 | G19: средние предприятия
A20: жеке ишкерлер | B20: 653.5 | C20: 927.5 | D20: 1185 | E20: 1373.7 | F20: 2073.5 | G20: индивидуальные предприниматели
A21: Нарын облусу | B21: 74.2 | C21: 88 | D21: 112.8 | E21: 103.5 | F21: 159.2 | G21: Нарынская область
A22: чакан ишканалар | B22: 0.6 | C22: 11.2 | D22: 37.8 | E22: 14.1 | F22: 14.1 | G22: малые предприятия
A23: орто ишканалар | B23: - | C23: - | D23: - | E23: - | F23: 0 | G23: средние предприятия
A24: жеке ишкерлер | B24: 73.6 | C24: 76.8 | D24: 75 | E24: 89.4 | F24: 145.1 | G24: индивидуальные предприниматели
A25: Ош облусу | B25: 1196.5 | C25: 1389.3 | D25: 1527.4 | E25: 2087.3 | F25: 2854.7 | G25: Ошская область
A26: чакан ишканалар | B26: 2 | C26: 2.4 | D26: 1.1 | E26: 0.2 | F26: 2.6 | G26: малые предприятия
A27: орто ишканалар | B27: 0.5 | C27: 0.7 | D27: 8.4 | E27: - | F27: 0 | G27: средние предприятия
A28: жеке ишкерлер | B28: 1194 | C28: 1386.2 | D28: 1517.9 | E28: 2087.1 | F28: 2852.1 | G28: индивидуальные предприниматели
A29: Талас облусу | B29: 264 | C29: 448.3 | D29: 526.3 | E29: 610.7 | F29: 730.5 | G29: Таласская область
A30: чакан ишканалар | B30: 20.3 | C30: 20.3 | D30: 20.5 | E30: 62.6 | F30: 1.3 | G30: малые предприятия
A31: орто ишканалар | B31: - | C31: - | D31: - | E31: - | F31: - | G31: средние предприятия
A32: жеке ишкерлер | B32: 243.7 | C32: 428 | D32: 505.8 | E32: 548.1 | F32: 729.2 | G32: индивидуальные предприниматели
A33: Чүй облусу | B33: 1302 | C33: 3892.4 | D33: 5570.5 | E33: 2576 | F33: 3912.2 | G33: Чуйская область
A34: чакан ишканалар | B34: 251.4 | C34: 2827.4 | D34: 3821.2 | E34: 129 | F34: 109.8 | G34: малые предприятия
A35: орто ишканалар | B35: 0.5 | C35: 0.2 | D35: 0.1 | E35: 31.1 | F35: 264.6 | G35: средние предприятия
A36: жеке ишкерлер | B36: 1050.1 | C36: 1064.8 | D36: 1749.2 | E36: 2415.8 | F36: 3537.8 | G36: индивидуальные предприниматели
A37: Бишкек ш. | B37: 9743 | C37: 13779.9 | D37: 20007.2 | E37: 31292.1 | F37: 40588.6 | G37: г.Бишкек
A38: чакан ишканалар | B38: 277.6 | C38: 800.2 | D38: 1028.5 | E38: 2984.6 | F38: 4322.1 | G38: малые предприятия
A39: орто ишканалар | B39: 893.3 | C39: 1577.1 | D39: 2467.1 | E39: 4406.4 | F39: 8425.3 | G39: средние предприятия
A40: жеке ишкерлер | B40: 8572.1 | C40: 11402.6 | D40: 16511.6 | E40: 23901.1 | F40: 27841.2 | G40: индивидуальные предприниматели
A41: Ош ш. | B41: 2196.3 | C41: 2710.9 | D41: 3177.2 | E41: 3056 | F41: 3366.7 | G41: г.Ош
A42: чакан ишканалар | B42: 230.9 | C42: 165.9 | D42: 749.1 | E42: 120.9 | F42: 97.1 | G42: малые предприятия
A43: орто ишканалар | B43: 19.1 | C43: 49.7 | D43: 49.5 | E43: 249 | F43: 754.6 | G43: средние предприятия
A44: жеке ишкерлер | B44: 1946.3 | C44: 2495.3 | D44: 2378.6 | E44: 2686.1 | F44: 2515 | G44: индивидуальные предприниматели

Sheet 3.6.
A1: Мазмуну | G1: Содержание
A2: 3.6. Аймактар боюнча мейманкана- лардын жана ресторандардын жүгүртүүсү | E2: Оборот гостиниц и ресторанов по территории
A3: (республиканын, облустун жалпы көлөмүнө карата пайыз менен) | E3: (в процентах к общему объему республики, области)
B4: 2021 | C4: 2022 | D4: 2023 | E4: 2024 | F4: 2025
A5: Кыргыз Республикасы | B5: 90.8 | C5: 94.3 | D5: 90.4 | E5: 81.2 | F5: 79.532554 | G5: Кыргызская Республика
A6: чакан ишканалар | B6: 4.3 | C6: 13.6 | D6: 14.1 | E6: 6.1 | F6: 6.2816206 | G6: малые предприятия
A7: орто ишканалар | B7: 4.4 | C7: 5.7 | D7: 6.1 | E7: 8.6 | F7: 12.802918 | G7: средние предприятия
A8: жеке ишкерлер | B8: 82.1 | C8: 75 | D8: 70.2 | E8: 66.6 | F8: 60.448016 | G8: индивидуальные предприниматели
A9: Баткен облусу | B9: 100 | C9: 100 | D9: 100 | E9: 99.4 | F9: 100 | G9: Баткенская область
A10: чакан ишканалар | B10: 0.4 | C10: 0.1 | D10: 1 | E10: 0.6 | F10: 0.64186879 | G10: малые предприятия
A11: орто ишканалар | B11: - | C11: - | D11: - | E11: - | F11: 0 | G11: средние предприятия
A12: жеке ишкерлер | B12: 99.6 | C12: 99.9 | D12: 99 | E12: 90.8 | F12: 99.358131 | G12: индивидуальные предприниматели
A13: Жалал-Абад облусу | B13: 100 | C13: 100 | D13: 100 | E13: 99.7 | F13: 100 | G13: Джалал-Абадская область
A14: чакан ишканалар | B14: - | C14: - | D14: 2.2 | E14: 0.6 | F14: 0.38728751 | G14: малые предприятия
A15: орто ишканалар | B15: 0.2 | C15: 0.1 | D15: 0.2 | E15: - | F15: 1.4693274 | G15: средние предприятия
A16: жеке ишкерлер | B16: 99.8 | C16: 99.9 | D16: 97.6 | E16: 98.1 | F16: 98.143385 | G16: индивидуальные предприниматели
A17: Ысык-Көл облусу | B17: 100 | C17: 100 | D17: 100 | E17: 77.3 | F17: 80.4 | G17: Иссык-Кульская область
A18: чакан ишканалар | B18: 15.3 | C18: 18.4 | D18: 11.9 | E18: 7.6 | F18: 10.801005 | G18: малые предприятия
A19: орто ишканалар | B19: 2.6 | C19: 5.5 | D19: 3.5 | E19: 15.2 | F19: 16.986781 | G19: средние предприятия
A20: жеке ишкерлер | B20: 82.1 | C20: 76.1 | D20: 84.6 | E20: 54.5 | F20: 52.609545 | G20: индивидуальные предприниматели
A21: Нарын облусу | B21: 100 | C21: 100 | D21: 100 | E21: 40.3 | F21: 42.9 | G21: Нарынская область
A22: чакан ишканалар | B22: 0.8 | C22: 12.7 | D22: 33.5 | E22: 5.5 | F22: 3.7984914 | G22: малые предприятия
A23: орто ишканалар | B23: - | C23: - | D23: - | E23: - | F23: 0 | G23: средние предприятия
A24: жеке ишкерлер | B24: 99.2 | C24: 87.3 | D24: 66.5 | E24: 34.8 | F24: 39.08944 | G24: индивидуальные предприниматели
A25: Ош облусу | B25: 100 | C25: 96.8 | D25: 89.9 | E25: 100 | F25: 100 | G25: Ошская область
A26: чакан ишканалар | B26: 0.2 | C26: 0.2 | D26: 0.1 | E26: 0 | F26: 0.091077872 | G26: малые предприятия
A27: орто ишканалар | B27: 0 | C27: 0 | D27: 0.5 | E27: - | F27: 0 | G27: средние предприятия
A28: жеке ишкерлер | B28: 99.8 | C28: 96.6 | D28: 89.3 | E28: 100 | F28: 99.908922 | G28: индивидуальные предприниматели
A29: Талас облусу | B29: 100 | C29: 100 | D29: 100 | E29: 100 | F29: 100 | G29: Таласская область
A30: чакан ишканалар | B30: 7.7 | C30: 4.5 | D30: 3.9 | E30: 10.2 | F30: 0.17798467 | G30: малые предприятия
A31: орто ишканалар | B31: - | C31: - | D31: - | E31: - | F31: - | G31: средние предприятия
A32: жеке ишкерлер | B32: 92.3 | C32: 95.5 | D32: 96.1 | E32: 89.8 | F32: 99.835706 | G32: индивидуальные предприниматели
A33: Чүй облусу | B33: 48.7 | C33: 94.3 | D33: 99.3 | E33: 74.8 | F33: 100 | G33: Чуйская область
A34: чакан ишканалар | B34: 9.4 | C34: 68.5 | D34: 68.1 | E34: 3.7 | F34: 2.806605 | G34: малые предприятия
A35: орто ишканалар | B35: 0 | C35: 0 | D35: 0 | E35: 0.9 | F35: 6.7634579 | G35: средние предприятия
A36: жеке ишкерлер | B36: 39.3 | C36: 25.8 | D36: 31.2 | E36: 70.2 | F36: 90.429937 | G36: индивидуальные предприниматели
A37: Бишкек ш. | B37: 95.1 | C37: 91.1 | D37: 84.3 | E37: 77.4 | F37: 60.1 | G37: г.Бишкек
A38: чакан ишканалар | B38: 2.7 | C38: 5.3 | D38: 4.3 | E38: 7.4 | F38: 7.8900386 | G38: малые предприятия
A39: орто ишканалар | B39: 8.7 | C39: 10.4 | D39: 10.4 | E39: 10.9 | F39: 1.3775302 | G39: средние предприятия
A40: жеке ишкерлер | B40: 83.7 | C40: 75.4 | D40: 69.6 | E40: 59.1 | F40: 50.824401 | G40: индивидуальные предприниматели
A41: Ош ш. | B41: 96.1 | C41: 96.7 | D41: 97.1 | E41: 88.4 | F41: 74.49605 | G41: г.Ош
A42: чакан ишканалар | B42: 10.1 | C42: 5.9 | D42: 22.9 | E42: 3.5 | F42: 2.1485628 | G42: малые предприятия
A43: орто ишканалар | B43: 0.8 | C43: 1.8 | D43: 1.5 | E43: 7.2 | F43: 16.697276 | G43: средние предприятия
A44: жеке ишкерлер | B44: 85.2 | C44: 89 | D44: 72.7 | E44: 77.7 | F44: 55.650211 | G44: индивидуальные предприниматели

Sheet 3.7.
A1: Мазмуну | G1: Содержание
A2: 3.7. Аймактар боюнча мейманканалардын жана туристтик жашоо үчүн, ошондой эле кыска мөөнөткө жашоо үчүн башка жайлардын жүгүртүүсү | E2: Оборот гостиниц и услуг для туристического проживания, а также прочих мест для краткосрочного проживания, по территории
A3: (млн. сом) | E3: (млн. сомов)
B4: 2021 | C4: 2022 | D4: 2023 | E4: 2024 | F4: 2025
A5: Кыргыз Республикасы | B5: 1416.6 | C5: 2669.8 | D5: 3825.8 | E5: 5377.6 | F5: 8673.3 | G5: Кыргызская Республика
A6: чакан ишканалар | B6: 191.6 | C6: 355 | D6: 397.6 | E6: 738.7 | F6: 1855.2 | G6: малые предприятия
A7: орто ишканалар | B7: 201.1 | C7: 246 | D7: 240.9 | E7: 783 | F7: 1836.1 | G7: средние предприятия
A8: жеке ишкерлер | B8: 1023.9 | C8: 2068.8 | D8: 3187.3 | E8: 3855.8 | F8: 4982 | G8: индивидуальные предприниматели
A9: Баткен облусу | B9: 8 | C9: 9.9 | D9: 18 | E9: 15.2 | F9: 20.6 | G9: Баткенская область
A10: чакан ишканалар | B10: 2.8 | C10: 0.7 | D10: 4.7 | E10: - | F10: 1.3 | G10: малые предприятия
A11: орто ишканалар | B11: - | C11: - | D11: - | E11: 0.2 | F11: - | G11: средние предприятия
A12: жеке ишкерлер | B12: 5.2 | C12: 9.2 | D12: 13.3 | E12: 15 | F12: 19.3 | G12: индивидуальные предприниматели
A13: Жалал-Абад облусу | B13: 56.9 | C13: 64.2 | D13: 90.2 | E13: 121.5 | F13: 256.8 | G13: Джалал-Абадская область
A14: чакан ишканалар | B14: - | C14: - | D14: - | E14: 20.2 | F14: 21.4 | G14: малые предприятия
A15: орто ишканалар | B15: 4.7 | C15: 5 | D15: 8.2 | E15: - | F15: 36.6 | G15: средние предприятия
A16: жеке ишкерлер | B16: 52.2 | C16: 59.2 | D16: 82 | E16: 101.3 | F16: 198.8 | G16: индивидуальные предприниматели
A17: Ысык-Көл облусу | B17: 525.7 | C17: 822.1 | D17: 893 | E17: 1133.9 | F17: 2241.2 | G17: Иссык-Кульская область
A18: чакан ишканалар | B18: 90.9 | C18: 122.3 | D18: 115.6 | E18: 192.2 | F18: 425.7 | G18: малые предприятия
A19: орто ишканалар | B19: 0.4 | C19: 0.6 | D19: 0.8 | E19: 382.9 | F19: 669.5 | G19: средние предприятия
A20: жеке ишкерлер | B20: 434.4 | C20: 699.2 | D20: 776.6 | E20: 558.8 | F20: 1146 | G20: индивидуальные предприниматели
A21: Нарын облусу | B21: 7.9 | C21: 8.7 | D21: 12.5 | E21: 14.4 | F21: 25.5 | G21: Нарынская область
A22: чакан ишканалар | B22: 0.3 | C22: 1.8 | D22: 1.9 | E22: 1.8 | F22: 1.9 | G22: малые предприятия
A23: орто ишканалар | B23: - | C23: - | D23: - | E23: - | F23: - | G23: средние предприятия
A24: жеке ишкерлер | B24: 7.6 | C24: 6.9 | D24: 10.6 | E24: 12.6 | F24: 23.6 | G24: индивидуальные предприниматели
A25: Ош облусу | B25: 13 | C25: 13.5 | D25: 19.8 | E25: 64.4 | F25: 74 | G25: Ошская область
A26: чакан ишканалар | B26: 2 | C26: 2.4 | D26: 1.1 | E26: 0.2 | F26: 2.6 | G26: малые предприятия
A27: орто ишканалар | B27: 0.5 | C27: 0.7 | D27: 8.4 | E27: - | G27: средние предприятия
A28: жеке ишкерлер | B28: 10.5 | C28: 10.4 | D28: 10.3 | E28: 64.2 | F28: 71.4 | G28: индивидуальные предприниматели
A29: Талас облусу | B29: 18.5 | C29: 19 | D29: 19.2 | E29: 17.8 | F29: 13.9 | G29: Таласская область
A30: чакан ишканалар | B30: - | C30: - | D30: - | E30: - | F30: 0.2 | G30: малые предприятия
A31: орто ишканалар | B31: - | C31: - | D31: - | E31: - | G31: средние предприятия
A32: жеке ишкерлер | B32: 18.5 | C32: 19 | D32: 19.2 | E32: 17.8 | F32: 13.7 | G32: индивидуальные предприниматели
A33: Чүй облусу | B33: 25.7 | C33: 54.1 | D33: 61.4 | E33: 171.8 | F33: 199.6 | G33: Чуйская область
A34: чакан ишканалар | B34: 6.8 | C34: 32.3 | D34: 34.8 | E34: 64 | F34: 104.6 | G34: малые предприятия
A35: орто ишканалар | B35: 0.4 | C35: 0.2 | D35: 0.1 | E35: - | F35: - | G35: средние предприятия
A36: жеке ишкерлер | B36: 18.5 | C36: 21.6 | D36: 26.5 | E36: 107.8 | F36: 95 | G36: индивидуальные предприниматели
A37: Бишкек ш. | B37: 705.5 | C37: 1606.8 | D37: 2574.8 | E37: 3637 | F37: 5385.7 | G37: г.Бишкек
A38: чакан ишканалар | B38: 88 | C38: 191 | D38: 228.8 | E38: 372.5 | F38: 1273.2 | G38: малые предприятия
A39: орто ишканалар | B39: 184.1 | C39: 198 | D39: 183 | E39: 308 | F39: 743.5 | G39: средние предприятия
A40: жеке ишкерлер | B40: 433.4 | C40: 1217.8 | D40: 2163 | E40: 2956.5 | F40: 3369 | G40: индивидуальные предприниматели
A41: Ош ш. | B41: 55.4 | C41: 71.5 | D41: 136.9 | E41: 201.6 | F41: 456 | G41: г.Ош
A42: чакан ишканалар | B42: 0.8 | C42: 4.5 | D42: 10.7 | E42: 87.8 | F42: 24.3 | G42: малые предприятия
A43: орто ишканалар | B43: 11 | C43: 41.5 | D43: 40.4 | E43: 91.9 | F43: 386.5 | G43: средние предприятия
A44: жеке ишкерлер | B44: 43.6 | C44: 25.5 | D44: 85.8 | E44: 21.8 | F44: 45.2 | G44: индивидуальные предприниматели

Sheet 3.8.
A1: Мазмуну | G1: Содержание
A2: 3.8. Аймактар боюнча мейманканалардын жана туристтик жашоо үчүн, ошондой эле кыска мөөнөткө жашоо үчүн башка жайлардын жүгүртүүсү | E2: Оборот гостиниц и услуг для туристического проживания, а также прочих мест для краткосрочного проживания, по территории
A3: (республиканын, облустун жалпы көлөмүнө карата пайыз менен) | E3: (в процентах к общему объему республики, области)
B4: 2021 | C4: 2022 | D4: 2023 | E4: 2024 | F4: 2025
A5: Кыргыз Республикасы | B5: 78.2 | C5: 67.3 | D5: 63.2 | E5: 55.5 | F5: 62.549039 | G5: Кыргызская Республика
A6: чакан ишканалар | B6: 10.6 | C6: 8.9 | D6: 6.6 | E6: 7.6 | F6: 13.379103 | G6: малые предприятия
A7: орто ишканалар | B7: 11.1 | C7: 6.2 | D7: 4 | E7: 8.1 | F7: 13.24136 | G7: средние предприятия
A8: жеке ишкерлер | B8: 56.5 | C8: 52.1 | D8: 52.7 | E8: 39.8 | F8: 35.928576 | G8: индивидуальные предприниматели
A9: Баткен облусу | B9: 100 | C9: 100 | D9: 100 | E9: 59.8 | F9: 100 | G9: Баткенская область
A10: чакан ишканалар | B10: 35 | C10: 7.1 | D10: 26.1 | F10: 6.3106796 | G10: малые предприятия
A11: орто ишканалар | B11: - | C11: - | D11: - | E11: 0.9 | F11: - | G11: средние предприятия
A12: жеке ишкерлер | B12: 65 | C12: 92.9 | D12: 73.9 | E12: 58.8 | F12: 93.68932 | G12: индивидуальные предприниматели
A13: Жалал-Абад облусу | B13: 100 | C13: 100 | D13: 100 | E13: 90.4 | F13: 99.961074 | G13: Джалал-Абадская область
A14: чакан ишканалар | B14: - | C14: - | D14: - | E14: 15 | F14: 8.3300895 | G14: малые предприятия
A15: орто ишканалар | B15: 8.3 | C15: 7.8 | D15: 9.1 | E15: - | F15: 14.246789 | G15: средние предприятия
A16: жеке ишкерлер | B16: 91.7 | C16: 92.2 | D16: 90.9 | E16: 75.4 | F16: 77.384196 | G16: индивидуальные предприниматели
A17: Ысык-Көл облусу | B17: 100 | C17: 100 | D17: 100 | E17: 66.5 | F17: 74.36459 | G17: Иссык-Кульская область
A18: чакан ишканалар | B18: 17.3 | C18: 14.9 | D18: 12.9 | E18: 11.3 | F18: 14.125025 | G18: малые предприятия
A19: орто ишканалар | B19: 0.1 | C19: 0.1 | D19: 0.1 | E19: 22.5 | F19: 22.21448 | G19: средние предприятия
A20: жеке ишкерлер | B20: 82.6 | C20: 85 | D20: 87 | E20: 32.8 | F20: 38.025085 | G20: индивидуальные предприниматели
A21: Нарын облусу | B21: 100 | C21: 100 | D21: 100 | E21: 18 | F21: 10.736842 | G21: Нарынская область
A22: чакан ишканалар | B22: 3.8 | C22: 20.7 | D22: 15.2 | E22: 2.3 | F22: 0.8 | G22: малые предприятия
A23: орто ишканалар | B23: - | C23: - | D23: - | E23: - | G23: средние предприятия
A24: жеке ишкерлер | B24: 96.2 | C24: 79.3 | D24: 84.8 | E24: 15.8 | F24: 9.9368421 | G24: индивидуальные предприниматели
A25: Ош облусу | B25: 100 | C25: 91.8 | D25: 30.2 | E25: 100 | F25: 100 | G25: Ошская область
A26: чакан ишканалар | B26: 15.4 | C26: 16.3 | D26: 1.7 | E26: 0.3 | F26: 3.5135135 | G26: малые предприятия
A27: орто ишканалар | B27: 3.8 | C27: 4.8 | D27: 12.8 | E27: - | G27: средние предприятия
A28: жеке ишкерлер | B28: 80.8 | C28: 70.7 | D28: 15.7 | E28: 99.7 | F28: 96.486486 | G28: индивидуальные предприниматели
A29: Талас облусу | B29: 100 | C29: 99.5 | D29: 100 | E29: 100 | F29: 100 | G29: Таласская область
A30: чакан ишканалар | B30: - | C30: - | D30: - | E30: - | F30: 1.4388489 | G30: малые предприятия
A31: орто ишканалар | B31: - | C31: - | D31: - | E31: - | G31: средние предприятия
A32: жеке ишкерлер | B32: 100 | C32: 99.5 | D32: 100 | E32: 100 | F32: 98.561151 | G32: индивидуальные предприниматели
A33: Чүй облусу | B33: 95.9 | C33: 96.4 | D33: 100 | E33: 83.7 | F33: 100 | G33: Чуйская область
A34: чакан ишканалар | B34: 25.4 | C34: 57.6 | D34: 56.7 | E34: 31.2 | F34: 52.40481 | G34: малые предприятия
A35: орто ишканалар | B35: 1.5 | C35: 0.4 | D35: 0.2 | E35: - | F35: - | G35: средние предприятия
A36: жеке ишкерлер | B36: 69 | C36: 38.4 | D36: 43.1 | E36: 52.5 | F36: 47.59519 | G36: индивидуальные предприниматели
A37: Бишкек ш. | B37: 65.9 | C37: 55.9 | D37: 54.5 | E37: 51 | F37: 57.04526 | G37: г.Бишкек
A38: чакан ишканалар | B38: 8.2 | C38: 6.7 | D38: 4.8 | E38: 5.2 | F38: 13.485717 | G38: малые предприятия
A39: орто ишканалар | B39: 17.2 | C39: 6.9 | D39: 3.9 | E39: 4.3 | F39: 7.8751417 | G39: средние предприятия
A40: жеке ишкерлер | B40: 40.5 | C40: 42.4 | D40: 45.8 | E40: 41.4 | F40: 35.684401 | G40: индивидуальные предприниматели
A41: Ош ш. | B41: 65.1 | C41: 70.3 | D41: 81.1 | E41: 64.2 | F41: 74.876847 | G41: г.Ош
A42: чакан ишканалар | B42: 0.9 | C42: 4.4 | D42: 6.3 | E42: 28 | F42: 3.9901478 | G42: малые предприятия
A43: орто ишканалар | B43: 12.9 | C43: 40.8 | D43: 23.9 | E43: 29.3 | F43: 63.464696 | G43: средние предприятия
A44: жеке ишкерлер | B44: 51.3 | C44: 25.1 | D44: 50.9 | E44: 6.9 | F44: 7.4220033 | G44: индивидуальные предприниматели

Sheet 3.9.
A1: Мазмуну | G1: Содержание
A2: 3.9. Ресторандардын, барлардын, даяр тамак-аш менен камсыздоо боюнча мобилдүү жана башка кызмат көрсөтүүлөрдүн аймактар боюнча жүгүртүүсү | E2: Оборот ресторанов, баров, мобильных и прочих услуг по обеспечению пищей по территории
A3: (млн. сом) | E3: (млн. сомов)
B4: 2021 | C4: 2022 | D4: 2023 | E4: 2024 | F4: 2025
A5: Кыргыз Республикасы | B5: 17935.4 | C5: 25464.8 | D5: 34193.7 | E5: 42758.7 | F5: 54773 | G5: Кыргызская Республика
A6: чакан ишканалар | B6: 716.8 | C6: 3697.7 | D6: 5533.9 | E6: 2852.6 | F6: 3155.9 | G6: малые предприятия
A7: орто ишканалар | B7: 737.9 | C7: 1453.6 | D7: 2341.4 | E7: 4286.6 | F7: 8377.3 | G7: средние предприятия
A8: жеке ишкерлер | B8: 16480.7 | C8: 20313.5 | D8: 26318.4 | E8: 35619.5 | F8: 43239.8 | G8: индивидуальные предприниматели
A9: Баткен облусу | B9: 1056.4 | C9: 1230.3 | D9: 1481.9 | E9: 1710.8 | F9: 1880.1 | G9: Баткенская область
A10: чакан ишканалар | B10: 1.1 | C10: - | D10: 10.3 | E10: 10.9 | F10: 10.9 | G10: малые предприятия
A11: орто ишканалар | B11: - | C11: - | D11: - | E11: - | G11: средние предприятия
A12: жеке ишкерлер | B12: 1055.3 | C12: 1230.3 | D12: 1471.6 | E12: 1699.9 | F12: 1869.2 | G12: индивидуальные предприниматели
A13: Жалал-Абад облусу | B13: 2658.7 | C13: 3302.4 | D13: 4107.7 | E13: 4614.5 | F13: 6508.1 | G13: Джалал-Абадская область
A14: чакан ишканалар | B14: - | C14: - | D14: 92 | E14: 56.7 | F14: 4.7 | G14: малые предприятия
A15: орто ишканалар | B15: - | C15: - | D15: - | E15: - | F15: 62.8 | G15: средние предприятия
A16: жеке ишкерлер | B16: 2658.7 | C16: 3302.4 | D16: 4015.7 | E16: 4557.8 | F16: 6440.6 | G16: индивидуальные предприниматели
A17: Ысык-Көл облусу | B17: 270.3 | C17: 396.9 | D17: 507.3 | E17: 814.8 | F17: 927.5 | G17: Иссык-Кульская область
A18: чакан ишканалар | B18: 30.7 | C18: 102.3 | D18: 50.7 | E18: - | F18: - | G18: малые предприятия
A19: орто ишканалар | B19: 20.5 | C19: 66.3 | D19: 48.2 | E19: - | F19: - | G19: средние предприятия
A20: жеке ишкерлер | B20: 219.1 | C20: 228.3 | D20: 408.4 | E20: 814.8 | F20: 927.5 | G20: индивидуальные предприниматели
A21: Нарын облусу | B21: 66.3 | C21: 79.3 | D21: 100.3 | E21: 89.2 | F21: 133.7 | G21: Нарынская область
A22: чакан ишканалар | B22: 0.3 | C22: 9.4 | D22: 35.9 | E22: 12.3 | F22: 12.2 | G22: малые предприятия
A23: орто ишканалар | B23: - | C23: - | D23: - | E23: - | G23: средние предприятия
A24: жеке ишкерлер | B24: 66 | C24: 69.9 | D24: 64.4 | E24: 76.8 | F24: 121.5 | G24: индивидуальные предприниматели
A25: Ош облусу | B25: 1183.5 | C25: 1375.8 | D25: 1507 | E25: 2023 | F25: 2780.7 | G25: Ошская область
A26: чакан ишканалар | B26: - | C26: - | D26: - | E26: - | G26: малые предприятия
A27: орто ишканалар | B27: - | C27: - | D27: - | E27: - | G27: средние предприятия
A28: жеке ишкерлер | B28: 1183.5 | C28: 1375.8 | D28: 1507.6 | E28: 2023 | F28: 2780.7 | G28: индивидуальные предприниматели
A29: Талас облусу | B29: 245.4 | C29: 429.3 | D29: 507.1 | E29: 592.9 | F29: 716.5 | G29: Таласская область
A30: чакан ишканалар | B30: 20.2 | C30: 20.3 | D30: 20.5 | E30: 62.6 | F30: 1.1 | G30: малые предприятия
A31: орто ишканалар | B31: - | C31: - | D31: - | E31: - | G31: средние предприятия
A32: жеке ишкерлер | B32: 225.2 | C32: 409 | D32: 486.6 | E32: 530.3 | F32: 715.4 | G32: индивидуальные предприниматели
A33: Чүй облусу | B33: 1276.3 | C33: 3838.3 | D33: 5509.1 | E33: 2404.1 | F33: 3712.6 | G33: Чуйская область
A34: чакан ишканалар | B34: 244.7 | C34: 2795.1 | D34: 3786.4 | E34: 65 | F34: 5.2 | G34: малые предприятия
A35: орто ишканалар | B35: - | C35: - | D35: - | E35: 31.1 | F35: 264.6 | G35: средние предприятия
A36: жеке ишкерлер | B36: 1031.6 | C36: 1043.2 | D36: 1722.7 | E36: 2308 | F36: 3442.8 | G36: индивидуальные предприниматели
A37: Бишкек ш. | B37: 9037.6 | C37: 12173 | D37: 17432.4 | E37: 27655.2 | F37: 35203.1 | G37: г.Бишкек
A38: чакан ишканалар | B38: 189.7 | C38: 609.2 | D38: 799.7 | E38: 2612.1 | F38: 3049 | G38: малые предприятия
A39: орто ишканалар | B39: 709.3 | C39: 1379 | D39: 2284.1 | E39: 4098.4 | F39: 7681.9 | G39: средние предприятия
A40: жеке ишкерлер | B40: 8138.6 | C40: 10184.8 | D40: 14348.6 | E40: 20944.7 | F40: 24472.2 | G40: индивидуальные предприниматели
A41: Ош ш. | B41: 2140.9 | C41: 2639.5 | D41: 3040.3 | E41: 2854.2 | F41: 2910.7 | G41: г.Ош
A42: чакан ишканалар | B42: 230.1 | C42: 161.4 | D42: 738.4 | E42: 33.1 | F42: 72.8 | G42: малые предприятия
A43: орто ишканалар | B43: 8.1 | C43: 8.3 | D43: 9.1 | E43: 157.1 | F43: 368 | G43: средние предприятия
A44: жеке ишкерлер | B44: 1902.7 | C44: 2469.8 | D44: 2292.8 | E44: 2664 | F44: 2469.9 | G44: индивидуальные предприниматели

Sheet 3.10.
A1: Мазмуну | G1: Содержание
A2: 3.10. Аймактар боюнча ресторандардын, барлардын, даяр тамак-аш менен камсыздоо боюнча мобилдүү жана башка кызмат көрсөтүүлөрдүн жүгүртүүсү | E2: Оборот ресторанов, баров, мобильных и прочих услуг по обеспечению пищей, по территории
A3: (республиканын, облустун жалпы көлөмүнө карата пайыз менен) | E3: (в процентах к общему объему республики, области)
B4: 2021 | C4: 2022 | D4: 2023 | E4: 2024 | F4: 2025
A5: Кыргыз Республикасы | B5: 92 | C5: 98.4 | D5: 95 | E5: 86.2 | F5: 83.105742 | G5: Кыргызская Республика
A6: чакан ишканалар | B6: 3.7 | C6: 14.3 | D6: 15.4 | E6: 5.8 | F6: 4.7883704 | G6: малые предприятия
A7: орто ишканалар | B7: 3.8 | C7: 5.6 | D7: 6.5 | E7: 8.6 | F7: 12.710674 | G7: средние предприятия
A8: жеке ишкерлер | B8: 84.5 | C8: 78.5 | D8: 73.1 | E8: 71.8 | F8: 65.606698 | G8: индивидуальные предприниматели
A9: Баткен облусу | B9: 100 | C9: 100 | D9: 100 | E9: 100 | F9: 100 | G9: Баткенская область
A10: чакан ишканалар | B10: 0.1 | C10: 0 | D10: 0.7 | E10: 0.6 | F10: 0.5797564 | G10: малые предприятия
A11: орто ишканалар | B11: - | C11: - | D11: - | E11: - | F11: - | G11: средние предприятия
A12: жеке ишкерлер | B12: 99.9 | C12: 100 | D12: 99.3 | E12: 99.4 | F12: 99.420244 | G12: индивидуальные предприниматели
A13: Жалал-Абад облусу | B13: 100 | C13: 100 | D13: 100 | E13: 100 | F13: 100 | G13: Джалал-Абадская область
A14: чакан ишканалар | B14: - | C14: - | D14: - | E14: 1.2 | F14: 0.5797564 | G14: малые предприятия
A15: орто ишканалар | B15: - | C15: - | D15: - | E15: - | G15: средние предприятия
A16: жеке ишкерлер | B16: 100 | C16: 100 | D16: 100 | E16: 96.8 | F16: 99.420244 | G16: индивидуальные предприниматели
A17: Ысык-Көл облусу | B17: 100 | C17: 100 | D17: 100 | E17: 100 | F17: 100.01078 | G17: Иссык-Кульская область
A18: чакан ишканалар | B18: 11.4 | C18: 25.8 | D18: 10 | E18: - | G18: малые предприятия
A19: орто ишканалар | B19: 7.6 | C19: 16.7 | D19: 9.5 | E19: - | G19: средние предприятия
A20: жеке ишкерлер | B20: 81 | C20: 57.5 | D20: 80.5 | E20: 100 | F20: 100.01078 | G20: индивидуальные предприниматели
A21: Нарын облусу | B21: 100 | C21: 100 | D21: 100 | E21: 50.3 | F21: 100 | G21: Нарынская область
A22: чакан ишканалар | B22: 0.5 | C22: 11.9 | D22: 35.8 | E22: 6.9 | F22: 9.1249065 | G22: малые предприятия
A23: орто ишканалар | B23: - | C23: - | D23: - | E23: - | G23: средние предприятия
A24: жеке ишкерлер | B24: 99.5 | C24: 88.1 | D24: 64.2 | E24: 43.3 | F24: 90.875093 | G24: индивидуальные предприниматели
A25: Ош облусу | B25: 100 | C25: 96.8 | D25: 92.3 | E25: 100 | F25: 100 | G25: Ошская область
A26: чакан ишканалар | B26: - | C26: - | D26: - | E26: - | F26: - | G26: малые предприятия
A27: орто ишканалар | B27: - | C27: - | D27: - | E27: - | F27: - | G27: средние предприятия
A28: жеке ишкерлер | B28: 100 | C28: 96.8 | D28: 92.3 | E28: 100 | F28: 100 | G28: индивидуальные предприниматели
A29: Талас облусу | B29: 100 | C29: 100 | D29: 100 | E29: 100 | F29: 100 | G29: Таласская область
A30: чакан ишканалар | B30: 8.2 | C30: 4.7 | D30: 4 | E30: 10.6 | F30: 0.15352408 | G30: малые предприятия
A31: орто ишканалар | B31: - | C31: - | D31: - | E31: - | G31: средние предприятия
A32: жеке ишкерлер | B32: 91.8 | C32: 95.3 | D32: 96 | E32: 89.4 | F32: 99.846476 | G32: индивидуальные предприниматели
A33: Чүй облусу | B33: 48.2 | C33: 94.2 | D33: 99.3 | E33: 74.3 | F33: 100 | G33: Чуйская область
A34: чакан ишканалар | B34: 9.2 | C34: 68.6 | D34: 68.3 | E34: 2 | F34: 0.14006357 | G34: малые предприятия
A35: орто ишканалар | B35: - | C35: - | D35: - | E35: 1 | F35: 7.1270808 | G35: средние предприятия
A36: жеке ишкерлер | B36: 39 | C36: 25.6 | D36: 31 | E36: 71.3 | F36: 92.732856 | G36: индивидуальные предприниматели
A37: Бишкек ш. | B37: 98.5 | C37: 99.4 | D37: 91.7 | E37: 83.1 | F37: 77.645562 | G37: г.Бишкек
A38: чакан ишканалар | B38: 2.1 | C38: 5 | D38: 4.2 | E38: 7.8 | F38: 6.7250133 | G38: малые предприятия
A39: орто ишканалар | B39: 7.7 | C39: 11.3 | D39: 12 | E39: 12.3 | F39: 16.943549 | G39: средние предприятия
A40: жеке ишкерлер | B40: 88.7 | C40: 83.1 | D40: 75.5 | E40: 62.9 | F40: 53.977 | G40: индивидуальные предприниматели
A41: Ош ш. | B41: 97.3 | C41: 97.7 | D41: 97.9 | E41: 90.8 | F41: 74.436744 | G41: г.Ош
A42: чакан ишканалар | B42: 10.5 | C42: 6 | D42: 23.8 | E42: 1.1 | F42: 1.8617497 | G42: малые предприятия
A43: орто ишканалар | B43: 0.4 | C43: 0.3 | D43: 0.3 | E43: 5 | F43: 9.4110426 | G43: средние предприятия
A44: жеке ишкерлер | B44: 86.4 | C44: 91.4 | D44: 73.8 | E44: 84.8 | F44: 63.163952 | G44: индивидуальные предприниматели

Sheet Раздел 4. 4.1.
A1: Мазмуну | G1: Содержание
A2: 4. Рыноктук кызмат көрсөтүүлөр - Рыночные услуги
A4: 4.1. Рыноктук кызмат көрсөтүү- лөрдүн экономикалык ишмердиктин түрлөрү боюнча көлөмү | E4: Объем рыночных услуг по видам экономической деятельности
B6: 2021 | C6: 2022 | D6: 2023 | E6: 2024 | F6: 2025
B7: Млн. сом - Млн.сомов
A8: Бардыгы | B8: 965677.5 | C8: 1262831.4 | D8: 1707939.3 | E8: 2248983.6 | F8: 2938048.7 | G8: Всего
A9: Дүң жана чекене соода, автоунааларды жана мотоциклдерди оңдоонун | B9: 754902.1 | C9: 1000897.9 | D9: 1384371.4 | E9: 1778182.3 | F9: 2238489.8 | G9: Оптовой и розничной торговли, ремонта автомобилей и мотоциклов
A10: Транспорт ишмердигинин жана жүктөрдү сактоонун | B10: 53609.2 | C10: 66567.2 | D10: 79198.5 | E10: 99161.3 | F10: 133661.8 | G10: Транспортной деятельности и хранения грузов
A11: Мейманканалар жана ресторандардын | B11: 21315.6 | C11: 29849.2 | D11: 42061.6 | E11: 59286.8 | F11: 79773.9 | G11: Гостиниц и ресторанов
A12: Маалымат жана байланыштын | B12: 36082.5 | C12: 38221.6 | D12: 45256.1 | E12: 61340.6 | F12: 84182.2 | G12: Информации и связи
A13: Финансылык ортомчулуктун жана камсыздандыруунун | B13: 30806.2 | C13: 53202.1 | D13: 64366.5 | E13: 123746.8 | F13: 207688.8 | G13: Финансового посредничества и страхования
A14: Кыймылсыз мүлк операцияларынын | B14: 14424.2 | C14: 15778.5 | D14: 20726.8 | E14: 30259.4 | F14: 46264.35 | G14: Операции с недвижимым имуществом
A15: Кесиптик, илимий жана техникалык ишмердиктин | B15: 17939.8 | C15: 15572.4 | D15: 19913.9 | E15: 26905.8 | F15: 48374.1 | G15: Профессиональной, научной и технической деятельности
A16: Административдик жана көмөкчү ишмердиктин | B16: 6891.5 | C16: 8210.6 | D16: 12172.3 | E16: 16947 | F16: 27177.5 | G16: Административной и вспомогательной деятельности
A17: Билим берүүнүн | B17: 13868.8 | C17: 15540.2 | D17: 15360.6 | E17: 18974.1 | F17: 24667.9 | G17: Образования
A18: Саламаттыкты сактоо жана калкты социалдык жактан тейлөөнүн | B18: 8244.3 | C18: 9125.5 | D18: 11415.1 | E18: 15845.4 | F18: 22133.4 | G18: Здравоохранения и социального обслуживания населения
A19: Искусство, көңүл ачуу жана эс алуунун | B19: 1195.3 | C19: 1898 | D19: 2877.2 | E19: 4443.4 | F19: 8656.9 | G19: Искусства, развлечений и отдыха
A20: Башка тейлөө ишмердигинин | B20: 6398 | C20: 7968.2 | D20: 10219.3 | E20: 13890.7 | F20: 16978.1 | G20: Прочей обслуживающей деятельности
A21: Жыйынтыкка карата пайыз менен - В процентах к итогу
A22: Бардыгы | B22: 100 | C22: 100 | D22: 100 | E22: 100 | F22: 100 | G22: Всего
A23: Дүң жана чекене соода, автоунааларды жана мотоциклдерди оңдоонун | B23: 78.2 | C23: 79.258237 | D23: 81.1 | E23: 79.1 | F23: 76.189675 | G23: Оптовой и розничной торговли, ремонта автомобилей и мотоциклов | H23: =D9/D8*100 -> 81.05507 | K23: 5.9
A24: Транспорт ишмердигинин жана жүктөрдү сактоонун | B24: 5.6 | C24: 5.2712658 | D24: 4.6 | E24: 4.4 | F24: 4.5493391 | G24: Транспортной деятельности и хранения грузов | K24: 94.1
A25: Мейманканалар жана ресторандардын | B25: 2.1959772 | C25: 2.3636726 | D25: 2.5 | E25: 2.6 | F25: 2.7152 | G25: Гостиниц и ресторанов
A26: Маалымат жана байланыштын | B26: 3.7172938 | C26: 3.026659 | D26: 2.6 | E26: 2.7 | F26: 2.8652418 | G26: Информации и связи
A27: Финансылык ортомчулуктун жана камсыздандыруунун | B27: 3.1 | C27: 4.2129219 | D27: 3.8 | E27: 5.5 | F27: 7.0689365 | G27: Финансового посредничества и страхования

Sheet 4.4.2.
A1: Мазмуну | G1: Содержание
A2: уландысы | G2: продолжение
B3: 2021 | C3: 2022 | D3: 2023 | E3: 2024 | F3: 2025
A4: Кыймылсыз мүлк операцияларынын | B4: 1.4860109 | C4: 1.2494542 | D4: 1.2 | E4: 1.4 | F4: 1.5746624 | G4: Операции с недвижимым имуществом
A5: Кесиптик, илимий жана техникалык ишмердиктин | B5: 1.9 | C5: 1.2331337 | D5: 1.2 | E5: 1.2 | F5: 1.6464703 | G5: Профессиональной, научной и технической деятельности
A6: Административдик жана көмөкчү ишмердиктин | B6: 0.7099766 | C6: 0.65017389 | D6: 0.7 | E6: 0.8 | F6: 0.92501869 | G6: Административной и вспомогательной деятельности
A7: Билим берүүнүн | B7: 1.4287925 | C7: 1.2305839 | D7: 0.9 | E7: 0.8 | F7: 0.83960145 | G7: Образования
A8: Саламаттыкты сактоо жана калкты социалдык жактан тейлөөнүн | B8: 0.9 | C8: 0.7226222 | D8: 0.6 | E8: 0.7 | F8: 0.75333672 | G8: Здравоохранения и социального обслуживания населения
A9: Искусство, көңүл ачуу жана эс алуунун | B9: 0.12314228 | C9: 0.15029718 | D9: 0.2 | E9: 0.2 | F9: 0.29464794 | G9: Искусства, развлечений и отдыха
A10: Башка тейлөө ишмердигинин | B10: 0.7 | C10: 0.63097893 | D10: 0.6 | E10: 0.6 | F10: 0.57786992 | G10: Прочей обслуживающей деятельности
A12: 4.2. Рыноктук кызмат көрсөтүү- лөрдүн аймактар боюнча көлөмү | E12: Объем рыночных услуг по территории
B14: 2021 | C14: 2022 | D14: 2023 | E14: 2024 | F14: 2025
B15: Млн. сом - Млн.сомов
A16: Кыргыз Республикасы | B16: 965677.5 | C16: 1334831.4 | D16: 1707939.3 | E16: 2248983.6 | F16: 2938048.8 | G16: Кыргызская Республика
A17: Баткен облусу | B17: 20076.7 | C17: 24693.6 | D17: 29614.1 | E17: 33866 | F17: 42357.3 | G17: Баткенская область
A18: Жалал-Абад облусу | B18: 84904.9 | C18: 109189.7 | D18: 136710.7 | E18: 160493.4 | F18: 231107.8 | G18: Джалал-Абадская область
A19: Ысык-Көл облусу | B19: 31811.8 | C19: 41527.9 | D19: 48425.9 | E19: 59508.6 | F19: 67499.5 | G19: Иссык-Кульская область
A20: Нарын облусу | B20: 13061.2 | C20: 16551.9 | D20: 21587.7 | E20: 27019.8 | F20: 31690.4 | G20: Нарынская область
A21: Ош облусу | B21: 53791.8 | C21: 68010 | D21: 82888.1 | E21: 98940.7 | F21: 114661.6 | G21: Ошская область
A22: Талас облусу | B22: 23119.6 | C22: 30429.8 | D22: 37203.3 | E22: 41581 | F22: 50354.3 | G22: Таласская область
A23: Чүй облусу | B23: 109610 | C23: 142276.9 | D23: 176894.2 | E23: 283332 | F23: 306021.2 | G23: Чуйская область
A24: Бишкек ш. | B24: 554690.7 | C24: 810854.2 | D24: 1058213.3 | E24: 1408612.6 | F24: 1921156.4 | G24: г.Бишкек
A25: Ош ш. | B25: 74610.8 | C25: 91297.4 | D25: 116402 | E25: 135629.5 | F25: 173200.3 | G25: г.Ош
A26: Жыйынтыкка карата пайыз менен - В процентах к итогу
A27: Кыргыз Республикасы | B27: 100 | C27: 100 | D27: 100 | E27: 100 | F27: 100 | G27: Кыргызская Республика
A28: Баткен облусу | B28: 2.1 | C28: 1.8 | D28: 1.7 | E28: 1.5 | F28: 1.4416813 | G28: Баткенская область
A29: Жалал-Абад облусу | B29: 8.8 | C29: 8.2 | D29: 8 | E29: 7.1 | F29: 7.86603 | G29: Джалал-Абадская область
A30: Ысык-Көл облусу | B30: 3.3 | C30: 3.1 | D30: 2.8 | E30: 2.7 | F30: 2.2974261 | G30: Иссык-Кульская область
A31: Нарын облусу | B31: 1.3 | C31: 1.2 | D31: 1.3 | E31: 1.2 | F31: 1.0786206 | G31: Нарынская область
A32: Ош облусу | B32: 5.6 | C32: 5.1 | D32: 4.9 | E32: 4.4 | F32: 3.9026445 | G32: Ошская область
A33: Талас облусу | B33: 2.4 | C33: 2.3 | D33: 2.2 | E33: 1.9 | F33: 1.7138687 | G33: Таласская область
A34: Чүй облусу | B34: 11.4 | C34: 10.7 | D34: 10.3 | E34: 12.6 | F34: 10.415797 | G34: Чуйская область
A35: Бишкек ш. | B35: 57.4 | C35: 60.7 | D35: 62 | E35: 62.6 | F35: 65.388853 | G35: г.Бишкек
A36: Ош ш. | B36: 7.7 | C36: 6.8 | D36: 6.8 | E36: 6 | F36: 5.8950791 | G36: г.Ош

Sheet  4.3.
A1: Мазмуну | G1: Содержание
A2: 4.3. Рыноктук кызмат көрсөтүүлөрдүн экономикалык ишмердиктин түрлөрү боюнча көлөмү, сооданын, мейманканалардын жана ресторандардын жүгүртүүлөрүн кошпогондо | E2: Объем рыночных услуг по видам экономической деятельности, исключая оборот торговли, услуг гостиниц и ресторанов
B4: 2021 | C4: 2022 | D4: 2023 | E4: 2024 | F4: 2025
B5: Млн. сом - Млн.сомов
A6: Бардыгы | B6: 189459.9 | C6: 232084.3 | D6: 281506.3 | E6: 411514.5 | F6: 619784.85 | G6: Всего
A7: Транспорт ишмердигинин жана жүктөрдү сактоонун | B7: 53609.2 | C7: 66567.2 | D7: 79198.5 | E7: 99161.3 | F7: 133661.8 | G7: Транспортной деятельности и хранения грузов
A8: Маалымат жана байланыштын | B8: 36082.5 | C8: 38221.6 | D8: 45256.1 | E8: 61340.6 | F8: 84182.2 | G8: Информации и связи
A9: Финансылык ортомчулуктун жана камсыздандыруунун | B9: 30806.2 | C9: 53202.1 | D9: 64366.5 | E9: 123746.8 | F9: 207688.7 | G9: Финансового посредничества и страхования
A10: Кыймылсыз мүлк операцияларынын | B10: 14424.2 | C10: 15778.5 | D10: 20726.8 | E10: 30259.4 | F10: 46264.35 | G10: Операции с недвижимым имуществом
A11: Кесиптик, илимий жана техникалык ишмердиктин | B11: 17939.9 | C11: 15572.4 | D11: 19913.9 | E11: 26905.8 | F11: 48374.1 | G11: Профессиональной, научной и технической деятельности
A12: Административдик жана көмөкчү ишмердиктин | B12: 6891.5 | C12: 8210.6 | D12: 12172.3 | E12: 16947 | F12: 27177.5 | G12: Административной и вспомогательной деятельности
A13: Билим берүүнүн | B13: 13868.8 | C13: 15540.2 | D13: 15360.6 | E13: 18974.1 | F13: 24667.9 | G13: Образования
A14: Саламаттыкты сактоо жана калкты социалдык жактан тейлөөнүн | B14: 8244.3 | C14: 9125.5 | D14: 11415.1 | E14: 15845.4 | F14: 22133.3 | G14: Здравоохранения и социального обслуживания населения
A15: Искусство, көңүл ачуу жана эс алуунун | B15: 1195.3 | C15: 1898 | D15: 2877.2 | E15: 4443.4 | F15: 8656.9 | G15: Искусства, развлечений и отдыха
A16: Башка тейлөө ишмердигинин | B16: 6398 | C16: 7968.2 | D16: 10219.3 | E16: 13890.7 | F16: 16978.1 | G16: Прочей обслуживающей деятельности
A17: Жыйынтыкка карата пайыз менен - В процентах к итогу
A18: Бардыгы | B18: 100 | C18: 100 | D18: 100 | E18: 100 | F18: 100 | G18: Всего
A19: Транспорт ишмердигинин жана жүктөрдү сактоонун | B19: 28.3 | C19: 28.7 | D19: 28.1 | E19: 24.096693 | F19: 21.565839 | G19: Транспортной деятельности и хранения грузов
A20: Маалымат жана байланыштын | B20: 19 | C20: 16.5 | D20: 16.1 | E20: 14.9 | F20: 13.582488 | G20: Информации и связи
A21: Финансылык ортомчулуктун жана камсыздандыруунун | B21: 16.3 | C21: 22.9 | D21: 22.9 | E21: 30.071102 | F21: 33.509806 | G21: Финансового посредничества и страхования
A22: Кыймылсыз мүлк операцияларынын | B22: 7.6 | C22: 6.8 | D22: 7.4 | E22: 7.3 | F22: 7.4645823 | G22: Операции с недвижимым имуществом
A23: Кесиптик, илимий жана техникалык ишмердиктин | B23: 9.5 | C23: 6.7 | D23: 7.1 | E23: 6.5382307 | F23: 7.8049826 | G23: Профессиональной, научной и технической деятельности
A24: Административдик жана көмөкчү ишмердиктин | B24: 3.6 | C24: 3.5 | D24: 4.3 | E24: 4.1181098 | F24: 4.3849894 | G24: Административной и вспомогательной деятельности
A25: Билим берүүнүн | B25: 7.3 | C25: 6.7 | D25: 5.5 | E25: 4.6 | F25: 3.9800747 | G25: Образования

Sheet 4.3. 4.4.
A1: Мазмуну | G1: Содержание
A2: уландысы | G2: продолжение
B3: 2021 | C3: 2022 | D3: 2023 | E3: 2024 | F3: 2025
A4: Саламаттыкты сактоо жана калкты социалдык жактан тейлөөнүн | B4: 4.4 | C4: 3.9 | D4: 4 | E4: 3.9 | F4: 3.5711263 | G4: Здравоохранения и социального обслуживания населения
A5: Искусство, көңүл ачуу жана эс алуунун | B5: 0.6 | C5: 0.8 | D5: 1 | E5: 1.1 | F5: 1.3967589 | G5: Искусства, развлечений и отдыха
A6: Башка тейлөө ишмердигинин | B6: 3.4 | C6: 3.5 | D6: 3.6 | E6: 3.4 | F6: 2.7393538 | G6: Прочей обслуживающей деятельности
A9: 4.4. Рыноктук кызмат көрсөтүүлөрдүн экономикалык ишмердиктин түрлөрү боюнча көлөмү, сооданын, мейманканалардын жана ресторандардын жүгүртүүлөрүн кошпогондо | E9: Объем рыночных услуг по видам экономической деятельности, исключая оборот торговли, услуг гостиниц и ресторанов
B11: 2021 | C11: 2022 | D11: 2023 | E11: 2024 | F11: 2025
B12: Млн. сом - Млн.сомов
A13: Кыргыз Республикасы | B13: 189459.9 | C13: 232084.4 | D13: 281506.3 | E13: 411514.6 | F13: 619784.9 | G13: Кыргызская Республика
A14: Баткен облусу | B14: 2824 | C14: 3435.2 | D14: 4299.6 | E14: 6775 | F14: 8608.2 | G14: Баткенская область
A15: Жалал-Абад облусу | B15: 10491.5 | C15: 14546.5 | D15: 17827.5 | E15: 21646.6 | F15: 28767 | G15: Джалал-Абадская область
A16: Ысык-Көл облусу | B16: 5990.1 | C16: 6865.3 | D16: 7758.3 | E16: 9831.4 | F16: 12289.8 | G16: Иссык-Кульская область
A17: Нарын облусу | B17: 2846.7 | C17: 3824.3 | D17: 5643.4 | E17: 7830.8 | F17: 9982.2 | G17: Нарынская область
A18: Ош облусу | B18: 4315.6 | C18: 4589.7 | D18: 5117.8 | E18: 6813.8 | F18: 9066.3 | G18: Ошская область
A19: Талас облусу | B19: 3575.2 | C19: 5594.9 | D19: 6112.3 | E19: 6377.9 | F19: 8704.1 | G19: Таласская область
A20: Чүй облусу | B20: 7198.4 | C20: 9075 | D20: 10897.5 | E20: 14581.2 | F20: 21913.9 | G20: Чуйская область
A21: Бишкек ш. | B21: 140286.7 | C21: 169303.3 | D21: 203858.2 | E21: 312362.4 | F21: 485946.1 | G21: г.Бишкек
A22: Ош ш. | B22: 11931.7 | C22: 14850.2 | D22: 19991.7 | E22: 25295.5 | F22: 34507.3 | G22: г.Ош
A23: Жыйынтыкка карата пайыз менен - В процентах к итогу
A24: Кыргыз Республикасы | B24: 100 | C24: 100 | D24: 100 | E24: 100 | F24: 100 | G24: Кыргызская Республика
A25: Баткен облусу | B25: 1.4523156 | C25: 1.5 | D25: 1.5 | E25: 1.6 | F25: 1.3889012 | G25: Баткенская область
A26: Жалал-Абад облусу | B26: 5.5 | C26: 6.3 | D26: 6.3 | E26: 5.3 | F26: 4.641449 | G26: Джалал-Абадская область
A27: Ысык-Көл облусу | B27: 3.2 | C27: 3 | D27: 2.8 | E27: 2.4 | F27: 1.9829137 | G27: Иссык-Кульская область
A28: Нарын облусу | B28: 1.5 | C28: 1.6 | D28: 2 | E28: 1.9 | F28: 1.610591 | G28: Нарынская область
A29: Ош облусу | B29: 2.3 | C29: 2 | D29: 1.8 | E29: 1.7 | F29: 1.462814 | G29: Ошская область
A30: Талас облусу | B30: 1.9 | C30: 2.4 | D30: 2.2 | E30: 1.5 | F30: 1.4043743 | G30: Таласская область
A31: Чүй облусу | B31: 3.8 | C31: 3.9 | D31: 3.9 | E31: 3.5 | F31: 3.5357267 | G31: Чуйская область
A32: Бишкек ш. | B32: 74 | C32: 72.9 | D32: 72.4 | E32: 75.9 | F32: 78.405605 | G32: г.Бишкек
A33: Ош ш. | B33: 6.3 | C33: 6.4 | D33: 7.1 | E33: 6.1 | F33: 5.5676252 | G33: г.Ош

Sheet 4.5
A1: Мазмуну | G1: Содержание
A2: 4.5. Транспорт ишмердиги жана жүктөрдү сактоо тармагында рыноктук кызмат көрсөтүүлөрдүн аймактар боюнча көлөмү | E2: Объем рыночных услуг в сфере транспортной деятельности и хранения грузов по территории
B4: 2021 | C4: 2022 | D4: 2023 | E4: 2024 | F4: 2025
B5: Млн. сом - Млн.сомов
A6: Кыргыз Республикасы | B6: 53609.2 | C6: 66567.2 | D6: 79198.5 | E6: 99161.3 | F6: 133661.8 | G6: Кыргызская Республика
A7: Баткен облусу | B7: 478.6 | C7: 511.4 | D7: 863.6 | E7: 1248.3 | F7: 1136.7 | G7: Баткенская область
A8: Жалал-Абад облусу | B8: 1748.8 | C8: 2344.2 | D8: 2566.3 | E8: 2978.7 | F8: 3484.5 | G8: Джалал-Абадская область
A9: Ысык-Көл облусу | B9: 1143.8 | C9: 1175.3 | D9: 1352.8 | E9: 1695.2 | F9: 2235.7 | G9: Иссык-Кульская область
A10: Нарын облусу | B10: 1743.1 | C10: 2443.1 | D10: 3968.7 | E10: 5693.8 | F10: 6882.5 | G10: Нарынская область
A11: Ош облусу | B11: 1750.8 | C11: 1695.7 | D11: 1798.6 | E11: 1987.2 | F11: 2834.4 | G11: Ошская область
A12: Талас облусу | B12: 1790.2 | C12: 3489.1 | D12: 3558.9 | E12: 3594.7 | F12: 5130.9 | G12: Таласская область
A13: Чүй облусу | B13: 2568.5 | C13: 3220.1 | D13: 3240.2 | E13: 3605.3 | F13: 6490.2 | G13: Чуйская область
A14: Бишкек ш. | B14: 39196.2 | C14: 47493.4 | D14: 56991.2 | E14: 73342 | F14: 99975.9 | G14: г.Бишкек
A15: Ош ш. | B15: 3189.2 | C15: 4194.9 | D15: 4858.2 | E15: 5016.1 | F15: 5491 | G15: г.Ош
A16: Жыйынтыкка карата пайыз менен - В процентах к итогу
A17: Кыргыз Республикасы | B17: 100 | C17: 100 | D17: 100 | E17: 100 | F17: 100 | G17: Кыргызская Республика
A18: Баткен облусу | B18: 0.9 | C18: 0.8 | D18: 1.0904247 | E18: 1.258858 | F18: 0.85042997 | G18: Баткенская область
A19: Жалал-Абад облусу | B19: 3.3 | C19: 3.5 | D19: 3.2403391 | E19: 3.0038937 | F19: 2.6069528 | G19: Джалал-Абадская область
A20: Ысык-Көл облусу | B20: 2.1 | C20: 1.8 | D20: 1.7081132 | E20: 1.7095379 | F20: 1.6726544 | G20: Иссык-Кульская область
A21: Нарын облусу | B21: 3.3 | C21: 3.7 | D21: 5.0110798 | E21: 5.7419578 | F21: 5.14919 | G21: Нарынская область
A22: Ош облусу | B22: 3.3 | C22: 2.5 | D22: 2.2710026 | E22: 2.0040076 | F22: 2.120576 | G22: Ошская область
A23: Талас облусу | B23: 3.3 | C23: 5.2 | D23: 4.4936457 | E23: 3.6251037 | F23: 3.8387183 | G23: Таласская область
A24: Чүй облусу | B24: 4.8 | C24: 4.9 | D24: 4.0912391 | E24: 3.6357934 | F24: 4.855688 | G24: Чуйская область
A25: Бишкек ш. | B25: 73.1 | C25: 71.3 | D25: 71.959949 | E25: 73.962322 | F25: 74.797661 | G25: г.Бишкек
A26: Ош ш. | B26: 5.9 | C26: 6.3 | D26: 6.1342071 | E26: 5.0585259 | F26: 4.1081296 | G26: г.Ош

Sheet 4.6
A2: Мазмуну | G2: Содержание
A3: 4.6. Маалымат жана байланыш тармагында рыноктук кызмат көрсөтүүлөрдүн аймактар боюнча көлөмү | E3: Объем рыночных услуг в сфере информации и связи, по территории
B5: 2021 | C5: 2022 | D5: 2023 | E5: 2024 | F5: 2025
B6: Млн. сом - Млн.сомов
A7: Кыргыз Республикасы | B7: 36082.5 | C7: 38221.6 | D7: 45256.1 | E7: 61340.6 | F7: 84182.2 | G7: Кыргызская Республика
A8: Баткен облусу | B8: 104.9 | C8: 114 | D8: 157.1 | E8: 146.1 | F8: 193.9 | G8: Баткенская область
A9: Жалал-Абад облусу | B9: 260.2 | C9: 322.9 | D9: 398.2 | E9: 367.4 | F9: 598.8 | G9: Джалал-Абадская область
A10: Ысык-Көл облусу | B10: 365 | C10: 357.2 | D10: 389.7 | E10: 314.8 | F10: 351.4 | G10: Иссык-Кульская область
A11: Нарын облусу | B11: 50 | C11: 81.3 | D11: 118 | E11: 57.2 | F11: 111.4 | G11: Нарынская область
A12: Ош облусу | B12: 138.9 | C12: 141 | D12: 139.1 | E12: 293.4 | F12: 240.1 | G12: Ошская область
A13: Талас облусу | B13: 48.9 | C13: 55.4 | D13: 59.1 | E13: 75.5 | F13: 118.4 | G13: Таласская область
A14: Чүй облусу | B14: 436.6 | C14: 264.9 | D14: 286.4 | E14: 314.2 | F14: 863.1 | G14: Чуйская область
A15: Бишкек ш. | B15: 34053.5 | C15: 36531.3 | D15: 43283.9 | E15: 59236.4 | F15: 80983.7 | G15: г.Бишкек
A16: Ош ш. | B16: 624.5 | C16: 353.6 | D16: 424.6 | E16: 535.6 | F16: 721.4 | G16: г.Ош
A17: Жыйынтыкка карата пайыз менен - В процентах к итогу
A18: Кыргыз Республикасы | B18: 100 | C18: 100 | D18: 100 | E18: 100 | F18: 100 | G18: Кыргызская Республика
A19: Баткен облусу | B19: 0.29072265 | C19: 0.3 | D19: 0.34713552 | E19: 0.2381783 | F19: 0.23033373 | G19: Баткенская область
A20: Жалал-Абад облусу | B20: 0.7211252 | C20: 0.8 | D20: 0.87988139 | E20: 0.59895078 | F20: 0.71131427 | G20: Джалал-Абадская область
A21: Ысык-Көл облусу | B21: 1.0115707 | C21: 0.9 | D21: 0.86109939 | E21: 0.51320007 | F21: 0.41742791 | G21: Иссык-Кульская область
A22: Нарын облусу | B22: 0.13857133 | C22: 0.2 | D22: 0.26073833 | E22: 0.093249821 | F22: 0.13233201 | G22: Нарынская область
A23: Ош облусу | B23: 0.38495115 | C23: 0.4 | D23: 0.30736188 | E23: 0.4783129 | F23: 0.28521469 | G23: Ошская область
A24: Талас облусу | B24: 0.1 | C24: 0.2 | D24: 0.13059013 | E24: 0.12308324 | F24: 0.14064731 | G24: Таласская область
A25: Чүй облусу | B25: 1.2100048 | C25: 0.7 | D25: 0.63284287 | E25: 0.51222192 | F25: 1.0252761 | G25: Чуйская область
A26: Бишкек ш. | B26: 94.376775 | C26: 95.6 | D26: 95.642134 | E26: 96.569646 | F26: 96.200503 | G26: г.Бишкек
A27: Ош ш. | B27: 1.7307559 | C27: 0.9 | D27: 1 | E27: 0.87315742 | F27: 0.85695076 | G27: г.Ош

Sheet 4.7., 4.8. 
A1: Мазмуну | G1: Содержание
A2: 4.7. Финансылык ортомчулук жана камсыздандыруу тармагында рыноктук кызмат көрсөтүүлөрдүн аймактар боюнча көлөмү | E2: Объем рыночных услуг в сфере финансового посредничества и страхования по территории
B4: 2021 | C4: 2022 | D4: 2023 | E4: 2024 | F4: 2025
B5: Млн. сом - Млн.сомов
A6: Кыргыз Республикасы | B6: 30806.2 | C6: 53202.1 | D6: 64366.5 | E6: 123746.8 | F6: 207688.8 | G6: Кыргызская Республика
A7: Баткен облусу | B7: 1128.1 | C7: 1645.6 | D7: 1723.1 | E7: 3073.9 | F7: 4269.7 | G7: Баткенская область
A8: Жалал-Абад облусу | B8: 2461 | C8: 3596.8 | D8: 4333.7 | E8: 5951 | F8: 7775.5 | G8: Джалал-Абадская область
A9: Ысык-Көл облусу | B9: 1062 | C9: 1406.3 | D9: 1570.5 | E9: 2605.4 | F9: 3305.1 | G9: Иссык-Кульская область
A10: Нарын облусу | B10: 521.6 | C10: 646.7 | D10: 733.9 | E10: 1084.5 | F10: 1693 | G10: Нарынская область
A11: Ош облусу | B11: 1063.5 | C11: 1124.3 | D11: 1115.2 | E11: 1669.8 | F11: 2304.5 | G11: Ошская область
A12: Талас облусу | B12: 1111.75 | C12: 1291.5 | D12: 1473.2 | E12: 1650 | F12: 2315.1 | G12: Таласская область
A13: Чій облусу | B13: 934.1 | C13: 1146.8 | D13: 1792.3 | E13: 3398.1 | F13: 4577.9 | G13: Чуйская область
A14: Бишкек ш. | B14: 20250.4 | C14: 38581.9 | D14: 47483.3 | E14: 99338.1 | F14: 174539.2 | G14: г.Бишкек
A15: Ош ш. | B15: 2273.7 | C15: 3762.2 | D15: 4141.3 | E15: 4976 | F15: 6908.8 | G15: г.Ош
A16: Жыйынтыкка карата пайыз менен - В процентах к итогу
A17: Кыргыз Республикасы | B17: 100 | C17: 100 | D17: 100 | E17: 100 | F17: 100 | G17: Кыргызская Республика
A18: Баткен облусу | B18: 3.6619252 | C18: 3.1 | D18: 2.6770137 | E18: 2.4840238 | F18: 2.0558162 | G18: Баткенская область
A19: Жалал-Абад облусу | B19: 7.9886516 | C19: 6.8 | D19: 6.7328502 | E19: 4.8090132 | F19: 3.7438225 | G19: Джалал-Абадская область
A20: Ысык-Көл облусу | B20: 3.447358 | C20: 2.6 | D20: 2.5 | E20: 2.1054282 | F20: 1.5913713 | G20: Иссык-Кульская область
A21: Нарын облусу | B21: 1.6931657 | C21: 1.2 | D21: 1.1401894 | E21: 0.8763863 | F21: 0.81516192 | G21: Нарынская область
A22: Ош облусу | B22: 3.4522271 | C22: 2.1 | D22: 1.7325783 | E22: 1.3493682 | F22: 1.1095928 | G22: Ошская область
A23: Талас облусу | B23: 3.6088515 | C23: 2.4 | D23: 2.2887682 | E23: 1.3333678 | F23: 1.1146966 | G23: Таласская область
A24: Чій облусу | B24: 3.0321818 | C24: 2.2 | D24: 2.784523 | E24: 2.7460104 | F24: 2.2042113 | G24: Чуйская область
A25: Бишкек ш. | B25: 65.73482 | C25: 72.5 | D25: 73.770207 | E25: 80.275288 | F25: 84.038812 | G25: г.Бишкек
A26: Ош ш. | B26: 7.3806571 | C26: 7.1 | D26: 6.4339369 | E26: 4.0211141 | F26: 3.3265154 | G26: г.Ош
A27: 4.8. Кыймылсыз мүлк операциялары тармагында рыноктук кызмат көрсөтүүлөрдүн аймактар боюнча көлөмү | E27: Объем рыночных услуг в сфере операций с недвижимым имуществом по территории
B29: 2021 | C29: 2022 | D29: 2023 | E29: 2024 | F29: 2025
B30: Млн. сом - Млн.сомов
A31: Кыргыз Республикасы | B31: 14424.2 | C31: 15778.5 | D31: 20726.8 | E31: 30259.4 | F31: 46264.4 | G31: Кыргызская Республика
A32: Баткен облусу | B32: 134.9 | C32: 133 | D32: 300.3 | E32: 385.3 | F32: 461.4 | G32: Баткенская область
A33: Жалал-Абад облусу | B33: 248.7 | C33: 410.7 | D33: 521.2 | E33: 915.6 | F33: 1081 | G33: Джалал-Абадская область
A34: Ысык-Көл облусу | B34: 65.1 | C34: 75.3 | D34: 76 | E34: 151.9 | F34: 220 | G34: Иссык-Кульская область
A35: Нарын облусу | B35: 26.4 | C35: 30.2 | D35: 37.6 | E35: 48.2 | F35: 120.7 | G35: Нарынская область
A36: Ош облусу | B36: 138.5 | C36: 165.2 | D36: 201.3 | E36: 334.9 | F36: 554.5 | G36: Ошская область
A37: Талас облусу | B37: 77.4 | C37: 85 | D37: 95.4 | E37: 88.1 | F37: 72.9 | G37: Таласская область
A38: Чүй облусу | B38: 463.2 | C38: 515.7 | D38: 593.5 | E38: 1676.5 | F38: 2404 | G38: Чуйская область
A39: Бишкек ш. | B39: 12955.9 | C39: 13860.1 | D39: 17393.4 | E39: 24980.5 | F39: 37669.9 | G39: г.Бишкек
A40: Ош ш. | B40: 314.1 | C40: 503.3 | D40: 1508.1 | E40: 1678.4 | F40: 3680 | G40: г.Ош
A41: Жыйынтыкка карата пайыз менен - В процентах к итогу
A42: Кыргыз Республикасы | B42: 100 | C42: 100 | D42: 100 | E42: 100 | F42: 100 | G42: Кыргызская Республика
A43: Баткен облусу | B43: 0.93523384 | C43: 0.8 | D43: 1.4488488 | E43: 1.2733233 | F43: 0.99731111 | G43: Баткенская область
A44: Жалал-Абад облусу | B44: 1.7241857 | C44: 2.6 | D44: 2.5146188 | E44: 3.0258366 | F44: 2.3365698 | G44: Джалал-Абадская область
A45: Ысык-Көл облусу | B45: 0.45132486 | C45: 0.5 | D45: 0.36667503 | E45: 0.50199277 | F45: 0.47552762 | G45: Иссык-Кульская область
A46: Нарын облусу | B46: 0.18302575 | C46: 0.2 | D46: 0.18140765 | E46: 0.15928934 | F46: 0.26089174 | G46: Нарынская область
A47: Ош облусу | B47: 0.9601919 | C47: 1.1 | D47: 0.97120636 | E47: 1.1067635 | F47: 1.1985458 | G47: Ошская область
A48: Талас облусу | B48: 0.53659822 | C48: 0.5 | D48: 0.4 | E48: 0.2911492 | F48: 0.15757256 | G48: Таласская область
A49: Чүй облусу | B49: 3.2112699 | C49: 3.3 | D49: 2.8634425 | E49: 5.5404271 | F49: 5.19622 | G49: Чуйская область
A50: Бишкек ш. | B50: 89.820579 | C50: 87.8 | D50: 83.91744 | E50: 82.554512 | F50: 81.423081 | G50: г.Бишкек
A51: Ош ш. | B51: 2.1775904 | C51: 3.2 | D51: 7.276087 | E51: 5.5467061 | F51: 7.9542802 | G51: г.Ош

Sheet 4.9.,4.10
A1: Мазмуну | G1: Содержание
A2: 4.9. Кесиптик, илимий жана техникалык ишмердик тармагында рыноктук кызмат көрсөтүүлөрдүн аймактар боюнча көлөмү | E2: Объем рыночных услуг в сфере профессиональной, научной и технической деятельности по территории
B4: 2021 | C4: 2022 | D4: 2023 | E4: 2024 | F4: 2025
B5: Млн. сом - Млн.сомов
A6: Кыргыз Республикасы | B6: 17939.9 | C6: 15572.4 | D6: 19913.9 | E6: 26905.7 | F6: 48374.1 | G6: Кыргызская Республика
A7: Баткен облусу | B7: 229.96 | C7: 220 | D7: 253.4 | E7: 295 | F7: 462 | G7: Баткенская область
A8: Жалал-Абад облусу | B8: 1999.5 | C8: 3043.9 | D8: 3659.7 | E8: 3072.2 | F8: 5380.4 | G8: Джалал-Абадская область
A9: Ысык-Көл облусу | B9: 631.9 | C9: 531.5 | D9: 661.5 | E9: 663 | F9: 756.6 | G9: Иссык-Кульская область
A10: Нарын облусу | B10: 131.4 | C10: 153.6 | D10: 184.9 | E10: 208.9 | F10: 275.2 | G10: Нарынская область
A11: Ош облусу | B11: 283.2 | C11: 295.8 | D11: 386.8 | E11: 509.1 | F11: 372 | G11: Ошская область
A12: Талас облусу | B12: 71.7 | C12: 89.8 | D12: 98.8 | E12: 131.4 | F12: 160.9 | G12: Таласская область
A13: Чій облусу | B13: 1040.1 | C13: 1362.3 | D13: 1844.2 | E13: 1661.5 | F13: 2116.8 | G13: Чуйская область
A14: Бишкек ш. | B14: 13005 | C14: 9315.5 | D14: 11696.5 | E14: 18867.5 | F14: 36430.6 | G14: г.Бишкек
A15: Ош ш. | B15: 547.1 | C15: 560 | D15: 1128.1 | E15: 1497.1 | F15: 2419.6 | G15: г.Ош
A16: Жыйынтыкка карата пайыз менен - В процентах к итогу
A17: Кыргыз Республикасы | B17: 100 | C17: 100 | D17: 100 | E17: 100 | F17: 100 | G17: Кыргызская Республика
A18: Баткен облусу | B18: 1.2818355 | C18: 1.4 | D18: 1.272478 | E18: 1.0964219 | F18: 0.95505653 | G18: Баткенская область
A19: Жалал-Абад облусу | B19: 11.145547 | C19: 19.5 | D19: 18.377616 | E19: 11.418398 | F19: 11.122481 | G19: Джалал-Абадская область
A20: Ысык-Көл облусу | B20: 3.5223162 | C20: 3.5 | D20: 3.3218004 | E20: 2.4641619 | F20: 1.5640601 | G20: Иссык-Кульская область
A21: Нарын облусу | B21: 0.73244555 | C21: 1 | D21: 0.92849718 | E21: 0.77641541 | F21: 0.56889947 | G21: Нарынская область
A22: Ош облусу | B22: 1.5786041 | C22: 1.9 | D22: 1.9423619 | E22: 1.8921641 | F22: 0.76900656 | G22: Ошская область
A23: Талас облусу | B23: 0.39966778 | C23: 0.6 | D23: 0.49613586 | E23: 0.48837235 | F23: 0.33261601 | G23: Таласская область
A24: Чій облусу | B24: 5.7976912 | C24: 8.7 | D24: 9.260868 | E24: 6.1752714 | F24: 4.3758954 | G24: Чуйская область
A25: Бишкек ш. | B25: 72.492043 | C25: 59.8 | D25: 58.735356 | E25: 70.124546 | F25: 75.310135 | G25: г.Бишкек
A26: Ош ш. | B26: 3.0496268 | C26: 3.6 | D26: 5.6648873 | E26: 5.5642485 | F26: 5.0018502 | G26: г.Ош
A27: 4.10. Административдик жана көмөкчү ишмердик тармагында рыноктук кызмат көрсөтүүлөрдүн аймактар боюнча көлөмү | E27: Объем рыночных услуг в сфере административной и вспомогательной деятельности по территории
B29: 2021 | C29: 2022 | D29: 2023 | E29: 2024 | F29: 2025
B30: Млн. сом - Млн. сомов
A31: Кыргыз Республикасы | B31: 6891.5 | C31: 8210.6 | D31: 12172.3 | E31: 16947 | F31: 27177.5 | G31: Кыргызская Республика
A32: Баткен облусу | B32: 44.3 | C32: 19.2 | D32: 34.7 | E32: 50.1 | F32: 71.1 | G32: Баткенская область
A33: Жалал-Абад облусу | B33: 203.4 | C33: 251.3 | D33: 336.9 | E33: 500.9 | F33: 662.7 | G33: Джалал-Абадская область
A34: Ысык-Көл облусу | B34: 567 | C34: 647 | D34: 737.6 | E34: 1159.2 | F34: 981 | G34: Иссык-Кульская область
A35: Нарын облусу | B35: 53.1 | C35: 51.6 | D35: 82.1 | E35: 127.8 | F35: 237.5 | G35: Нарынская область
A36: Ош облусу | B36: 172 | C36: 164.7 | D36: 247.3 | E36: 303 | F36: 535.6 | G36: Ошская область
A37: Талас облусу | B37: 57.8 | C37: 97.9 | D37: 253.8 | E37: 174.4 | F37: 203 | G37: Таласская область
A38: Чүй облусу | B38: 301 | C38: 362.4 | D38: 455.5 | E38: 588.1 | F38: 914.7 | G38: Чуйская область
A39: Бишкек ш. | B39: 5301.5 | C39: 6388.5 | D39: 9430.4 | E39: 13312.1 | F39: 22349.4 | G39: г.Бишкек
A40: Ош ш. | B40: 191.4 | C40: 228 | D40: 594 | E40: 731.4 | F40: 1222.5 | G40: г.Ош
A41: Жыйынтыкка карата пайыз менен - В процентах к итогу
A42: Кыргыз Республикасы | B42: 100 | C42: 100 | D42: 100 | E42: 100 | F42: 100 | G42: Кыргызская Республика
A43: Баткен облусу | B43: 0.64282087 | C43: 0.2 | D43: 0.28507349 | E43: 0.29563452 | F43: 0.26161347 | G43: Баткенская область
A44: Жалал-Абад облусу | B44: 2.9514619 | C44: 3.1 | D44: 2.7677596 | E44: 2.9557551 | F44: 2.4384141 | G44: Джалал-Абадская область
A45: Ысык-Көл облусу | B45: 8.2275267 | C45: 7.9 | D45: 6 | E45: 6.8403102 | F45: 3.6096035 | G45: Иссык-Кульская область
A46: Нарын облусу | B46: 0.7705144 | C46: 0.6 | D46: 0.67448223 | E46: 0.75413357 | F46: 0.87388465 | G46: Нарынская область
A47: Ош облусу | B47: 2.4958282 | C47: 2 | D47: 2.0316621 | E47: 1.7879693 | F47: 1.9707479 | G47: Ошская область
A48: Талас облусу | B48: 0.83871436 | C48: 1.2 | D48: 2.085062 | E48: 1.029115 | F48: 0.7469414 | G48: Таласская область
A49: Чүй облусу | B49: 4.3676993 | C49: 4.4 | D49: 3.742103 | E49: 3.4703126 | F49: 3.3656517 | G49: Чуйская область
A50: Бишкек ш. | B50: 76.9281 | C50: 77.8 | D50: 77.474265 | E50: 78.55322 | F50: 82.234937 | G50: г.Бишкек
A51: Ош ш. | B51: 2.7773344 | C51: 2.8 | D51: 4.8799323 | E51: 4.3135496 | F51: 4.4982062 | G51: г.Ош

Sheet 4.11.,4.12
A1: Мазмуну | G1: Содержание
A2: 4.11. Билим берүү тармагында рыноктук кызмат көрсөтүүлөрдүн аймактар боюнча көлөмү | E2: Объем рыночных услуг в сфере образования по территории
B4: 2021 | C4: 2022 | D4: 2023 | E4: 2024 | F4: 2025
B5: Млн. сом - Млн.сомов
A6: Кыргыз Республикасы | B6: 13868.8 | C6: 15540.2 | D6: 15360.6 | E6: 18974.1 | F6: 24667.9 | G6: Кыргызская Республика
A7: Баткен облусу | B7: 470.7 | C7: 541.5 | D7: 643.7 | E7: 855.4 | F7: 1151.3 | G7: Баткенская область
A8: Жалал-Абад облусу | B8: 1414.5 | C8: 1625.9 | D8: 1902.3 | E8: 2395.8 | F8: 2962.3 | G8: Джалал-Абадская область
A9: Ысык-Көл облусу | B9: 237.7 | C9: 424.3 | D9: 487.2 | E9: 588 | F9: 639.4 | G9: Иссык-Кульская область
A10: Нарын облусу | B10: 159.3 | C10: 217.5 | D10: 263.8 | E10: 314.4 | F10: 346.9 | G10: Нарынская область
A11: Ош облусу | B11: 312.5 | C11: 421.3 | D11: 518.3 | E11: 694.1 | F11: 999.1 | G11: Ошская область
A12: Талас облусу | B12: 198.8 | C12: 239.9 | D12: 280.5 | E12: 332.6 | F12: 341 | G12: Таласская область
A13: Чүй облусу | B13: 544 | C13: 1154.2 | D13: 1605 | E13: 2044.3 | F13: 2223.7 | G13: Чуйская область
A14: Бишкек ш. | B14: 6460.5 | C14: 6484.3 | D14: 3848.7 | E14: 4600.7 | F14: 6973.8 | G14: г.Бишкек
A15: Ош ш. | B15: 4070.8 | C15: 4431.3 | D15: 5811.1 | E15: 7148.8 | F15: 9030.4 | G15: г.Ош
A16: Жыйынтыкка карата пайыз менен - В процентах к итогу
A17: Кыргыз Республикасы | B17: 100 | C17: 100 | D17: 100 | E17: 100 | F17: 100 | G17: Кыргызская Республика
A18: Баткен облусу | B18: 3.393949 | C18: 3.5 | D18: 4.1905915 | E18: 4.5082507 | F18: 4.6671991 | G18: Баткенская область
A19: Жалал-Абад облусу | B19: 10.199152 | C19: 10.5 | D19: 12.384282 | E19: 12.626686 | F19: 12.008724 | G19: Джалал-Абадская область
A20: Ысык-Көл облусу | B20: 1.713919 | C20: 2.7 | D20: 3.1717511 | E20: 3.0989612 | F20: 2.5920326 | G20: Иссык-Кульская область
A21: Нарын облусу | B21: 1.1486214 | C21: 1.4 | D21: 1.7173808 | E21: 1.6569956 | F21: 1.406281 | G21: Нарынская область
A22: Ош облусу | B22: 2.2525381 | C22: 2.7 | D22: 3.3742172 | E22: 3.6581445 | F22: 4.0502029 | G22: Ошская область
A23: Талас облусу | B23: 1.4327123 | C23: 1.6 | D23: 1.8261005 | E23: 1.7529158 | F23: 1.3823633 | G23: Таласская область
A24: Чүй облусу | B24: 3.9224735 | C24: 7.4 | D24: 10.448811 | E24: 10.774161 | F24: 9.0145493 | G24: Чуйская область
A25: Бишкек ш. | B25: 46.582978 | C25: 41.7 | D25: 25.055662 | E25: 24.247263 | F25: 28.270749 | G25: г.Бишкек
A26: Ош ш. | B26: 29.4 | C26: 28.5 | D26: 37.831205 | E26: 37.676622 | F26: 36.607899 | G26: г.Ош
A28: 4.12. Саламаттыкты сактоо жана социалдык жактан тейлөө тармагында рыноктук кызмат көрсөтүүлөрдүн аймактар боюнча көлөмү | E28: Объем рыночных услуг в сфере здравоохранения и социального обслуживания населения по территории
B30: 2021 | C30: 2022 | D30: 2023 | E30: 2024 | F30: 2025
B31: Млн. сом - Млн.сомов
A32: Кыргыз Республикасы | B32: 8244.3 | C32: 9125.4 | D32: 11415.1 | E32: 15845.4 | F32: 22133.4 | G32: Кыргызская Республика
A33: Баткен облусу | B33: 102.9 | C33: 103.3 | D33: 116 | E33: 465.6 | F33: 524.7 | G33: Баткенская область
A34: Жалал-Абад облусу | B34: 803 | C34: 1053.4 | D34: 1415.1 | E34: 2014.8 | F34: 2610.1 | G34: Джалал-Абадская область
A35: Ысык-Көл облусу | B35: 594 | C35: 733.7 | D35: 913.9 | E35: 880.6 | F35: 1282.2 | G35: Иссык-Кульская область
A36: Нарын облусу | B36: 45 | C36: 62.8 | D36: 85.2 | E36: 100.7 | F36: 113.5 | G36: Нарынская область
A37: Ош облусу | B37: 178.7 | C37: 263 | D37: 288.4 | E37: 442.1 | F37: 486.5 | G37: Ошская область
A38: Талас облусу | B38: 132.9 | C38: 151.5 | D38: 193.9 | E38: 228.6 | F38: 246.3 | G38: Таласская область
A39: Чүй облусу | B39: 394.1 | C39: 479.5 | D39: 549.6 | E39: 598.6 | F39: 1034 | G39: Чуйская область
A40: Бишкек ш. | B40: 5547.5 | C40: 5807 | D40: 7191.8 | E40: 9819.6 | F40: 13692 | G40: г.Бишкек
A41: Ош ш. | B41: 446.2 | C41: 471.2 | D41: 661.2 | E41: 1294.8 | F41: 2144.1 | G41: г.Ош
A42: Жыйынтыкка карата пайыз менен - В процентах к итогу
A43: Кыргыз Республикасы | B43: 100 | C43: 100 | D43: 100 | E43: 100 | F43: 100 | G43: Кыргызская Республика
A44: Баткен облусу | B44: 1.2481351 | C44: 1.1 | D44: 1.0161978 | E44: 2.9383922 | F44: 2.3706254 | G44: Баткенская область
A45: Жалал-Абад облусу | B45: 9.7400628 | C45: 11.5 | D45: 12.396738 | E45: 12.715362 | F45: 11.792585 | G45: Джалал-Абадская область
A46: Ысык-Көл облусу | B46: 7.204978 | C46: 8 | D46: 8.0060621 | E46: 5.5574488 | F46: 5.7930548 | G46: Иссык-Кульская область
A47: Нарын облусу | B47: 0.54583167 | C47: 0.7 | D47: 0.8 | E47: 0.63551567 | F47: 0.51279966 | G47: Нарынская область
A48: Ош облусу | B48: 2.1675582 | C48: 2.9 | D48: 2.5264781 | E48: 2.7900842 | F48: 2.1980355 | G48: Ошская область
A49: Талас облусу | B49: 1.6120229 | C49: 1.7 | D49: 1.6986273 | E49: 1.44269 | F49: 1.1127979 | G49: Таласская область
A50: Чүй облусу | B50: 4.7802724 | C50: 5.3 | D50: 4.8146753 | E50: 3.7777525 | F50: 4.6716727 | G50: Чуйская область
A51: Бишкек ш. | B51: 67.288915 | C51: 63.6 | D51: 63.002514 | E51: 61.971298 | F51: 61.861259 | G51: г.Бишкек
A52: Ош ш. | B52: 5.4122242 | C52: 5.2 | D52: 5.7923277 | E52: 8.1714567 | F52: 9.6871696 | G52: г.Ош

Sheet 4.13.,4.14
A1: Мазмуну | G1: Содержание
A2: 4.13. Исскуство, көңүл ачуу жана эс алуу тармагында рыноктук кызмат көрсөтүү- лөрдүн аймактар боюнча көлөмү | E2: Объем рыночных услуг в сфере искусства, развлечения и отдыха по территории
B4: 2021 | C4: 2022 | D4: 2023 | E4: 2024 | F4: 2025
B5: Млн. сом - Млн.сомов
A6: Кыргыз Республикасы | B6: 1195.3 | C6: 1897.9 | D6: 2877.2 | E6: 4443.4 | F6: 8657 | G6: Кыргызская Республика
A7: Баткен облусу | B7: 15.3 | C7: 17.5 | D7: 20.5 | E7: 54.3 | F7: 85.9 | G7: Баткенская область
A8: Жалал-Абад облусу | B8: 112.8 | C8: 180.8 | D8: 277.3 | E8: 409.3 | F8: 587.3 | G8: Джалал-Абадская область
A9: Ысык-Көл облусу | B9: 128.7 | C9: 134.4 | D9: 133.8 | E9: 121.8 | F9: 133.4 | G9: Иссык-Кульская область
A10: Нарын облусу | B10: 37.6 | C10: 43.1 | D10: 52.4 | E10: 61.5 | F10: 67.2 | G10: Нарынская область
A11: Ош облусу | B11: 31.8 | C11: 54.3 | D11: 67 | E11: 111.6 | F11: 182.7 | G11: Ошская область
A12: Талас облусу | B12: 14.3 | C12: 17.7 | D12: 19.8 | E12: 22 | F12: 30.6 | G12: Таласская область
A13: Чүй облусу | B13: 50.6 | C13: 93.7 | D13: 75.5 | E13: 100.6 | F13: 477 | G13: Чуйская область
A14: Бишкек ш. | B14: 748.7 | C14: 1281.6 | D14: 2015.8 | E14: 3217.3 | F14: 6694 | G14: г.Бишкек
A15: Ош ш. | B15: 55.5 | C15: 74.8 | D15: 215.1 | E15: 345 | F15: 398.9 | G15: г.Ош
A16: Жыйынтыкка карата пайыз менен - В процентах к итогу
A17: Кыргыз Республикасы | B17: 100 | C17: 100 | D17: 100 | E17: 100 | F17: 100 | G17: Кыргызская Республика
A18: Баткен облусу | B18: 1.2800134 | C18: 0.9 | D18: 0.71249826 | E18: 1.2220372 | F18: 0.9922606 | G18: Баткенская область
A19: Жалал-Абад облусу | B19: 9.4369614 | C19: 9.5 | D19: 9.6378423 | E19: 9.2114147 | F19: 6.7841053 | G19: Джалал-Абадская область
A20: Ысык-Көл облусу | B20: 10.767171 | C20: 7.1 | D20: 4.6503545 | E20: 2.7411442 | F20: 1.5409495 | G20: Иссык-Кульская область
A21: Нарын облусу | B21: 3.1456538 | C21: 2.3 | D21: 1.8212151 | E21: 1.3840753 | F21: 0.77625043 | G21: Нарынская область
A22: Ош облусу | B22: 2.66042 | C22: 2.9 | D22: 2.3286529 | E22: 2.5115902 | F22: 2.1104309 | G22: Ошская область
A23: Талас облусу | B23: 1.1963524 | C23: 1 | D23: 0.68816905 | E23: 0.49511635 | F23: 0.35347118 | G23: Таласская область
A24: Чүй облусу | B24: 4.2332469 | C24: 4.9 | D24: 2.624079 | E24: 2.264032 | F24: 5.5099919 | G24: Чуйская область
A25: Бишкек ш. | B25: 62.636995 | C25: 67.5 | D25: 70.061171 | E25: 72.406265 | F25: 77.324708 | G25: г.Бишкек
A26: Ош ш. | B26: 4.6431858 | C26: 3.9 | D26: 7.4760184 | E26: 7.7643246 | F26: 4.6078318 | G26: г.Ош
A28: 4.14. Башка тейлөө ишмердиктери боюнча рыноктук кызмат көрсөтүү- лөрдүн аймактар боюнча көлөмү | E28: Объем рыночных услуг в сфере прочей обслуживающей деятельности по территории
B30: 2021 | C30: 2022 | D30: 2023 | E30: 2024 | F30: 2025
B31: Млн. сом - Млн.сомов
A32: Кыргыз Республикасы | B32: 6398 | C32: 7968.2 | D32: 10219.3 | E32: 13890.7 | F32: 16978.1 | G32: Кыргызская Республика
A33: Баткен облусу | B33: 114.2 | C33: 129.8 | D33: 187.2 | E33: 201 | F33: 251.6 | G33: Баткенская область
A34: Жалал-Абад облусу | B34: 1239.6 | C34: 1716.4 | D34: 2416.8 | E34: 3040.8 | F34: 3624.4 | G34: Джалал-Абадская область
A35: Ысык-Көл облусу | B35: 1194.7 | C35: 1380.3 | D35: 1435.1 | E35: 1651.5 | F35: 2384.9 | G35: Иссык-Кульская область
A36: Нарын облусу | B36: 79.2 | C36: 94.4 | D36: 117 | E36: 133.8 | F36: 134.1 | G36: Нарынская область
A37: Ош облусу | B37: 245.8 | C37: 264.3 | D37: 355.9 | E37: 468.7 | F37: 556.9 | G37: Ошская область
A38: Талас облусу | B38: 71.5 | C38: 76.9 | D38: 78.8 | E38: 80.6 | F38: 85 | G38: Таласская область
A39: Чүй облусу | B39: 466.2 | C39: 475.4 | D39: 455.3 | E39: 594 | F39: 812.7 | G39: Чуйская область
A40: Бишкек ш. | B40: 2767.5 | C40: 3559.7 | D40: 4523.3 | E40: 5648 | F40: 6637.8 | G40: г.Бишкек
A41: Ош ш. | B41: 219.3 | C41: 271 | D41: 649.9 | E41: 2072.3 | F41: 2490.7 | G41: г.Ош
A42: Жыйынтыкка карата пайыз менен - В процентах к итогу
A43: Кыргыз Республикасы | B43: 100 | C43: 100 | D43: 100 | E43: 100 | F43: 100 | G43: Кыргызская Республика
A44: Баткен облусу | B44: 1.7849328 | C44: 1.6 | D44: 1.831828 | E44: 1.4470113 | F44: 1.481909 | G44: Баткенская область
A45: Жалал-Абад облусу | B45: 19.374805 | C45: 21.5 | D45: 23.649369 | E45: 21.890905 | F45: 21.347501 | G45: Джалал-Абадская область
A46: Ысык-Көл облусу | B46: 18.673023 | C46: 17.3 | D46: 14.043036 | E46: 11.88925 | F46: 14.046919 | G46: Иссык-Кульская область
A47: Нарын облусу | B47: 1.2378868 | C47: 1.2 | D47: 1.1448925 | E47: 0.96323439 | F47: 0.78984103 | G47: Нарынская область
A48: Ош облусу | B48: 3.8418256 | C48: 3.3 | D48: 3.482626 | E48: 3.3742 | F48: 3.2801079 | G48: Ошская область
A49: Талас облусу | B49: 1.1175367 | C49: 1 | D49: 0.77109 | E49: 0.58024434 | F49: 0.50064495 | G49: Таласская область
A50: Чүй облусу | B50: 7.2866521 | C50: 6 | D50: 4.4552954 | E50: 4.2762424 | F50: 4.7867547 | G50: Чуйская область
A51: Бишкек ш. | B51: 43.255705 | C51: 44.7 | D51: 44.262327 | E51: 40.660298 | F51: 39.096248 | G51: г.Бишкек
A52: Ош ш. | B52: 3.4 | C52: 3.4 | D52: 6.3595354 | E52: 14.918615 | F52: 14.670075 | G52: г.Ош

Sheet раздел 5. 5.1.,5.2
A1: Мазмуну | G1: Содержание
A2: 5. Транспорт кызматтары Услуги транспорта
A4: 5.1. Транспорттун түрлөрү боюнча жүк ташуудан түшкөн киреше | E4: Доходы от перевозок грузов по видам транспорта
A5: (млн. сом) | E5: (млн. сомов)
B6: 2021 | C6: 2022 | D6: 2023 | E6: 2024 | F6: 2025
A8: Транспорт-бардыгы | B8: 11196.9 | C8: 12953.1 | D8: 17224.1 | E8: 20682 | F8: 33577.6 | G8: Транспорт-всего
A9: анын ичинде: | G9: в том числе:
A10: Жерде жүрүүчу транспорт | G10: Наземный транспорт
A11: Темир жол | B11: 5716.9 | C11: 5328.7 | D11: 6897.1 | E11: 6906.2 | F11: 9765.9 | G11: Железнодорожный
A12: Автомобиль | B12: 5472.3 | C12: 7612.5 | D12: 9242.4 | E12: 9678.4 | F12: 13141.4 | G12: Автомобильный
A13: Аба транспорту | B13: 7.7 | C13: 11.9 | D13: 1084.6 | E13: 4097.4 | F13: 10670.3 | G13: Воздушный транспорт
A16: 5.2. Аймактар боюнча жүк ташуудан түшкөн киреше | E16: Доходы от перевозок грузов по территории
A17: (млн. сом) | E17: (млн. сомов)
B18: 2021 | C18: 2022 | D18: 2023 | E18: 2024 | F18: 2025
A20: Кыргыз Республикасы | B20: 11196.9 | C20: 12953.1 | D20: 17224.1 | E20: 20682 | F20: 33577.6 | G20: Кыргызская Республика
A21: Баткен облусу | B21: 168.2 | C21: 168.4 | D21: 169.4 | E21: 269.9 | F21: 272.6 | G21: Баткенская область
A22: Жалал-Абад облусу | B22: 129.4 | C22: 138.7 | D22: 149.1 | E22: 160.5 | F22: 219.2 | G22: Джалал-Абадская область
A23: Ысык-Көл облусу | B23: 265.5 | C23: 210.3 | D23: 229.1 | E23: 171.9 | F23: 318.6 | G23: Иссык-Кульская область
A24: Нарын облусу | B24: 447.2 | C24: 909.2 | D24: 1183.2 | E24: 2006.7 | F24: 3017.8 | G24: Нарынская область
A25: Ош облусу | B25: 73.2 | C25: 80.2 | D25: 87.1 | E25: 100 | F25: 128.6 | G25: Ошская область
A26: Талас облусу | B26: 1443.8 | C26: 2906.7 | D26: 3876.8 | E26: 2992.7 | F26: 3783.6 | G26: Таласская область
A27: Чүй облусу | B27: 951.6 | C27: 1002 | D27: 1086.1 | E27: 1091.8 | F27: 1602 | G27: Чуйская область
A28: Бишкек ш. | B28: 7472.2 | C28: 7277.6 | D28: 10174.1 | E28: 13598.7 | F28: 23930.2 | G28: г.Бишкек
A29: Ош ш. | B29: 245.8 | C29: 260 | D29: 269.2 | E29: 289.8 | F29: 305 | G29: г.Ош

Sheet 5.3.,5.4 
A2: Мазмуну | G2: Содержание
A3: 5.3. Транспорттун түрлөрү боюнча жүргүнчүлөрдү ташуудан түшкөн киреше | F3: Доходы от перевозок пассажиров по видам транспорта
A4: (млн. сом) | E4: (млн. сомов)
B5: 2021 | C5: 2022 | D5: 2023 | E5: 2024 | F5: 2025
A7: Транспорт-бардыгы | B7: 25020.6 | C7: 30982.8 | D7: 32014.4 | E7: 44175 | F7: 81209.1 | G7: Транспорт-всего
A8: анын ичинде: | G8: в том числе:
A9: Жерде жүрүүчу транспорт | G9: Наземный транспорт
A10: Темир жол | B10: 4002.6 | C10: 182.7 | D10: 251.8 | E10: 255.9 | F10: 312 | G10: Железнодорожный
A11: Автобус | B11: 5789.9 | C11: 6005.8 | D11: 6593.1 | E11: 7503.3 | F11: 5030.1 | G11: Автобусы
A12: Троллейбус | B12: 265 | C12: 392.3 | D12: 409 | E12: 533.2 | F12: 70.5 | G12: Троллейбусы
A13: Такси | B13: 11330.8 | C13: 12587.1 | D13: 14108.2 | E13: 16457.4 | F13: 18575.1 | G13: Такси
A14: Аба транспорту | B14: 3632.3 | C14: 11815 | D14: 10652.3 | E14: 19425.2 | F14: 57221.5 | G14: Воздушный транспорт
A17: 5.4. Аймактар боюнча жүргүнчүлөрдү ташуудан түшкөн киреше | E17: Доходы от перевозок пассажиров по территории
A18: (млн. сом) | E18: (млн. сомов)
B19: 2021 | C19: 2022 | D19: 2023 | E19: 2024 | F19: 2025
